Workbook
Name CL: 'C'!$B$2:$B$250
Name LN: L!$D$1:$M$1
Name Metal: 'Smelter List'!$W$3:$Z$3
Name MetalSmelter: 'Smelter Look-up'!#REF!
Name SL: Declaration!$P$3
Name SmelterID: 'Smelter Look-up'!#REF!
Name SmelterIdetifiedForMetal: 'Smelter List'!$B$5:$B$2491
Name SN: OFFSET('Smelter Look-up'!$B$4,MATCH(!$B1,'Smelter Look-up'!$A:$A,0)-4,0,COUNTIF('Smelter Look-up'!$A:$A,!$B1),1)
Name Z_51531B83_BDD7_4890_A744_04812A317369_.wvu.Cols: Checker!$E:$M
Name Z_51531B83_BDD7_4890_A744_04812A317369_.wvu.Cols: Declaration!$L:$W
Name Z_51531B83_BDD7_4890_A744_04812A317369_.wvu.Cols: 'Smelter List'!$R:$AM
Name Z_51531B83_BDD7_4890_A744_04812A317369_.wvu.Cols: 'Smelter Look-up'!#REF!
Name Z_51531B83_BDD7_4890_A744_04812A317369_.wvu.PrintArea: Declaration!$A$1:$L$92
Name Z_51531B83_BDD7_4890_A744_04812A317369_.wvu.PrintTitles: Declaration!$1:$6
Name Z_51531B83_BDD7_4890_A744_04812A317369_.wvu.PrintTitles: 'Product List'!$5:$5
Name Z_51531B83_BDD7_4890_A744_04812A317369_.wvu.PrintTitles: 'Smelter List'!$4:$4
Name Z_51531B83_BDD7_4890_A744_04812A317369_.wvu.Rows: Checker!$61:$61
Name Z_51531B83_BDD7_4890_A744_04812A317369_.wvu.Rows: Declaration!$94:$109
Name Z_81CF54B1_70AB_4A68_BB72_21925B5D4874_.wvu.Cols: Declaration!$M:$U
Name Z_81CF54B1_70AB_4A68_BB72_21925B5D4874_.wvu.Cols: Definitions!#REF!
Name Z_81CF54B1_70AB_4A68_BB72_21925B5D4874_.wvu.Cols: Instructions!#REF!
Name Z_81CF54B1_70AB_4A68_BB72_21925B5D4874_.wvu.Cols: 'Smelter List'!$V:$Y

Sheet Revision
B2: DOCUMENT TITLE
B3: Conflict Minerals Reporting Template
B4: SHEET
B5: 1 of 8
B9: REVISION HISTORY
B10: A change in the first digit of the revision number (e.g., 1.0 to 2.0) signifies a set of major improvements have occurred which will likely include different data reporting requirements. Changes to the first or second decimal place (e.g., “2.01” to “2.02”) indicate only minor changes have been made to the template which are not expected to result in substantial changes to the data being reported. The addition of a letter (e.g., “a”, or “b”, or “c”) following the revision number indicate that only the standard smelter list has been updated from the prior version.
B12: REVISION | C12: ORIGINATOR | D12: RELEASE DATE | E12: DESCRIPTION OF FUNCTIONAL CHANGE | F12: UPDATES TO SMELTER LIST
B13: 1 | C13: Jared Connors, Intel | D13: July 19th, 2011 | E13: New Release
B14: 2 | C14: Jared Connors, Intel | D14: Aug 29th, 2012 | E14: Major update to functionality including: addition of the known smelter list, addition of declaration scope including product tab, and added and modified multiple questions and / or their responses. | F14: New.
B15: 2.01 | C15: Jared Connors, Intel | D15: Dec 21st, 2012 | E15: List of changes to the template functionality: 1. Modified Smelter List tab to prevent smelter rows from wrapping text. This was being caused by the hidden formula in column A which allows for a software vendor to easily grab the smelter IDs. 2. Changed protection settings on the Smelter List tab to allow users to delete rows. This allows users to delete rows with incorrect entries within the smelter tab. Ensured that columns could not be mistakenly deleted in the process. | F15: 1. Added “CV DS Jaya Abadi” an alias to “PT Stanindo Inti Perkasa” 2. Added “Mentok” as an alias to “PT Tambang Timah” 3. Corrected spelling of "Duoluoshan" id # 3CHN001 4. Corrected spelling of "Mitsubishi Materials Corporation" id # 1JPN039 5. Changed “Gejiu Non-ferrous” to its proper name “Geiju Non-Ferrous Metal Processing Co. Ltd.” 6. Changed “Mitsubishi Material” to its proper name “Mitsubishi Materials Corporation” 7. Changed “Niotan” to “Kemet Blue Powder” 8. Added “Nihon Material Co. LTD” as a gold refiner 9. Added “Aida Chemical Industries Co. Ltd.” as a gold refiner 10. Added “Asaka Riken Co Ltd” as a gold refiner
F16: 11. Added “Kojima Chemical” as a gold refiner 12. Added “Sabin” as a gold refiner 13. Added “United Precious Metal Refining Inc.” as a gold refiner 14. Added “Yokohama Metal Co Ltd” as a gold refiner 15. Added “CNMC (Guangxi) PGMA Co., Ltd.” as a tin refiner 16. Added “Conghua Tantalum and Niobium Smeltry” as a tantalum refiner 17. Removed “Tantalite Resources” as a refinery 18. Added “Minmetals Ganzhou Tin Co. Ltd.” as a tin refinery 19. Updated “ATI Metalworking Products” to its proper full name “ATI Tungsten Materials” 20. Updated “China Minmetals Corp.” to its proper full name “China Minmetals Nonferrous Metals Co Ltd”
F17: 21. Removed “Ganzhou Huaxing Tungsten” as a smelter 22. Removed “Ganzhou Nonferrous Metals Smelting Co Ltd.” as a smelter 23. Removed “Sichuan Metals & Materials Imp & Exp Co as a tungsten smelter 24. Added “Ganzhou Grand Sea W & Mo Group Co., Ltd.” as a tungsten smelter 25. Added “Hunan Chenzhou Mining Group Co” as a tungsten smelter 26. Added “Japan New Metals Co Ltd” as a tungsten smelter 27. Added “Zhuzhou Cemented Carbide Group Co Ltd” as a tungsten smelter
B18: 2.02 | C18: Jared Connors, Intel | D18: March 29th, 2013 | E18: 1. Added new selection to the metals dropdown lists of smelter list tab “Smelter not yet identified” 2. Moved “smelter not listed” to the bottom of each metals dropdown list 3. Fixed error in Checker sheet to eliminate display of text “one or more smelters have been added to smelter list” when rows are deleted 4. Rewrite of T&Cs 5. Adding Italian translation 6. Allow for deletion of rows in Smelter List tab 7. Removed hover over text in column C of Smelter List tab 8. Inserted additional rows for data entry on the Smelter List tab up to 2,500 rows 9. Made smelter ID numbers visible in Smelter List tab 10. Made template revision history tab visible | F18: 1. Added the following aliases to Ohio Precious Metals “OPM Metals”, “USPM”, “United States Precious Metals” 2. Added “ALMT” as tungsten smelter 3. Added “Suzhou Xingrui Noble” as gold smelter 4. Added “Shangdong Zhaojin Group” as an alias of “Shandong Zhaojin Gold & Silver Refinery Co., Ltd” 5. Added “Shandong Zhaoyuan Gold Argentine refining company limited” as an alias of “Zhongyuan Gold Smelter of Zhongjin Gold Corporation” 6. Added “SEMPSA” as an alias for “SEMPSA Joyeria Plateria SA” 7. Added “Umicore Brazil Ltd” as an alias for “Umicore Brasil Ltda” 8. Added “Pan Pacific Copper Co., LTD.” as a gold smelter 9. Added “White Solder Metalurgia” as a tin smelter 10. Added “JiuJiang JinXin Nonferrous Metals Co. Ltd.” as a tantalum smelter
E19: 11. Removed language selection from individual tabs, all controlled on Declaration tab 12. Updated template to prevent users from adding tabs to the worksheet 13. Added statement at the top of the revision history tab clarifying purpose of .0x revision updates | F19: 11. Corrected spelling of “jiujiang Tanbre” to “JiuJiang Tambre Co. Ltd.” 12. Added Torecom as a gold smelter 15. Added “PT Tinindo Internusa” as alias of “PT Tinindo Inter Nusa” 16. Added “CV Jus Tindo” as alias of “CV JusTindo” 17. Added “PT Bellitin Makmur Lestari” and “BML” as alias of “PT BilliTin Makmur Lestari” 18. Added “Liuzhou China Tin Group Co., Ltd.” as alias of “Liuzhou China Tin” 19. Added “PT Timah (Persero) TBK” and “Banka Tin” as alias of “PT Tambang Timah” 20. Added “Yun Nan Tin Co.,LTD” as alias of “Yunnan Tin Company Limited”
F20: 21. Added “GEJIU ZILI MINING&SMELTING CO.,LTD.” as alias of “Gejiu Zi-Li” 22. Added “Jiangxi Tungsten Co Ltd” as alias of “Jiangxi Tungsten Industry Group Co Ltd” 23. Added “Linwu Xianggui” as a tin smelter 24. Added "IMLI" and “Indra Eramulti Logam” as aliases of “PT Bukit Timah” 25. Added “CV Gita Pesona” as tin smelter 26. Added “PT Tommy Utama” as tin smelter 27. Added “PT Bangka Tin Industry” as tin smelter 28. Added “PT DS Jaya Abadi” as tin smelter 29. Added “PT Panca Mega” as tin smelter 30. Added “PT Seirama Tin investment” as tin smelter
F21: 31. Added “PT Karimun Mining” as tin smelter 32. Added “Cooper Santa” as tin smelter 33. Added “Daejin Indus Co. Ltd” as gold smelter 34. Added “DaeryongENC” as gold smelter 35. Added “Do Sung Corporation” as gold smelter 36. Added “Hwasung CJ Co. Ltd” as gold smelter 37. Added “Korea Metal” as gold smelter 38. Added “SAMWON METALS Corp.” as gold smelter
B22: 2.03 | C22: Akimasa Yamakawa, JEITA / John Plyler, BlackBerry | D22: July 12th, 2013 | E22: 1. Resolved Excel 2003 incompatibility with programming for multiple languages. 2. Minor corrections to row number references in the instructions. 3. Added translation on checker sheet for the Column Name “Hyperlink to Source” 4. Corrected Japanese translation of "authorized representative" and "representative" on Declaration worksheet. 5. Adjusted row spacing of misc cells to allow for different lengths of translated text and comments. 6. Removed the symbols for the metals on the standard smelter list (e.g., "Sn"). 7. Deleted text "If no for all metals, you are done with this survey." from question 1 on the Declaration worksheet. | F22: 1. Added “Fujian Jinxin Tungsten Co., Ltd.” as tungsten refiner 2. Added “Dayu Weiliang Tungsten Co., Ltd.” as tungsten refiner 3. Added “Xinhai Rendan Shaoguan Tungsten Co., Ltd.” as tungsten refiner 4. Added “Hunan Chun-Chang Nonferrous Smelting & Concentrating Co., Ltd.” as tungsten refiner 5. Added “Jiangxi Minmetals Gao'an Non-ferrous Metals Co., Ltd.” as tungsten refiner 6. Corrected the spelling of "Allydne" to "Alldyne" 7. Corrected the spelling of "Allydne Powder Technologies" to "Alldyne Powder Technologies" 8. Corrected the spelling of "Korea Metal" to "Korea Metal Co. Ltd" 9. Added "LMS Brasil S.A." as tantalum smelter 10. Added "QuantumClean" as tantalum smelter
F23: 11. Added "Taki Chemicals" as tantalum smelter 12. Added "Tantalite Resources" as tantalum smelter 13. Corrected naming inconsistency of “Ohio Precious Metals LLC.” on standard smelter list and alias table. 14. Corrected naming inconsistency of “The Refinery of Shandong Gold Mining Co., Ltd” on standard smelter list and alias table. 15. Added "Molycorp Silmet" as tantalum smelter 16. Added "King-Tan Tantalum Industry Ltd" as tantalum smelter 17. Added "CooperMetal" as an alias of "Coopersanta" 18. Corrected the spelling of "Malaysia Smelting Corp" to "Malaysia Smelting Corporation (MSC)" 19. Corrected the spelling of "Asahi Pretec Corp" to "Asahi Pretec Corporation" 20. Corrected the spelling of "United Precious Metal Refining Inc." to “United Precious Metal Refining, Inc.”
F24: 21. Added "Fenix Metals" as tin smelter 22. Changed alias “Bangka Tin” from “PT Tambang Timah” to “PT Timah” 23. Added “Ketapang” as an alias of “PT Bangka Putra Karya” 24. Corrected the Smelter ID of Cooper Santa from “2IDN063” to “2BRA063” 25. Added "Kundur" as an alias of “PT Tambang Timah” 26. Added “TT” as an alias of “PT Tambang Timah” 27. Added "CooperMetal" as an alias of "Coopersanta" 28. Corrected spelling of “CV Prima Timah Utama” to “PT Prima Timah Utama”.
B25: 2.03a | C25: John Plyler, BlackBerry | D25: July 25th, 2013 | E25: No functional change. | F25: 1. Corrected the spelling of "ALMT" to "A.L.M.T. Corp." 2. Added "A.L.M.T. Tungsten Corp", "Allied Material Corp", and "ALMT" as aliases of "A.L.M.T. Corp." 3. Corrected country of "A.L.M.T. Corp." to "Japan" and smelter ID to "4JPN020" 4. Changed alias "Wolfram" for "Wolfram Company CJSC" to "Wolfram [Russia]" 5. Added "Wolfram [Austria]" as an alias of "Wolfram Bergbau und Hütten AG" 6. Added "Kennametal Inc." as a tungsten refiner 7. Added "Kennametal" as an alias of "Kennametal Inc."
B26: 3 | C26: Akimasa Yamakawa, JEITA, and John Plyler, BlackBerry, under the direction of the CFSI Due Diligence Workgroup | D26: April 9th, 2014 | E26: Major update to synchronize the CFSI CMRT with the data fields in the newly published IPC-1755 Standard. Changes include: 1. Addition of new company information fields. 2. Two additional due diligence questions and removal of one. 3. Minor changes to question text throughout. 4. Expansion of instructions and definitions. 5. Updated translations of all modified text. | F26: Added the following gold refiners: 1. Bauer Walser AG 2. C. Hafner GmbH + Co. KG 3. China National Gold Group Corporation 4. Colt Refining 5. Daye Non-Ferrous Metals Mining Ltd. 6. Doduco 7. Eco-System Recycling Co., Ltd. 8. Gansu Seemine Material Hi-Tech Co Ltd 9. Guangdong Jinding Gold Limited 10. Hangzhou Fuchunjiang Smelting Co., Ltd.
F27: 11. Hunan Chenzhou Mining Industry Group 12. Kennecott Utah Copper LLC 13. Lingbao Jinyuan Tonghui Refinery Co. Ltd. 14. Luoyang Zijin Yinhui Metal Smelt Co Ltd 15. Metalor Technologies (Singapore) Pte. Ltd. 16. Ohura Precious Metal Industry Co., Ltd 17. Penglai Penggang Gold Industry Co Ltd 18. So Accurate Group, Inc. 19. Tongling nonferrous Metals Group Co.,Ltd 20. Umicore Precious Metals Thailand
F28: 21. YAMAMOTO PRECIOUS METAL CO., LTD. 22. Yunnan Copper Industry Co Ltd
F29: Added the following tantalum smelters: 1. Changsha South Tantalum Niobium Co Ltd 2. Guangdong Zhiyuan New Material Co., Ltd. 3. Hengyang King Xing Lifeng New Materials Co., LTD 4. Metallurgical Products India (Pvt.) Ltd. 5. Mineração Taboca S.A. 6. Shanghai Jiangxi Metals Co. Ltd 7. Yichun Jin Yang Rare Metal Co., Ltd
F30: Added the following tin smelters: 1. China Rare Metal Materials Company 2. Estanho de Rondônia S.A. 3. Magnu's Minerais Metais e Ligas LTDA 4. O.M. Manufacturing (Thailand) Co., Ltd. 5. Rui Da Hung 6. Soft Metais Ltda.
F31: Added the following tungsten refiners: 1. Ganzhou Jiangwu Ferrotungsten Co., Ltd. 2. Jiangxi Gan Bei Tungsten Co., Ltd. 3. Jiangxi Richsea New Materials Co., Ltd. 4. Jiangxi Tonggu Non-ferrous Metallurgical & Chemical Co., Ltd. 5. Jiangxi Xinsheng Tungsten Industry Co., Ltd. 6. Jiangxi Yaosheng Tungsten Co., Ltd. 7. Malipo Haiyu Tungsten Co., Ltd. 8. Xiamen Tungsten (H.C.) Co., Ltd.
F32: Removed the following as gold refiners: 1. Central Bank of the DPR of Korea 2.Codelco 3. Suzhou Xingrui Noble Removed "Gannon & Scott" as a tantalum smelter
F33: Removed the following as tin smelters: 1. CV Duta Putra Bangka 2. CV Gita Pesona 3. CV JusTindo 4. CV Makmur Jaya 5. CV Nurjanah 6. Gold Bell Group 7. PT Alam Lestari Kencana 8. PT Babel Surya Alam Lestari 9. PT Bangka Kudai Tin 10. PT Bangka Timah Utama Sejahtera
F34: 11. PT BilliTin Makmur Lestari 12. PT Fang Di MulTindo 13. PT HP Metals Indonesia 14. PT Koba Tin 15. PT Panca Mega 16. PT Seirama Tin investment 17. PT Sumber Jaya Indah 18. PT Timah Nusantara 19. PT Tommy Utama 20. PT Yinchendo Mining Industry
F35: Removed the following as tungsten refiners: 1. China Minmetals Nonferrous Metals Co Ltd 2. Ganzhou Grand Sea W & Mo Group Co Ltd
F36: Changed numerous Standard Smelter Names, including: 1. "Pan Pacific Copper Co. LTD" to "JX Nippon Mining & Metals Co., Ltd" 2. "Xstrata Canada Corporation" to "CCR Refinery – Glencore Canada Corporation" 3. "PT Refined Banka Tin" to "PT Refined Bangka Tin" 4. "ATI Tungsten Materials" to "Kennametal Huntsville" 5. "Jiangxi Rare Earth & Rare Metals Tungsten Group Corp" to "Ganzhou Non-ferrous Metals Smelting Co., Ltd." 6. "Kennametal Inc." to "Kennametal Fallon" 7. "Chaozhou Xianglu Tungsten Industry Co Ltd" to "Guangdong Xianglu Tungsten Industry Co., Ltd." Changed numerous "Alias" names of smelters and refiners.
B37: 3.01 | C37: Akimasa Yamakawa, JEITA, and John Plyler, BlackBerry, under the direction of the CFSI Due Diligence Workgroup | D37: May 30th, 2014 | E37: 1. Removed the ability to overwrite the “Declaration Scope or Class” field. Users are restricted to only use the drop-down options. 2. Addressed issue with Checker incorrectly showing “Description of Scope” as missing data when a user selects “B. Product (or List of Products)” as the Declaration Scope. 3. Programmed Checker to show missing data when response to question B is "Yes", unless a url is entered the corresponding "Comments" field. | F37: 1. Added the tin smelter "Melt Metais e Ligas S/A" 2. Added the tungsten refiner "Vietnam Youngsun Tungsten Industry Co., Ltd" 3. Corrected the name of tin smelter "Liuzhou China Tin" to "China Tin Group Co., Ltd." 4. Corrected the name of tin smelter "PT Timah" to "PT Timah (Persero), Tbk"
B38: 3.02 | C38: John Plyler, BlackBerry, under the direction of the CFSI Due Diligence Data Collection Workgroup | D38: Nov 7th, 2014 | E38: 1. Revisions to the German language translation throughout. 2. Correction of the Japanese language translation for Question 4 on the Declaration worksheet. | F38: This version incorporates numerous changes to the smelter list as reflected in the Standard Smelter List as of November 7, 2014. The latest version of the Standard Smelter List is available at: http://www.conflictfreesourcing.org.
B39: 4 | C39: CFSI Due Diligence Data Collection Workgroup | D39: Apr 30th, 2015 | E39: Replaced the Standard Smelter Names tab with the Smelter Reference List tab, displaying common alternate names for smelters as well as location information. Major update to synchronize the CFSI CMRT with the data fields in the newly revised IPC-1755 Standard. Changes include: 1. Changes to question text throughout. 2.Expansion of instructions and definitions. 3. Updated translations of all modified text. | F39: This version incorporates numerous changes to the smelter list as reflected in the Standard Smelter List as of April 17, 2015. The latest version of the Standard Smelter List is available at: http://www.conflictfreesourcing.org.
B40: 4.01 | C40: CFSI Due Diligence Data Collection Workgroup | D40: June 12th, 2015 | E40: Minor revisions to correct reported issues including those related to error checking on the "Checker" and “Smelter List” tabs. | F40: This version incorporates a few changes to the smelter list as reflected in the Standard Smelter List as of June 12, 2015. The latest version of the Standard Smelter List is available at: http://www.conflictfreesourcing.org.
B41: 4.01a | C41: CFSI Due Diligence Data Collection Workgroup | D41: August 6th, 2015 | E41: No functional change. Elemetal CID corrected to read CID001322. | F41: This version incorporates a few changes to the smelter list as reflected in the Standard Smelter List as of August 5, 2015. The latest version of the Standard Smelter List is available at: http://www.conflictfreesourcing.org.
B42: 4.01b | C42: CFSI Due Diligence Data Collection Workgroup | D42: November 16th, 2015 | E42: No functional change. | F42: This version incorporates a few changes to the smelter list as reflected in the Standard Smelter List as of November 6, 2015. The latest version of the Standard Smelter List is available at: http://www.conflictfreesourcing.org.
B43: 4.1 | C43: CFSI CMRT Team | D43: 42867 | E43: 1. Corrections to all bugs and errors 2. Enhancements which do not conflict with IPC-1755 a. Additions and clarifications in the instructions and definitions b. Smelter List Tab: Re-introduction of “smelter not yet identified” c. Smelter List Tab: Inclusion of drop down menu for smelter ID that triggers auto-population of columns B to J 3. Translation improvements and addition of Turkish language 4. Updates to the Smelter Reference List and Standard Smelter List a. Updated lists and corrections b. ASCII character set alignment | F43: This version incorporates a few changes to the smelter list as reflected in the Standard Smelter List as of March 23, 2016. The latest version of the Standard Smelter List is available at: http://www.conflictfreesourcing.org.
B44: 4.2 | C44: CFSI CMRT Team | D44: 42704 | E44: 1. Corrections to all bugs and errors 2. Enhancements which do not conflict with IPC-1755 a. Additions and clarifications in the instructions and definitions b. Update to ISO short names for countries 3. Translation improvements 4. Updates to the Smelter Reference List and Standard Smelter List | F44: This version incorporates a few changes to the smelter list as reflected in the Standard Smelter List as of October 6, 2016. The latest version of the Standard Smelter List is available at: http://www.conflictfreesourcing.org/conflict-free-smelter-program/exports/cmrt-export/.
B45: 5 | C45: CFSI CMRT Team | D45: 42867 | E45: 1. Corrections to all bugs and errors 2. Conformance to IPC-1755 in the wording of the following questions: Q. 1, Q. 2, Q. 5, A, F, I (formerly J); removal of former question G a. Additions and clarifications in the instructions and definitions b. Update to ISO short names for countries 3. Conformance to IPC-1755 use of ASCII character set for Standard Smelter Name in hidden column R on the smelter list 4. Addition of ISO Country Codes and State/Province Codes in hidden columns S and T on the smelter list 5. Renaming of "Smelter Reference List" to "Smelter Look-up" 6. Updates to translations for all modified text 7. Updates to the Smelter Look-up List and Standard Smelter List | F45: This version incorporates a few changes to the smelter list as reflected in the Standard Smelter List as of March 17, 2017. The latest version of the Standard Smelter List is available at: http://www.conflictfreesourcing.org/conflict-free-smelter-program/exports/cmrt-export/.
B46: 5.01 | C46: CFSI CMRT Team | D46: 42907 | E46: 1. Corrections to checker tab errors | F46: This version incorporates a few changes to the smelter list as reflected in the Standard Smelter List as of March 17, 2017. The latest version of the Standard Smelter List is available at: http://www.conflictfreesourcing.org/conflict-free-smelter-program/exports/cmrt-export/.
B47: 5.1 | C47: CFSI CMRT Team | D47: 43070 | E47: 1. Corrections to all bugs and errors 2. Enhancements which do not conflict with IPC-1755 a. Update to ISO short names for countries, states / provinces 3. Updates to the Smelter Reference List and Standard Smelter List 4. Change to .xlsx format | F47: This version incorporates a few changes to the smelter list as reflected in the Standard Smelter List as of September 29, 2017. The latest version of the Standard Smelter List is available at: http://www.conflictfreesourcing.org/conflict-free-smelter-program/exports/cmrt-export/.
B48: 5.11 | C48: RMI MRT Team | D48: 43217 | E48: 1. Corrections to all bugs and errors 2. Enhancements which do not conflict with IPC-1755 a. Update to ISO short names for countries, states / provinces 3. Updates to the Smelter Reference List and Standard Smelter List | F48: This version incorporates a few changes to the smelter list as reflected in the Standard Smelter List as of March 6, 2018. The latest version of the Standard Smelter List is available at: http://www.responsiblemineralsinitiative.org/responsible-minerals-assurance-process/exports/cmrt-export/.
B49: 5.12 | C49: RMI MRT Team | D49: 43581 | E49: 1. Corrections to all bugs and errors 2. Enhancements which do not conflict with IPC-1755 a. Update to ISO short names for countries, states / provinces 3. Updates to the Smelter Reference List and Standard Smelter List | F49: This version incorporates a few changes to the smelter list as reflected in the Standard Smelter List as of February 27, 2019. The latest version of the Standard Smelter List is available at: http://www.responsiblemineralsinitiative.org/responsible-minerals-assurance-process/exports/cmrt-export/.
B50: 6 | C50: RMI MRT Team | D50: 43964 | E50: 1. Corrections to all bugs and errors 2. Conformance to IPC-1755, which incorporated EU Conflict Minerals Regulation, in the wordings of the following questions: Q 4 (newly added), Q H(formerly Q I), removal of former question C a. Update to ISO short names for countries, states / provinces 3. Updates to the Smelter Reference List and Standard Smelter List | F50: This version incorporates a few changes to the smelter list as reflected in the Standard Smelter List as of March 3, 2020. The latest version of the Standard Smelter List is available at: http://www.responsiblemineralsinitiative.org/responsible-minerals-assurance-process/exports/cmrt-export/.
B51: 6.01 | C51: RMI MRT Team | D51: 43970 | E51: 1. Minor revisions to correct reported issues including those related to “Product List” tab. | F51: This version incorporates a few changes to the smelter list as reflected in the Standard Smelter List as of March 3, 2020. The latest version of the Standard Smelter List is available at: http://www.responsiblemineralsinitiative.org/responsible-minerals-assurance-process/exports/cmrt-export/.
B52: 6.1 | C52: RMI MRT Team | D52: 44314 | E52: 1. Corrections to all bugs and errors 2. Updates to Smelter Reference List and Standard Smelter List 3. Translation improvements | F52: This version incorporates a few changes to the smelter list as reflected in the Standard Smelter List as of February 19, 2021. The latest version of the Standard Smelter List is available at: http://www.responsiblemineralsinitiative.org/responsible-minerals-assurance-process/exports/cmrt-export/.
B53: 6.2 | C53: RMI MRT Team | D53: 44678 | E53: 1. Corrections to all bugs and errors 2. Updates to Smelter Reference List and Standard Smelter List 3. Translation improvements | F53: This version incorporates a few changes to the smelter list as reflected in the Standard Smelter List as of February 24, 2022. The latest version of the Standard Smelter List is available at: http://www.responsiblemineralsinitiative.org/responsible-minerals-assurance-process/exports/cmrt-export/.
B54: 6.21 | C54: RMI MRT Team | D54: 44687 | E54: 1. Minor revisions to correct reported issues including those related to “Smelter List” tab. | F54: This version incorporates a few changes to the smelter list as reflected in the Standard Smelter List as of February 24, 2022. The latest version of the Standard Smelter List is available at: http://www.responsiblemineralsinitiative.org/responsible-minerals-assurance-process/exports/cmrt-export/.
... B59: 6.5 | C59: RMI MRT Team | D59: 45772 | E59: 1. Updates to Smelter Reference List and Standard Smelter List | F59: This version incorporates changes to the smelter list as reflected in the Standard Smelter List as of March 5, 2025. The latest version of the Standard Smelter List is available at: https://www.responsiblemineralsinitiative.org/facilities-lists/smelter-reference-lists-export/.
B60: =OFFSET(L!$C$1,MATCH("General"&"Cpy",L!$A:$A,0)-1,SL,,) -> © 2025 Responsible Minerals Initiative. All rights reserved.

Sheet Instructions
A1: =OFFSET(L!$C$1,MATCH("Instructions"&ADDRESS(ROW(),COLUMN(),4),L!$A:$A,0)-1,SL,,) -> Site Internet du RMI: (www.responsiblemineralsinitiative.org) Formations, recommandations, modèles, liste des fonderies conformes au programme fonderie sans conflit
A2: =OFFSET(L!$C$1,MATCH("Instructions"&ADDRESS(ROW(),COLUMN(),4),L!$A:$A,0)-1,SL,,) -> Introduction
A3: =OFFSET(L!$C$1,MATCH("Instructions"&ADDRESS(ROW(),COLUMN(),4),L!$A:$A,0)-1,SL,,) -> Ce modèle de rapport sur les minerais de conflit (le modèle) est un modèle de rapport standardisé gratuit créé par la Responsible Business Alliance® (RBA®). Ce modèle facilite le transfert d’informations à travers la chaîne d’approvisionnement sur le pays d’origine du minerai et les fonderies et affineries utilisées, et soutient la conformité à la législation*. Ce modèle facilite également l’identification de nouvelles fonderies et affineries susceptibles de faire l’objet d’un audit via le programme des fonderies hors conflits (Responsible Minerals Assurance Process)**. Le CMRT a été conçu pour que les sociétés en aval divulguent des informations sur leurs chaînes d’approvisionnement jusqu’à la fonderie, sans toutefois inclure cette dernière. Si vous exploitez une fonderie ou une affinerie 3TG, conformément aux protocoles RMAP, nous vous recommandons de saisir votre propre nom à l’onglet de la liste des fonderies. Lorsque vous remplirez le formulaire, veillez à ce qu’aucune des entrées dans les cellules ne commence par « = » ou « #. »
A4: =OFFSET(L!$C$1,MATCH("Instructions"&ADDRESS(ROW(),COLUMN(),4),L!$A:$A,0)-1,SL,,) -> * En 2010, la loi américaine Dodd-Frank sur la réforme de Wall Street et la protection des consommateurs a été adoptée concernant les « minerais issus de conflits » provenant de la République Démocratique du Congo (RDC) ou des pays voisins. La SEC a publié les règles finales associées à la divulgation de l’origine des minerais issus de conflits par des entreprises américaines cotées en bourse (voir les règles sur le site http://www.sec.gov/rules/final/2012/34-67716.pdf). Les règles font référence aux directives de diligence raisonnable de l’OCDE pour un approvisionnement responsable en minéraux dans les zones touchées par des conflits et à haut risque, (http://www.oecd.org/daf/inv/mne/GuidanceEdition2.pdf), qui guident les fournisseurs pour l’établissement des politiques, des cadres de diligence raisonnable et des systèmes de gestion. En 2017, le Règlement (UE) 2017/821 du Parlement européen et du Conseil européen du 17 mai 2017 a été adopté concernant les obligations de diligence raisonnable de la chaîne d’approvisionnement pour les importateurs d’étain, de tantale et de tungstène de l’Union, de leurs minéraux et de l’or, en provenance des zones touchées par des conflits et à haut risque (voir la réglementation à l’adresse https://eur-lex.europa.eu/legal-content/EN/TXT/PDF/?uri=OJ:L:2017:130:FULL&from=EN) ** Voir les informations sur la Responsible Minerals Initiative (Initiative pour les minerais responsables) (www.responsiblemineralsinitiative.org).
A6: =OFFSET(L!$C$1,MATCH("Instructions"&ADDRESS(ROW(),COLUMN(),4),L!$A:$A,0)-1,SL,,) -> Instructions pour compléter les informations relatives à votre entreprise (lignes 8 - 22). Merci de répondre en anglais uniquement.
A7: =OFFSET(L!$C$1,MATCH("Instructions"&ADDRESS(ROW(),COLUMN(),4),L!$A:$A,0)-1,SL,,) -> Remarque : les astérisques (*) marquent des champs obligatoires
A8: =OFFSET(L!$C$1,MATCH("Instructions"&ADDRESS(ROW(),COLUMN(),4),L!$A:$A,0)-1,SL,,) -> 1. Insérez la dénomination sociale de votre société. Merci de ne pas utiliser d’abréviations. Dans ce champ, vous avez la possibilité d’ajouter d’autres noms commerciaux, raisons sociales, etc.
A9: =OFFSET(L!$C$1,MATCH("Instructions"&ADDRESS(ROW(),COLUMN(),4),L!$A:$A,0)-1,SL,,) -> 2. Sélectionnez la portée de la déclaration de votre société. Les options de portée sont les suivantes : A. Pour l’ensemble de la société B. Produit (ou liste de produits) C. définie par l’utilisateur pour l’option « pour l’ensemble de la société », la déclaration englobe la totalité des produits de la société ou substances du produit fabriqué par la société mère. Si l’utilisateur déclare des données concernant des minerais de conflit à l’échelle de la société, il déclarera les données des minerais de conflit sur tous les produits qu’il fabrique. Pour la sélection de la portée du produit (ou de la liste de produits), un lien vers l’onglet de la feuille de travail de liste des produits sera affiché. Si cette portée est sélectionnée, il est obligatoire de mentionner le numéro de produit du répondant pour les produits couverts par cette déclaration dans la colonne B de la feuille de travail de liste des produits. Il n’est pas obligatoire de mentionner le nom de produits du répondant dans la colonne C de la feuille de travail de liste de produits. En sélectionnant la portée « définie par l’utilisateur », l’utilisateur doit décrire la portée applicable à la déclaration de métaux de conflit. La catégorie définie par l’utilisateur permet à un utilisateur de décrire la portée applicable à la déclaration de minerais de conflit. La portée de cette catégorie doit être définie dans une case de saisie, comme convenu entre le fournisseur et le demandeur. Cette déclaration peut s’appliquer à une division particulière de la société ou à une catégorie de produits. Une catégorie de produits est un groupe de produits qui peut être décrit par un terme générique reconnu à l’échelle sectorielle (par ex. les condensateurs). En utilisant cette catégorie, l’utilisateur fournira des réponses à la liste de demandes pour chacun des 3TG utilisés dans les produits de la catégorie définie par l’utilisateur. Ce champ est obligatoire.
A10: =OFFSET(L!$C$1,MATCH("Instructions"&ADDRESS(ROW(),COLUMN(),4),L!$A:$A,0)-1,SL,,) -> 3. Indiquer un identifiant unique de votre entreprise (numéro DUNS, numéro TVA, etc…)
A11: =OFFSET(L!$C$1,MATCH("Instructions"&ADDRESS(ROW(),COLUMN(),4),L!$A:$A,0)-1,SL,,) -> 4. Indiquer le type d'identifiant utilisé (numéro DUNS, numéro TVA, etc…)
A12: =OFFSET(L!$C$1,MATCH("Instructions"&ADDRESS(ROW(),COLUMN(),4),L!$A:$A,0)-1,SL,,) -> 5. Indiquer l’adresse complète de votre entreprise (rue, ville, pays, code postal,…). Ce champ est optionnel.
A13: =OFFSET(L!$C$1,MATCH("Instructions"&ADDRESS(ROW(),COLUMN(),4),L!$A:$A,0)-1,SL,,) -> 6. Indiquer le nom de la personne à contacter concernant le contenu de votre déclaration. Ce champ est obligatoire.
... A73: =OFFSET(L!$C$1,MATCH("Instructions"&ADDRESS(ROW(),COLUMN(),4),L!$A:$A,0)-1,SL,,) -> Si toute ou partie des dispositions de ces Conditions Générales est invalide ou inapplicable en vertu du droit en vigueur, cette partie des dispositions sera jugée sans effet, sans affecter d'aucune façon les parties restantes de ladite disposition ou les autres dispositions de ces Conditions Générales
A75: =OFFSET(L!$C$1,MATCH("General"&"Cpy",L!$A:$A,0)-1,SL,,) -> © 2025 Responsible Minerals Initiative. All rights reserved.
A76: Return to declaration tab
A77: Revision 6.5 April 25, 2025

Sheet Definitions
B2: =OFFSET(L!$C$1,MATCH("Definitions"&ADDRESS(ROW(),COLUMN(),4),L!$A:$A,0)-1,SL,,) -> ITEM | C2: =OFFSET(L!$C$1,MATCH("Definitions"&ADDRESS(ROW(),COLUMN(),4),L!$A:$A,0)-1,SL,,) -> DEFINITION
B3: =OFFSET(L!$C$1,MATCH("Definitions"&ADDRESS(ROW(),COLUMN(),4),L!$A:$A,0)-1,SL,,) -> 3TG | C3: =OFFSET(L!$C$1,MATCH("Definitions"&ADDRESS(ROW(),COLUMN(),4),L!$A:$A,0)-1,SL,,) -> Tantale, étain, tungstène, or
B4: =OFFSET(L!$C$1,MATCH("Definitions"&ADDRESS(ROW(),COLUMN(),4),L!$A:$A,0)-1,SL,,) -> Personne responsable | C4: =OFFSET(L!$C$1,MATCH("Definitions"&ADDRESS(ROW(),COLUMN(),4),L!$A:$A,0)-1,SL,,) -> Ce champ indique la personne responsable du contenu de la déclaration. La personne responsable peut être différente du contact. Il n'est pas autorisé d'utiliser le mot''identique'' ou équivalent au lieu de fournir le nom de la personne responsable.
B5: =OFFSET(L!$C$1,MATCH("Definitions"&ADDRESS(ROW(),COLUMN(),4),L!$A:$A,0)-1,SL,,) -> Zone touchée par des conflits et à haut risque (CAHRA) | C5: =OFFSET(L!$C$1,MATCH("Definitions"&ADDRESS(ROW(),COLUMN(),4),L!$A:$A,0)-1,SL,,) -> Les zones de conflit et à haut risque sont les zones en état de conflit armé, les zones fragiles post-conflit, ainsi que les zones où la gouvernance et la sécurité sont faibles ou inexistantes, comme les États défaillants et les violations généralisées et systématiques du droit international. , y compris les violations des droits de l'homme.
B6: =OFFSET(L!$C$1,MATCH("Definitions"&ADDRESS(ROW(),COLUMN(),4),L!$A:$A,0)-1,SL,,) -> Minerai de conflit | C6: =OFFSET(L!$C$1,MATCH("Definitions"&ADDRESS(ROW(),COLUMN(),4),L!$A:$A,0)-1,SL,,) -> Comme défini dans le "Dodd–Frank Wall Street Reform and Consumer Protection Act", Section 1502(e)(4), loi des Etats-Unis d'Amérique de 2010: MINERAI DE CONFLIT. - le terme "minerai de conflit" signifie: (A)columbite-tantalite (coltan), cassiterite, or, wolframite ou leur dérivés; ou (B) tout autre minerai ou ses dérivés déterminé par le Secrétaire d'Etat comme finançant un conflit en République Démocratique du Congo ou un pays frontalier. (disponible a http://www.sec.gov/about/laws/wallstreetreform-cpa.pdf)
B7: =OFFSET(L!$C$1,MATCH("Definitions"&ADDRESS(ROW(),COLUMN(),4),L!$A:$A,0)-1,SL,,) -> Pays concerné(s) | C7: =OFFSET(L!$C$1,MATCH("Definitions"&ADDRESS(ROW(),COLUMN(),4),L!$A:$A,0)-1,SL,,) -> Pays couvert (s) tel que défini dans le "Dodd–Frank Wall Street Reform and Consumer Protection Act", Section 1502(e)(4), loi des Etats-Unis d'Amérique de 2010: ces pays sont la République démocratique du Congo et les neuf pays avec lesquels elle partage une frontière internationalement reconnue: Angola, Burundi, République centrafricaine, République du Congo, Rwanda, Sud Soudan, Tanzanie, Ouganda, Zambie.
B8: =OFFSET(L!$C$1,MATCH("Definitions"&ADDRESS(ROW(),COLUMN(),4),L!$A:$A,0)-1,SL,,) -> Périmètre de la Déclaration | C8: =OFFSET(L!$C$1,MATCH("Definitions"&ADDRESS(ROW(),COLUMN(),4),L!$A:$A,0)-1,SL,,) -> Dans ce formulaire, le "Périmètre" décrit le domaine dans lequel les informations fournies par l'entreprise le complétant sont applicables. Le périmètre peut englober l'ensemble des services et / ou produits de l'entreprise, ou, à la discrétion de l'entreprise, le formulaire peut être utilisé pour un (des) produit(s) spécifique(s), ou être "défini par l'utilisateur". Le périmètre "défini par l'utilisateur" peut décrire n'importe quelle partie des opérations ou du portefeuille de produits de l'entreprise.
B9: =OFFSET(L!$C$1,MATCH("Definitions"&ADDRESS(ROW(),COLUMN(),4),L!$A:$A,0)-1,SL,,) -> Dodd-Frank | C9: =OFFSET(L!$C$1,MATCH("Definitions"&ADDRESS(ROW(),COLUMN(),4),L!$A:$A,0)-1,SL,,) -> Loi Dodd-Frank des Etats-Unis d'Amérique de 2010 sur la Réforme de Wall Street et la protection des consommateurs, Section 1502 ("Dodd-Frank") (http://www.sec.gov/about/laws/wallstreetreform-cpa.pdf)
B10: =OFFSET(L!$C$1,MATCH("Definitions"&ADDRESS(ROW(),COLUMN(),4),L!$A:$A,0)-1,SL,,) -> RDC | C10: =OFFSET(L!$C$1,MATCH("Definitions"&ADDRESS(ROW(),COLUMN(),4),L!$A:$A,0)-1,SL,,) -> République Démocratique du Congo
B11: =OFFSET(L!$C$1,MATCH("Definitions"&ADDRESS(ROW(),COLUMN(),4),L!$A:$A,0)-1,SL,,) -> RDC Sans Conflit | C11: =OFFSET(L!$C$1,MATCH("Definitions"&ADDRESS(ROW(),COLUMN(),4),L!$A:$A,0)-1,SL,,) -> Les produits ne contenant pas de minerais qui finançant ou bénéficiant directement ou indirectement à des groupes armés de la République Démocratique du Congo ou de pays frontaliers. Loi Dodd-Frank des Etats-Unis d'Amérique de 2010 sur la Réforme de Wall Street et la protection des consommateurs, Section 1502 ("Dodd-Frank") (http://www.sec.gov/about/laws/wallstreetreform-cpa.pdf)
B12: =OFFSET(L!$C$1,MATCH("Definitions"&ADDRESS(ROW(),COLUMN(),4),L!$A:$A,0)-1,SL,,) -> Fonderie d'or | C12: =OFFSET(L!$C$1,MATCH("Definitions"&ADDRESS(ROW(),COLUMN(),4),L!$A:$A,0)-1,SL,,) -> Fondre de l'or est une opération métallurgique produisant de l'or fin avec une concentration de 99,5% ou plus à partir d'or ou de matériaux comprenant de l'or en concentrations plus faibles. Reportez-vous au protocole de vérification de ce métal du RMAP pour une description complète: https://www.responsiblemineralsinitiative.org/minerals-due-diligence/standards/.
B13: =OFFSET(L!$C$1,MATCH("Definitions"&ADDRESS(ROW(),COLUMN(),4),L!$A:$A,0)-1,SL,,) -> Cabinet d'audit indépendant du secteur privé | C13: =OFFSET(L!$C$1,MATCH("Definitions"&ADDRESS(ROW(),COLUMN(),4),L!$A:$A,0)-1,SL,,) -> En ce qui concerne les audits de fonderies, un "cabinet d'audit indépendant du secteur privé" est une entreprise privée compétente pour évaluer la traçabilité des matériaux utilisés par un fondeur ou un affineur par rapport aux normes du RMAP ou de protocoles d'audit équivalents. Pour être neutre et impartiale, cette organisation et ses auditeurs ne doivent avoir aucun conflit d'intérêt avec l'audité.
... B31: =OFFSET(L!$C$1,MATCH("Definitions"&ADDRESS(ROW(),COLUMN(),4),L!$A:$A,0)-1,SL,,) -> Fonderie de tungstène | C31: =OFFSET(L!$C$1,MATCH("Definitions"&ADDRESS(ROW(),COLUMN(),4),L!$A:$A,0)-1,SL,,) -> Une fonderie de tungstène est une entreprise avec une ou plusieurs installations qui traite des minerais contenant du tungstène (tels que la wolframite et scheelite), des concentrés de tungstène, ou des déchets contenant du tungstène (matières secondaire) en matières intermédiaires contenant du tungstène tels que le paratungstate d'ammonium (APT), le metatungstate d'ammonium (AMT), le ferrotungstène et les oxydes de tungstène pour vente directe ou traitements additionels pour obtenir des produits à base d'étain (tels que la poudre d'étain ou de la poudre de carbure de tungstène). Référez-vous au protocole d'audit du RMAP pour ce métal pour une description complète: https://www.responsiblemineralsinitiative.org/minerals-due-diligence/standards/.
B32: =OFFSET(L!$C$1,MATCH("General"&"Cpy",L!$A:$A,0)-1,SL,,) -> © 2025 Responsible Minerals Initiative. All rights reserved.

Sheet Declaration
D2: =OFFSET(L!$C$1,MATCH("Declaration"&ADDRESS(ROW(),COLUMN(),4),L!$A:$A,0)-1,SL,,) -> Conflict Minerals Reporting Template (CMRT)
B3: Select Language Preference Here: 请选择你的语言: 사용할 언어를 선택하시오 : 表示言語をここから選択してください: Sélectionner la langue préférée ici: Selecione Preferência de idioma Aqui: Wählen sie hier die Sprache: Seleccione el lenguaje de preferencia aqui: Selezionare la lingua di preferenza qui: Burada Dil Tercihini Belirleyin: | D3: Français | J3: Revision 6.5 April 25, 2025 | P3: =MATCH($D$3,LN,0) -> 5
B4: =OFFSET(L!$C$1,MATCH("Declaration"&ADDRESS(ROW(),COLUMN(),4),L!$A:$A,0)-1,SL,,) -> Le but de ce document est de collecter des informations sur la provenance de l'étain, du tantale, du tungstène et de l'or utilisé dans les produits. | I4: =OFFSET(L!$C$1,MATCH("Declaration"&ADDRESS(ROW(),COLUMN(),4),L!$A:$A,0)-1,SL,,) -> Lien vers les Conditions générales
A5: =LEFT(D9,1) -> B
B6: =OFFSET(L!$C$1,MATCH("Declaration"&ADDRESS(ROW(),COLUMN(),4),L!$A:$A,0)-1,SL,,) -> Les champs obligatoires sont indiqués par un astérisque (*). Consultez l'onglet Instructions pour savoir comment répondre à chaque question.
B7: =OFFSET(L!$C$1,MATCH("Declaration"&ADDRESS(ROW(),COLUMN(),4),L!$A:$A,0)-1,SL,,) -> Informations sur l’entreprise
B8: =OFFSET(L!$C$1,MATCH("Declaration"&ADDRESS(ROW(),COLUMN(),4),L!$A:$A,0)-1,SL,,) -> Nom de l'entreprise (*): | D8: Lamineries MATTHEY,Branch of Notz Metall AG
B9: =OFFSET(L!$C$1,MATCH("Declaration"&ADDRESS(ROW(),COLUMN(),4),L!$A:$A,0)-1,SL,,) -> Périmètre de la déclaration (*): | D9: B. Product (or List of Products) | P9: A. Company | Q9: B. Product (or List of Products) | R9: C. User defined [Specify in 'Description of scope']
B10: =OFFSET(L!$C$1,MATCH("Declaration"&ADDRESS(ROW(),COLUMN(),4)&LEFT($D$9,1),L!$A:$A,0)-1,SL,,) -> Allez sur l'onglet "Liste des produits" pour saisir les produits auxquels cette déclaration s'applique
D11: =IF(D9=Q9,OFFSET(L!$C$1,MATCH("Declaration"&ADDRESS(ROW(),COLUMN(),4),L!$A:$A,0)-1,SL,,),"") -> Cliquez ici pour saisir les produits auxquels la présente déclaration s'applique
B12: =OFFSET(L!$C$1,MATCH("Declaration"&ADDRESS(ROW(),COLUMN(),4),L!$A:$A,0)-1,SL,,) -> Identifiant unique de l'entreprise:
B13: =OFFSET(L!$C$1,MATCH("Declaration"&ADDRESS(ROW(),COLUMN(),4),L!$A:$A,0)-1,SL,,) -> Autorité délivrant l'identifiant unique:
B14: =OFFSET(L!$C$1,MATCH("Declaration"&ADDRESS(ROW(),COLUMN(),4),L!$A:$A,0)-1,SL,,) -> Adresse: | D14: 38 Rue Montagu, CH-2520 LA Neuveville , SWITZERLAND
B15: =OFFSET(L!$C$1,MATCH("Declaration"&ADDRESS(ROW(),COLUMN(),4),L!$A:$A,0)-1,SL,,) -> Nom du contact (*): | D15: Aziz Ibzazene
B16: =OFFSET(L!$C$1,MATCH("Declaration"&ADDRESS(ROW(),COLUMN(),4),L!$A:$A,0)-1,SL,,) -> Email du contact (*): | D16: aziz.ibzazene@matthey.ch
B17: =OFFSET(L!$C$1,MATCH("Declaration"&ADDRESS(ROW(),COLUMN(),4),L!$A:$A,0)-1,SL,,) -> Téléphone du contact (*): | D17: +41 32 752 32 32
B18: =OFFSET(L!$C$1,MATCH("Declaration"&ADDRESS(ROW(),COLUMN(),4),L!$A:$A,0)-1,SL,,) -> Nom de la personne responsable de la déclaration (*): | D18: Claude Biselli
B19: =OFFSET(L!$C$1,MATCH("Declaration"&ADDRESS(ROW(),COLUMN(),4),L!$A:$A,0)-1,SL,,) -> Titre du représentant légal: | D19: Plant Manager
B20: =OFFSET(L!$C$1,MATCH("Declaration"&ADDRESS(ROW(),COLUMN(),4),L!$A:$A,0)-1,SL,,) -> Email du représentant légal (*): | D20: claude.besili@matthey.ch
B21: =OFFSET(L!$C$1,MATCH("Declaration"&ADDRESS(ROW(),COLUMN(),4),L!$A:$A,0)-1,SL,,) -> Téléphone du représentant légal: | D21: +41 32 752 32 32
B22: =OFFSET(L!$C$1,MATCH("Declaration"&ADDRESS(ROW(),COLUMN(),4),L!$A:$A,0)-1,SL,,) -> Date de la déclaration (*): | D22: 46281
B24: =OFFSET(L!$C$1,MATCH("Declaration"&ADDRESS(ROW(),COLUMN(),4),L!$A:$A,0)-1,SL,,) -> Répondre aux questions 1 à 8 suivantes pour le périmètre de la déclaration indiqué ci-dessus
B25: =OFFSET(L!$C$1,MATCH("Declaration"&ADDRESS(ROW(),COLUMN(),4),L!$A:$A,0)-1,SL,,) -> 1) Des 3TG sont-ils intentionnellement ajoutés ou utilisés dans le(s) produit(s) ou les processus de production ? (*) | D25: =OFFSET(L!$C$1,MATCH("Declaration"&ADDRESS(ROW(),COLUMN(),4),L!$A:$A,0)-1,SL,,) -> Réponse | G25: =OFFSET(L!$C$1,MATCH("Declaration"&ADDRESS(ROW(),COLUMN(),4),L!$A:$A,0)-1,SL,,) -> Commentaires
B26: =OFFSET(L!$C$1,MATCH("Declaration"&ADDRESS(ROW(),COLUMN(),4),L!$A:$A,0)-1,SL,,)&P26 -> Tantale | D26: No | P26: =IF(D$26="No","","(*)")
B27: =OFFSET(L!$C$1,MATCH("Declaration"&ADDRESS(ROW(),COLUMN(),4),L!$A:$A,0)-1,SL,,)&P27 -> Étain | D27: No | P27: =IF(D$27="No","","(*)")
B28: =OFFSET(L!$C$1,MATCH("Declaration"&ADDRESS(ROW(),COLUMN(),4),L!$A:$A,0)-1,SL,,)&P28 -> Or | D28: No | P28: =IF(D$28="No","","(*)")
B29: =OFFSET(L!$C$1,MATCH("Declaration"&ADDRESS(ROW(),COLUMN(),4),L!$A:$A,0)-1,SL,,)&P29 -> Tungstène (*) | D29: Yes | P29: =IF(D$29="No","","(*)") -> (*)
B31: =OFFSET(L!$C$1,MATCH("Declaration"&ADDRESS(ROW(),COLUMN(),4),L!$A:$A,0)-1,SL,,)&Q$37 -> 2) Reste-t-il des 3TG dans le(s) produit(s) ? (*) (*) | D31: =D25 -> Réponse | G31: =G25 -> Commentaires | P31: =COUNTIF(D$26:D$29,"No") -> 3 | Q31: =IF(P31=4,""," (*)") -> (*)
B32: =B26 -> Tantale | P32: =IF(D$32="No","","(*)") -> (*)
B33: =B27 -> Étain | P33: =IF(D$33="No","","(*)") -> (*)
B34: =B28 -> Or | P34: =IF(D$34="No","","(*)") -> (*)
B35: =B29 -> Tungstène (*) | D35: Yes | P35: =IF(D$35="No","","(*)") -> (*)
B37: =OFFSET(L!$C$1,MATCH("Declaration"&ADDRESS(ROW(),COLUMN(),4),L!$A:$A,0)-1,SL,,)&Q$37 -> 3) Est-ce qu’une des fonderies de votre chaîne d’approvisionnement s’approvisionne en 3TG à partir des pays couverts ? (terme SEC, consulter l’onglet des définitions) (*) | D37: =D25 -> Réponse | G37: =G25 -> Commentaires | P37: =COUNTIF(D$26:D$29,"No")+COUNTIF(D$32:D$35,"No") -> 3 | Q37: =IF(P37>3,""," (*)") -> (*)
B38: =OFFSET(L!$C$1,MATCH("Declaration"&ADDRESS(ROW(),COLUMN(),4),L!$A:$A,0)-1,SL,,)&P38 -> Tantale | P38: =IF((OR(D$26="No",D$32="No")),"","(*)")
B39: =OFFSET(L!$C$1,MATCH("Declaration"&ADDRESS(ROW(),COLUMN(),4),L!$A:$A,0)-1,SL,,)&P39 -> Étain | P39: =IF((OR(D$27="No",D$33="No")),"","(*)")
B40: =OFFSET(L!$C$1,MATCH("Declaration"&ADDRESS(ROW(),COLUMN(),4),L!$A:$A,0)-1,SL,,)&P40 -> Or | P40: =IF((OR(D$28="No",D$34="No")),"","(*)")
B41: =OFFSET(L!$C$1,MATCH("Declaration"&ADDRESS(ROW(),COLUMN(),4),L!$A:$A,0)-1,SL,,)&P41 -> Tungstène (*) | D41: No | P41: =IF((OR(D$29="No",D$35="No")),"","(*)") -> (*)
B43: =OFFSET(L!$C$1,MATCH("Declaration"&ADDRESS(ROW(),COLUMN(),4),L!$A:$A,0)-1,SL,,)&Q$37 -> 4) L’une des fonderies de votre chaîne d’approvisionnement se fournit-elle en 3TG auprès de zones touchées par des conflits et à haut risque ? (*) | D43: =D25 -> Réponse | G43: =G25 -> Commentaires | P43: =COUNTIF(D$26:D$29,"No")+COUNTIF(D$32:D$35,"No") -> 3 | Q43: =IF(P43>3,""," (*)") -> (*)
B44: =OFFSET(L!$C$1,MATCH("Declaration"&ADDRESS(ROW(),COLUMN(),4),L!$A:$A,0)-1,SL,,)&P44 -> Tantale | P44: =IF((OR(D$26="No",D$32="No")),"","(*)")
B45: =OFFSET(L!$C$1,MATCH("Declaration"&ADDRESS(ROW(),COLUMN(),4),L!$A:$A,0)-1,SL,,)&P45 -> Étain | P45: =IF((OR(D$27="No",D$33="No")),"","(*)")
B46: =OFFSET(L!$C$1,MATCH("Declaration"&ADDRESS(ROW(),COLUMN(),4),L!$A:$A,0)-1,SL,,)&P46 -> Or | P46: =IF((OR(D$28="No",D$34="No")),"","(*)")
B47: =OFFSET(L!$C$1,MATCH("Declaration"&ADDRESS(ROW(),COLUMN(),4),L!$A:$A,0)-1,SL,,)&P47 -> Tungstène (*) | D47: No | G47: n/a for scrap deliveries; no for other material | P47: =IF((OR(D$29="No",D$35="No")),"","(*)") -> (*)
B49: =OFFSET(L!$C$1,MATCH("Declaration"&ADDRESS(ROW(),COLUMN(),4),L!$A:$A,0)-1,SL,,)&Q$37 -> 5) Est-ce que 100 % des 3TG (nécessaires au fonctionnement ou à la production de vos produits) provient de sources recyclées ? (*) | D49: =D25 -> Réponse | G49: =G25 -> Commentaires
B50: =B38 -> Tantale
B51: =B39 -> Étain
B52: =B40 -> Or
B53: =B41 -> Tungstène (*) | D53: No
B55: =OFFSET(L!$C$1,MATCH("Declaration"&ADDRESS(ROW(),COLUMN(),4),L!$A:$A,0)-1,SL,,)&Q$37 -> 6) Combien de fournisseurs (%) concernés ont répondu à l'enquête sur la chaîne d'approvisionnement ? (*) | D55: =D25 -> Réponse | G55: =G25 -> Commentaires
B56: =B38 -> Tantale
B57: =B39 -> Étain
B58: =B40 -> Or
B59: =B41 -> Tungstène (*) | D59: 100%
B61: =OFFSET(L!$C$1,MATCH("Declaration"&ADDRESS(ROW(),COLUMN(),4),L!$A:$A,0)-1,SL,,)&Q$37 -> 7) Avez-vous identifié toutes les fonderies qui fournissent les 3TG à votre chaîne d’approvisionnement ? (*) | D61: =D25 -> Réponse | G61: =G25 -> Commentaires
B62: =B38 -> Tantale
B63: =B39 -> Étain
B64: =B40 -> Or
B65: =B41 -> Tungstène (*) | D65: No
B67: =OFFSET(L!$C$1,MATCH("Declaration"&ADDRESS(ROW(),COLUMN(),4),L!$A:$A,0)-1,SL,,)&Q$37 -> 8) Est-ce que toutes les informations pertinentes reçues des fonderies par votre société ont été mentionnées dans cette déclaration ? (*) | D67: =D25 -> Réponse | G67: =G25 -> Commentaires | H67: =IF(Q75="(*)","Click here to enter smelter names","")
B68: =B38 -> Tantale
B69: =B39 -> Étain
B70: =B40 -> Or
B71: =B41 -> Tungstène (*) | D71: Yes
B73: =OFFSET(L!$C$1,MATCH("Declaration"&ADDRESS(ROW(),COLUMN(),4),L!$A:$A,0)-1,SL,,) -> Répondre à la question suivante au niveau de l'entreprise
B74: =OFFSET(L!$C$1,MATCH("Declaration"&ADDRESS(ROW(),COLUMN(),4),L!$A:$A,0)-1,SL,,) -> Question | D74: =D25 -> Réponse | G74: =G25 -> Commentaires
B75: =OFFSET(L!$C$1,MATCH("Declaration"&ADDRESS(ROW(),COLUMN(),4),L!$A:$A,0)-1,SL,,)&$Q$37 -> A. Avez-vous mis en place une politique d’approvisionnement en minerais responsable ? (*) | D75: No
B77: =OFFSET(L!$C$1,MATCH("Declaration"&ADDRESS(ROW(),COLUMN(),4),L!$A:$A,0)-1,SL,,)&$Q$37 -> B. La politique d’approvisionnement en minerais responsable est-elle disponible publiquement sur votre site Web ? (Remarque – Si la réponse est « oui », l’utilisateur doit indiquer l’URL dans le champ des commentaires). (*) | D77: No
B79: =OFFSET(L!$C$1,MATCH("Declaration"&ADDRESS(ROW(),COLUMN(),4),L!$A:$A,0)-1,SL,,)&$Q$37 -> C. Est-ce que vous imposez à vos fournisseurs directs de s’approvisionner en 3TG auprès de fonderie dont les pratiques de diligence raisonnable ont été validées par un programme d’audit externe indépendant ? (*) | D79: Yes
B81: =OFFSET(L!$C$1,MATCH("Declaration"&ADDRESS(ROW(),COLUMN(),4),L!$A:$A,0)-1,SL,,)&$Q$37 -> D. Avez-vous mis en œuvre des mesures de diligence raisonnable pour un approvisionnement responsable ? (*) | D81: Yes
B83: =OFFSET(L!$C$1,MATCH("Declaration"&ADDRESS(ROW(),COLUMN(),4),L!$A:$A,0)-1,SL,,)&$Q$37 -> E. Votre société mène-t-elle des enquêtes sur les minerais de conflit auprès du/des fournisseur(s) concerné(s) ? (*) | D83: Yes, in conformance with IPC1755 (e.g., CMRT)
B85: =OFFSET(L!$C$1,MATCH("Declaration"&ADDRESS(ROW(),COLUMN(),4),L!$A:$A,0)-1,SL,,)&$Q$37 -> F. Vérifiez-vous les informations de devoir de diligence reçues de vos fournisseurs par rapport aux attentes de votre entreprise? (*) | D85: Yes
B87: =OFFSET(L!$C$1,MATCH("Declaration"&ADDRESS(ROW(),COLUMN(),4),L!$A:$A,0)-1,SL,,)&$Q$37 -> G. Votre processus de vérification inclut-il la gestion des actions correctives ? (*) | D87: Yes
B89: =OFFSET(L!$C$1,MATCH("Declaration"&ADDRESS(ROW(),COLUMN(),4),L!$A:$A,0)-1,SL,,)&$Q$37 -> H. Votre société est-elle tenue de fournir une déclaration annuelle sur les minerais de conflit ? (*) | D89: No
B90: =IF(OR($D$8="",$I$3=""),"","Click here to check required fields completion")
A91: =OFFSET(L!$C$1,MATCH("General"&"Cpy",L!$A:$A,0)-1,SL,,) -> © 2025 Responsible Minerals Initiative. All rights reserved.
B96: Yes | D96: =IF(AND(OR($D$26="Yes",$D$26=""),OR($D$32="Yes",$D$32="")),"Yes","") | E96: =IF(AND(OR($D$26="Yes",$D$26=""),OR($D$32="Yes",$D$32="")),"100%","") | G96: =IF(OR($D$26="Yes",$D$26=""),"Yes","")
B97: No | D97: =IF(AND(OR($D$26="Yes",$D$26=""),OR($D$32="Yes",$D$32="")),"No","") | E97: =IF(AND(OR($D$26="Yes",$D$26=""),OR($D$32="Yes",$D$32="")),"Greater than 90%","") | G97: =IF(OR($D$26="Yes",$D$26=""),"No","")
B98: Unknown | D98: =IF(AND(OR($D$26="Yes",$D$26=""),OR($D$32="Yes",$D$32="")),"Unknown","") | E98: =IF(AND(OR($D$26="Yes",$D$26=""),OR($D$32="Yes",$D$32="")),"Greater than 75%","") | G98: =IF(OR($D$27="Yes",$D$27=""),"Yes","")
B99: 1 | D99: =IF(AND(OR($D$27="Yes",$D$27=""),OR($D$33="Yes",$D$33="")),"Yes","") | E99: =IF(AND(OR($D$26="Yes",$D$26=""),OR($D$32="Yes",$D$32="")),"Greater than 50%","") | G99: =IF(OR($D$27="Yes",$D$27=""),"No","")
B100: Greater than 90% | D100: =IF(AND(OR($D$27="Yes",$D$27=""),OR($D$33="Yes",$D$33="")),"No","") | E100: =IF(AND(OR($D$26="Yes",$D$26=""),OR($D$32="Yes",$D$32="")),"50% or less","") | G100: =IF(OR($D$28="Yes",$D$28=""),"Yes","")
B101: Greater than 75% | D101: =IF(AND(OR($D$27="Yes",$D$27=""),OR($D$33="Yes",$D$33="")),"Unknown","") | E101: =IF(AND(OR($D$26="Yes",$D$26=""),OR($D$32="Yes",$D$32="")),"None","") | G101: =IF(OR($D$28="Yes",$D$28=""),"No","")
B102: Greater than 50% | D102: =IF(AND(OR($D$28="Yes",$D$28=""),OR($D$34="Yes",$D$34="")),"Yes","") | E102: =IF(AND(OR($D$27="Yes",$D$27=""),OR($D$33="Yes",$D$33="")),"100%","") | G102: =IF(OR($D$29="Yes",$D$29=""),"Yes","") -> Yes
B103: 50% or less | D103: =IF(AND(OR($D$28="Yes",$D$28=""),OR($D$34="Yes",$D$34="")),"No","") | E103: =IF(AND(OR($D$27="Yes",$D$27=""),OR($D$33="Yes",$D$33="")),"Greater than 90%","") | G103: =IF(OR($D$29="Yes",$D$29=""),"No","") -> No
B104: None | D104: =IF(AND(OR($D$28="Yes",$D$28=""),OR($D$34="Yes",$D$34="")),"Unknown","") | E104: =IF(AND(OR($D$27="Yes",$D$27=""),OR($D$33="Yes",$D$33="")),"Greater than 75%","")
B105: Yes, in conformance with IPC1755 (e.g., CMRT) | D105: =IF(AND(OR($D$29="Yes",$D$29=""),OR($D$35="Yes",$D$35="")),"Yes","") -> Yes | E105: =IF(AND(OR($D$27="Yes",$D$27=""),OR($D$33="Yes",$D$33="")),"Greater than 50%","")
B106: Yes, using other format (describe) | D106: =IF(AND(OR($D$29="Yes",$D$29=""),OR($D$35="Yes",$D$35="")),"No","") -> No | E106: =IF(AND(OR($D$27="Yes",$D$27=""),OR($D$33="Yes",$D$33="")),"50% or less","")
B107: No | D107: =IF(AND(OR($D$29="Yes",$D$29=""),OR($D$35="Yes",$D$35="")),"Unknown","") -> Unknown | E107: =IF(AND(OR($D$27="Yes",$D$27=""),OR($D$33="Yes",$D$33="")),"None","")
B108: Yes, with the SEC | E108: =IF(AND(OR($D$28="Yes",$D$28=""),OR($D$34="Yes",$D$34="")),"100%","")
B109: Yes, with the EU | E109: =IF(AND(OR($D$28="Yes",$D$28=""),OR($D$34="Yes",$D$34="")),"Greater than 90%","")
B110: Yes, with the SEC and the EU | E110: =IF(AND(OR($D$28="Yes",$D$28=""),OR($D$34="Yes",$D$34="")),"Greater than 75%","")
B111: No | E111: =IF(AND(OR($D$28="Yes",$D$28=""),OR($D$34="Yes",$D$34="")),"Greater than 50%","")
E112: =IF(AND(OR($D$28="Yes",$D$28=""),OR($D$34="Yes",$D$34="")),"50% or less","")
E113: =IF(AND(OR($D$28="Yes",$D$28=""),OR($D$34="Yes",$D$34="")),"None","")
E114: =IF(AND(OR($D$29="Yes",$D$29=""),OR($D$35="Yes",$D$35="")),"100%","") -> 100%
E115: =IF(AND(OR($D$29="Yes",$D$29=""),OR($D$35="Yes",$D$35="")),"Greater than 90%","") -> Greater than 90%
E116: =IF(AND(OR($D$29="Yes",$D$29=""),OR($D$35="Yes",$D$35="")),"Greater than 75%","") -> Greater than 75%
E117: =IF(AND(OR($D$29="Yes",$D$29=""),OR($D$35="Yes",$D$35="")),"Greater than 50%","") -> Greater than 50%
E118: =IF(AND(OR($D$29="Yes",$D$29=""),OR($D$35="Yes",$D$35="")),"50% or less","") -> 50% or less
E119: =IF(AND(OR($D$29="Yes",$D$29=""),OR($D$35="Yes",$D$35="")),"None","") -> None

Sheet Smelter List
U1: z
B2: =OFFSET(L!$C$1,MATCH("Smelter List"&ADDRESS(ROW(),COLUMN(),4),L!$A:$A,0)-1,SL,,) -> POUR COMMENCER : | J2: =OFFSET(L!$C$1,MATCH("Smelter List"&ADDRESS(ROW(),COLUMN(),4),L!$A:$A,0)-1,SL,,) -> Lien vers la liste des fonderies conformes au programme RMAP ("RMAP Conformant Smelter List") | AH2: Yes
B3: =OFFSET(L!$C$1,MATCH("Smelter List"&ADDRESS(ROW(),COLUMN(),4),L!$A:$A,0)-1,SL,,) -> Option A : Si vous connaissez le numéro d’identification de la fonderie, saisissez-le dans la colonne A (les colonnes B, C, E, F, G, I et J seront remplies automatiquement) ; la colonne D sera grisée. Option B : Si vous connaissez une combinaison de noms métal/fonderie figurant dans la Recherche de fonderie, effectuez les étapes suivantes : Étape 1. Sélectionnez le métal dans la colonne B Étape 2. Sélectionnez dans la liste déroulante de la colonne C (une mauvaise combinaison déclenche la couleur ROUGE) Option C : Si vous connaissez une combinaison métal/fonderie, effectuez les étapes suivantes : Étape 1. Sélectionnez le métal dans la colonne B Étape 2 : Sélectionnez « La fonderie ne figure pas dans la liste » dans la liste déroulante Recherche de fonderie, puis renseignez les colonnes D et E Étape 3. Saisissez toutes les informations disponibles sur la fonderie dans les colonnes H à Q (*) Les champs obligatoires sont indiqués par un astérisque. (1) Entrée obligatoire lorsque Recherche de fonderie = « La fonderie ne figure pas dans la liste » REMARQUE : Une combinaison des options A, B et C peut être utilisée pour remplir l’onglet Liste des fonderies. Ne modifiez pas les cellules remplies automatiquement. Toutes les erreurs figurant dans l'onglet Recherche de fonderie doivent être signalées à la RMI en contactant RMI@responsiblebusiness.org. | G3: =OFFSET(L!$C$1,MATCH("General"&"Cpy",L!$A:$A,0)-1,SL,,) -> © 2025 Responsible Minerals Initiative. All rights reserved. | Q3: Revision 6.5 April 25, 2025 | W3: Tantalum | X3: Tin | Y3: Tungsten | Z3: Gold | AH3: No
A4: =OFFSET(L!$C$1,MATCH("Smelter List"&ADDRESS(ROW(),COLUMN(),4),L!$A:$A,0)-1,SL,,) -> Colonne de saisie du numéro d’identification de la fonderie | B4: =OFFSET(L!$C$1,MATCH("Smelter List"&ADDRESS(ROW(),COLUMN(),4),L!$A:$A,0)-1,SL,,) -> Métal (*) | C4: =OFFSET(L!$C$1,MATCH("Smelter List"&ADDRESS(ROW(),COLUMN(),4),L!$A:$A,0)-1,SL,,) -> Recherche de fonderie (*) | D4: =OFFSET(L!$C$1,MATCH("Smelter List"&ADDRESS(ROW(),COLUMN(),4),L!$A:$A,0)-1,SL,,) -> Nom de la fonderie (1) | E4: =OFFSET(L!$C$1,MATCH("Smelter List"&ADDRESS(ROW(),COLUMN(),4),L!$A:$A,0)-1,SL,,) -> Localisation de la fonderie : Pays (*) | F4: =OFFSET(L!$C$1,MATCH("Smelter List"&ADDRESS(ROW(),COLUMN(),4),L!$A:$A,0)-1,SL,,) -> Identifiant de la fonderie | G4: =OFFSET(L!$C$1,MATCH("Smelter List"&ADDRESS(ROW(),COLUMN(),4),L!$A:$A,0)-1,SL,,) -> Type de l'identifiant de la fonderie | H4: =OFFSET(L!$C$1,MATCH("Smelter List"&ADDRESS(ROW(),COLUMN(),4),L!$A:$A,0)-1,SL,,) -> Localisation de la fonderie : Rue et Numéro | ... Q4: =OFFSET(L!$C$1,MATCH("Smelter List"&ADDRESS(ROW(),COLUMN(),4),L!$A:$A,0)-1,SL,,) -> Commentaires | R4: Standard Smelter Name | S4: Country Code | T4: State / Province Code | W4: Smelter not yet identified | X4: Smelter Not Listed | AH4: Unknown
A5: CID001182 | B5: Tin | C5: Minsur | E5: PERU | F5: CID001182 | G5: RMI | H5: 0 | I5: Paracas | J5: Ika | R5: Minsur | S5: PE | T5: PE-ICA | V5: 487 | X5: 0 | AB5: =B5&D5 -> Tin
A6: CID001898 | B6: Tin | C6: Thaisarco | E6: THAILAND | F6: CID001898 | G6: RMI | H6: 0 | I6: Amphur Muang | J6: Phuket | R6: Thaisarco | S6: TH | T6: TH-83 | V6: 547 | X6: 0 | AB6: =B6&C6 -> TinThaisarco
A7: CID001482 | B7: Tin | C7: PT Timah Tbk Mentok | E7: INDONESIA | F7: CID001482 | G7: RMI | H7: 0 | I7: Mentok | J7: Kepulauan Bangka Belitung | R7: PT Timah Tbk Mentok | S7: ID | T7: ID-BB | V7: 533 | X7: 0 | AB7: =B7&C7 -> TinPT Timah Tbk Mentok
A8: CID001477 | B8: Tin | C8: PT Timah Tbk Kundur | E8: INDONESIA | F8: CID001477 | G8: RMI | H8: 0 | I8: Kundur | J8: Riau | R8: PT Timah Tbk Kundur | S8: ID | T8: ID-RI | V8: 532 | X8: 0 | AB8: =B8&C8 -> TinPT Timah Tbk Kundur
A9: CID001337 | B9: Tin | C9: Operaciones Metalurgicas S.A. | E9: BOLIVIA (PLURINATIONAL STATE OF) | F9: CID001337 | G9: RMI | H9: 0 | I9: Oruro | J9: Oruro | R9: Operaciones Metalurgicas S.A. | S9: BO | T9: BO-O | V9: 499 | X9: 0 | AB9: =B9&C9 -> TinOperaciones Metalurgicas S.A.
A10: CID002315 | B10: Tungsten | C10: Ganzhou Jiangwu Ferrotungsten Co., Ltd. | E10: CHINA | F10: CID002315 | G10: RMI | H10: 0 | I10: Ganzhou | J10: Jiangxi Sheng | R10: Ganzhou Jiangwu Ferrotungsten Co., Ltd. | S10: CN | T10: CN-JX | V10: 601 | X10: 0 | AB10: =B10&C10 -> TungstenGanzhou Jiangwu Ferrotungsten Co., Ltd.
A11: CID002317 | B11: Tungsten | C11: Jiangxi Xinsheng Tungsten Industry Co., Ltd. | E11: CHINA | F11: CID002317 | G11: RMI | H11: 0 | I11: Ganzhou | J11: Jiangxi Sheng | R11: Jiangxi Xinsheng Tungsten Industry Co., Ltd. | S11: CN | T11: CN-JX | V11: 624 | X11: 0 | AB11: =B11&C11 -> TungstenJiangxi Xinsheng Tungsten Industry Co., Ltd.
A12: CID002320 | B12: Tungsten | C12: Xiamen Tungsten (H.C.) Co., Ltd. | E12: CHINA | F12: CID002320 | G12: 0 | H12: 0 | I12: Xiamen | J12: Fujian Sheng | R12: Xiamen Tungsten (H.C.) Co., Ltd. | S12: CN | T12: CN-FJ | V12: 658 | X12: 0 | AB12: =B12&C12 -> TungstenXiamen Tungsten (H.C.) Co., Ltd.
A13: CID000258 | B13: Tungsten | C13: Zhangyuan Tungsten Co Ltd | E13: CHINA | F13: CID000258 | G13: 0 | H13: 0 | I13: Ganzhou | J13: Jiangxi Sheng | R13: Chongyi Zhangyuan Tungsten Co., Ltd. | S13: CN | T13: CN-JX | V13: 661 | X13: 0 | AB13: =B13&C13 -> TungstenZhangyuan Tungsten Co Ltd
A14: CID004430 | B14: Tungsten | C14: Shinwon Tungsten (Fujian Shanghang) Co., Ltd. | E14: CHINA | F14: CID004430 | G14: 0 | H14: 0 | I14: Longyan | J14: Fujian Sheng | R14: Shinwon Tungsten (Fujian Shanghang) Co., Ltd. | S14: CN | T14: CN-FJ | V14: 649 | X14: 0 | AB14: =B14&C14 -> TungstenShinwon Tungsten (Fujian Shanghang) Co., Ltd.
A15: CID002502 | B15: Tungsten | C15: Asia Tungsten Products Vietnam Ltd. | E15: VIET NAM | F15: CID002502 | G15: RMI | H15: 0 | I15: Vinh Bao District | J15: Hai Phong | R15: Asia Tungsten Products Vietnam Ltd. | S15: VN | T15: VN-HP | V15: 587 | X15: 0 | AB15: =B15&C15 -> TungstenAsia Tungsten Products Vietnam Ltd.
A16: CID002551 | B16: Tungsten | C16: Jiangwu H.C. Starck Tungsten Products Co., Ltd. | E16: CHINA | F16: CID002551 | G16: RMI | H16: 0 | I16: Ganzhou | J16: Jiangxi Sheng | R16: Jiangwu H.C. Starck Tungsten Products Co., Ltd. | S16: CN | T16: CN-JX | V16: 620 | X16: 0 | AB16: =B16&C16 -> TungstenJiangwu H.C. Starck Tungsten Products Co., Ltd.
A17: CID003407 | B17: Tungsten | C17: Lianyou Metals Co., Ltd. | E17: TAIWAN, PROVINCE OF CHINA | F17: CID003407 | G17: RMI | H17: 0 | I17: Fangliao | J17: Pingtung | R17: Lianyou Metals Co., Ltd. | S17: TW | T17: TW-PIF | V17: 631 | X17: 0 | AB17: =B17&C17 -> TungstenLianyou Metals Co., Ltd.
A18: CID002318 | B18: Tungsten | C18: Jiangxi Tonggu Non-ferrous Metallurgical & Chemical Co., Ltd. | E18: CHINA | F18: CID002318 | G18: RMI | H18: 0 | I18: Tonggu | J18: Jiangxi Sheng | R18: Jiangxi Tonggu Non-ferrous Metallurgical & Chemical Co., Ltd. | S18: CN | T18: CN-JX | V18: 623 | X18: 0 | AB18: =B18&C18 -> TungstenJiangxi Tonggu Non-ferrous Metallurgical & Chemical Co., Ltd.
A19: CID002543 | B19: Tungsten | C19: Masan High-Tech Materials | E19: VIET NAM | F19: CID002543 | G19: RMI | H19: 0 | I19: Dai Tu | J19: Thái Nguyên | R19: Masan High-Tech Materials | S19: VN | T19: VN-69 | V19: 636 | X19: 0 | AB19: =B19&C19 -> TungstenMasan High-Tech Materials
A20: CID002082 | B20: Tungsten | C20: Xiamen Tungsten Co., Ltd. | E20: CHINA | F20: CID002082 | G20: 0 | H20: 0 | I20: Xiamen | J20: Fujian Sheng | R20: Xiamen Tungsten Co., Ltd. | S20: CN | T20: CN-FJ | V20: 659 | X20: 0 | AB20: =B20&C20 -> TungstenXiamen Tungsten Co., Ltd.
A21: CID003609 | B21: Tungsten | C21: Fujian Xinlu Tungsten Co., Ltd. | E21: CHINA | F21: CID003609 | G21: RMI | H21: 0 | I21: Longyan | J21: Fujian Sheng | R21: Fujian Xinlu Tungsten Co., Ltd. | S21: CN | T21: CN-FJ | V21: 600 | X21: 0 | AB21: =B21&C21 -> TungstenFujian Xinlu Tungsten Co., Ltd.
A22: CID000438 | B22: Tin | C22: EM Vinto | E22: BOLIVIA (PLURINATIONAL STATE OF) | F22: CID000438 | G22: RMI | H22: 0 | I22: Oruro | J22: Oruro | R22: EM Vinto | S22: BO | T22: BO-O | V22: 433 | X22: 0 | AB22: =B22&C22 -> TinEM Vinto
A23: CID001105 | B23: Tin | C23: Malaysia Smelting Corporation (MSC) | E23: MALAYSIA | F23: CID001105 | G23: RMI | H23: 0 | I23: Butterworth | J23: Pulau Pinang | R23: Malaysia Smelting Corporation (MSC) | S23: MY | T23: MY-07 | V23: 474 | X23: 0 | AB23: =B23&C23 -> TinMalaysia Smelting Corporation (MSC)
A24: CID001173 | B24: Tin | C24: Mineracao Taboca S.A. | E24: BRAZIL | F24: CID001173 | G24: RMI | H24: 0 | I24: Bairro Guarapiranga | J24: São Paulo | R24: Mineracao Taboca S.A. | S24: BR | T24: BR-SP | V24: 482 | X24: 0 | AB24: =B24&C24 -> TinMineracao Taboca S.A.
A25: CID001453 | B25: Tin | C25: PT Mitra Stania Prima | E25: INDONESIA | F25: CID001453 | G25: RMI | H25: 0 | I25: Sungailiat | J25: Kepulauan Bangka Belitung | R25: PT Mitra Stania Prima | S25: ID | T25: ID-BB | V25: 518 | X25: 0 | AB25: =B25&C25 -> TinPT Mitra Stania Prima
A26: CID002036 | B26: Tin | C26: White Solder Metalurgia e Mineracao Ltda. | E26: BRAZIL | F26: CID002036 | G26: RMI | H26: 0 | I26: Ariquemes | J26: Rondônia | R26: White Solder Metalurgia e Mineracao Ltda. | S26: BR | T26: BR-RO | V26: 556 | X26: 0 | AB26: =B26&C26 -> TinWhite Solder Metalurgia e Mineracao Ltda.
A27: CID002503 | B27: Tin | C27: PT ATD Makmur Mandiri Jaya | E27: INDONESIA | F27: CID002503 | G27: RMI | H27: 0 | I27: Sungailiat | J27: Kepulauan Bangka Belitung | R27: PT ATD Makmur Mandiri Jaya | S27: ID | T27: ID-BB | V27: 505 | X27: 0 | AB27: =B27&C27 -> TinPT ATD Makmur Mandiri Jaya
A28: CID002773 | B28: Tin | C28: Metallo Belgium N.V. | E28: BELGIUM | F28: CID002773 | G28: RMI | H28: 0 | I28: Beerse | J28: Antwerpen | R28: Aurubis Beerse | S28: BE | T28: BE-VAN | V28: 480 | X28: 0 | AB28: =B28&C28 -> TinMetallo Belgium N.V.
A29: CID003387 | B29: Tin | C29: Luna Smelter, Ltd. | E29: RWANDA | F29: CID003387 | G29: RMI | H29: 0 | I29: Kigali | J29: City of Kigali | R29: Luna Smelter, Ltd. | S29: RW | T29: RW-01 | V29: 471 | X29: 0 | AB29: =B29&C29 -> TinLuna Smelter, Ltd.
A30: CID003449 | B30: Tin | C30: PT Mitra Sukses Globalindo | E30: INDONESIA | F30: CID003449 | G30: RMI | H30: 0 | I30: Pangkalpinang | J30: Kepulauan Bangka Belitung | R30: PT Mitra Sukses Globalindo | S30: ID | T30: ID-BB | V30: 519 | X30: 0 | AB30: =B30&C30 -> TinPT Mitra Sukses Globalindo
A31: CID003325 | B31: Tin | C31: Tin Technology & Refining | E31: UNITED STATES OF AMERICA | F31: CID003325 | G31: RMI | H31: 0 | I31: West Chester | J31: Pennsylvania | R31: Tin Technology & Refining | S31: US | T31: US-PA | V31: 551 | X31: 0 | AB31: =B31&C31 -> TinTin Technology & Refining
A32: CID000468 | B32: Tin | C32: Fenix Metals | E32: POLAND | F32: CID000468 | G32: RMI | H32: 0 | I32: Chmielów | J32: Podkarpackie | R32: Fenix Metals | S32: PL | T32: PL-18 | V32: 442 | X32: 0 | AB32: =B32&C32 -> TinFenix Metals
... A52: CID002044 | B52: Tungsten | C52: Wolfram Bergbau und Hutten AG | E52: AUSTRIA | F52: CID002044 | G52: RMI | H52: 0 | I52: St. Martin i-S | J52: Steiermark | R52: Wolfram Bergbau und Hutten AG | S52: AT | T52: AT-6 | V52: 655 | X52: 0 | AB52: =B52&C52 -> TungstenWolfram Bergbau und Hutten AG
A53: CID000568 | B53: Tungsten | C53: Global Tungsten & Powders Corp. | E53: UNITED STATES OF AMERICA | F53: CID000568 | G53: RMI | H53: 0 | I53: Towanda | J53: Pennsylvania | S53: US | T53: US-PA | V53: #N/A | X53: 0 | AB53: =B53&C53 -> TungstenGlobal Tungsten & Powders Corp.
A54: CID002541 | B54: Tungsten | C54: H.C. Starck Tungsten GmbH | E54: GERMANY | F54: CID002541 | G54: RMI | H54: 0 | I54: Goslar | J54: Niedersachsen | R54: H.C. Starck Tungsten GmbH | S54: DE | T54: DE-NI | V54: 608 | X54: 0 | AB54: =B54&C54 -> TungstenH.C. Starck Tungsten GmbH
A55: CID002082 | B55: Tungsten | C55: Xiamen Tungsten Co., Ltd. | E55: CHINA | F55: CID002082 | G55: RMI | H55: 0 | I55: Xiamen | J55: Fujian Sheng | R55: Xiamen Tungsten Co., Ltd. | S55: CN | T55: CN-FJ | V55: 659 | X55: 0 | AB55: =B55&C55 -> TungstenXiamen Tungsten Co., Ltd.
A56: CID002320 | B56: Tungsten | C56: Xiamen Tungsten (H.C.) Co., Ltd. | E56: CHINA | F56: CID002320 | G56: RMI | H56: 0 | I56: Xiamen | J56: Fujian Sheng | R56: Xiamen Tungsten (H.C.) Co., Ltd. | S56: CN | T56: CN-FJ | V56: 658 | X56: 0 | AB56: =B56&C56 -> TungstenXiamen Tungsten (H.C.) Co., Ltd.
A57: CID000258 | B57: Tungsten | C57: Chongyi Zhangyuan Tungsten Co., Ltd. | E57: CHINA | F57: CID000258 | G57: RMI | H57: 0 | I57: Ganzhou | J57: Jiangxi Sheng | R57: Chongyi Zhangyuan Tungsten Co., Ltd. | S57: CN | T57: CN-JX | V57: 595 | X57: 0 | AB57: =B57&C57 -> TungstenChongyi Zhangyuan Tungsten Co., Ltd.
A58: CID002321 | B58: Tungsten | C58: Jiangxi Gan Bei Tungsten Co., Ltd. | E58: CHINA | F58: CID002321 | G58: RMI | H58: 0 | I58: Xiushui | J58: Jiangxi Sheng | R58: Jiangxi Gan Bei Tungsten Co., Ltd. | S58: CN | T58: CN-JX | V58: 621 | X58: 0 | AB58: =B58&C58 -> TungstenJiangxi Gan Bei Tungsten Co., Ltd.
A59: CID002513 | B59: Tungsten | C59: Hunan Shizhuyuan Nonferrous Metals Co., Ltd. Chenzhou Tungsten Products Branch | E59: CHINA | F59: CID002513 | G59: RMI | H59: 0 | I59: Chenzhou | J59: Hunan Sheng | R59: Hunan Shizhuyuan Nonferrous Metals Co., Ltd. Chenzhou Tungsten Products Branch | S59: CN | T59: CN-HN | V59: 617 | X59: 0 | AB59: =B59&C59 -> TungstenHunan Shizhuyuan Nonferrous Metals Co., Ltd. Chenzhou Tungsten Products Branch
A60: CID002316 | B60: Tungsten | C60: Jiangxi Yaosheng Tungsten Co., Ltd. | E60: CHINA | F60: CID002316 | G60: RMI | H60: 0 | I60: Ganzhou | J60: Jiangxi Sheng | R60: Jiangxi Yaosheng Tungsten Co., Ltd. | S60: CN | T60: CN-JX | V60: 625 | X60: 0 | AB60: =B60&C60 -> TungstenJiangxi Yaosheng Tungsten Co., Ltd.
A61: CID002589 | B61: Tungsten | C61: Niagara Refining LLC | E61: UNITED STATES OF AMERICA | F61: CID002589 | G61: RMI | H61: 0 | I61: Depew | J61: New York | R61: Niagara Refining LLC | S61: US | T61: US-NY | V61: 641 | X61: 0 | AB61: =B61&C61 -> TungstenNiagara Refining LLC
A62: CID002774 | B62: Tin | C62: Aurubis Berango | E62: SPAIN | F62: CID002774 | G62: RMI | H62: 0 | I62: Berango | J62: Bizkaia | R62: Aurubis Berango | S62: ES | T62: ES-BI | V62: 406 | X62: 0 | AB62: =B62&C62 -> TinAurubis Berango
A63: CID000228 | B63: Tin | C63: Chenzhou Yunxiang Mining and Metallurgy Co., Ltd. | E63: CHINA | F63: CID000228 | G63: RMI | H63: 0 | I63: Chenzhou | J63: Hunan Sheng | R63: Chenzhou Yunxiang Mining and Metallurgy Co., Ltd. | S63: CN | T63: CN-HN | V63: 411 | X63: 0 | AB63: =B63&C63 -> TinChenzhou Yunxiang Mining and Metallurgy Co., Ltd.
A64: CID003190 | B64: Tin | C64: Chifeng Dajingzi Tin Industry Co., Ltd. | E64: CHINA | F64: CID003190 | G64: RMI | H64: 0 | I64: Chifeng | J64: Nei Mongol Zizhiqu | R64: Chifeng Dajingzi Tin Industry Co., Ltd. | S64: CN | T64: CN-NM | V64: 412 | X64: 0 | AB64: =B64&C64 -> TinChifeng Dajingzi Tin Industry Co., Ltd.
A65: CID001070 | B65: Tin | C65: China Tin Group Co., Ltd. | E65: CHINA | F65: CID001070 | G65: RMI | H65: 0 | I65: Laibin | J65: Guangxi Zhuangzu Zizhiqu | R65: China Tin Group Co., Ltd. | S65: CN | T65: CN-GX | V65: 414 | X65: 0 | AB65: =B65&C65 -> TinChina Tin Group Co., Ltd.
... A108: CID002778 | B108: Gold | C108: WIELAND Edelmetalle GmbH | E108: GERMANY | F108: CID002778 | G108: RMI | H108: 0 | I108: Pforzheim | J108: Baden-Württemberg | R108: WIELAND Edelmetalle GmbH | S108: DE | T108: DE-BW | V108: 308 | X108: 0 | AB108: =B108&C108 -> GoldWIELAND Edelmetalle GmbH
A109: CID002548 | B109: Tantalum | C109: Materion Newton Inc. | E109: UNITED STATES OF AMERICA | F109: CID002548 | G109: RMI | I109: Newton | J109: Massachusetts | R109: Materion Newton Inc. | S109: US | T109: US-MA | V109: 359 | X109: 0 | AB109: =B109&C109 -> TantalumMaterion Newton Inc.
A110: CID004434 | B110: Tin | C110: Malaysia Smelting Corporation Berhad (Port Klang) | E110: MALAYSIA | F110: CID004434 | G110: RMI | H110: 0 | I110: Port Klang | J110: Selangor | V110: #N/A | X110: 0 | AB110: =B110&C110 -> TinMalaysia Smelting Corporation Berhad (Port Klang)
A111: CID002494 | B111: Tungsten | C111: Ganzhou Seadragon W & Mo Co., Ltd. | E111: CHINA | F111: CID002494 | G111: RMI | H111: 0 | I111: Ganzhou | J111: Jiangxi Sheng | R111: Ganzhou Seadragon W & Mo Co., Ltd. | S111: =IF(B111="","",IF(ISERROR(MATCH($E111,CL,0)),"Unknown",INDIRECT("'C'!$A$"&MATCH($E111,CL,0)+1))) -> CN | T111: =IF(B111="","",IF(ISERROR(MATCH($J111,[1]SorP!$B$1:$B$6261,0)),"",INDIRECT("'SorP'!$A$"&MATCH($S111&$J111,[1]SorP!C:C,0)))) -> CN-JS | V111: =IF(C111="",NA(),IF(OR(C111="Smelter not listed",C111="Smelter not yet identified"),MATCH($B111&$D111,'[1]Smelter Look-up'!$J:$J,0),MATCH($B111&$C111,'[1]Smelter Look-up'!$J:$J,0))) -> 593 | X111: =IF(AND(C111="Smelter not listed",OR(LEN(D111)=0,LEN(E111)=0)),1,0) -> 0 | AB111: =B111&C111 -> TungstenGanzhou Seadragon W & Mo Co., Ltd.
A112: CID004065 | B112: Tin | C112: Mining Minerals Resources SARL | E112: CONGO, DEMOCRATIC REPUBLIC OF THE | F112: CID004065 | G112: RMI | H112: 0 | I112: Lubumbashi | J112: Haut-Katanga | R112: Mining Minerals Resources SARL | S112: =IF(B112="","",IF(ISERROR(MATCH($E112,CL,0)),"Unknown",INDIRECT("'C'!$A$"&MATCH($E112,CL,0)+1))) -> CD | T112: =IF(B112="","",IF(ISERROR(MATCH($J112,[1]SorP!$B$1:$B$6261,0)),"",INDIRECT("'SorP'!$A$"&MATCH($S112&$J112,[1]SorP!C:C,0)))) -> CD-HK | V112: =IF(C112="",NA(),IF(OR(C112="Smelter not listed",C112="Smelter not yet identified"),MATCH($B112&$D112,'[1]Smelter Look-up'!$J:$J,0),MATCH($B112&$C112,'[1]Smelter Look-up'!$J:$J,0))) -> 502 | X112: =IF(AND(C112="Smelter not listed",OR(LEN(D112)=0,LEN(E112)=0)),1,0) -> 0 | AB112: =B112&C112 -> TinMining Minerals Resources SARL
A113: CID002776 | B113: Tin | C113: PT Bangka Prima Tin | E113: INDONESIA | F113: CID002776 | G113: RMI | H113: 0 | I113: Air Mesu | J113: Kepulauan Bangka Belitung | R113: PT Bangka Prima Tin | S113: =IF(B113="","",IF(ISERROR(MATCH($E113,CL,0)),"Unknown",INDIRECT("'C'!$A$"&MATCH($E113,CL,0)+1))) -> ID | T113: =IF(B113="","",IF(ISERROR(MATCH($J113,[1]SorP!$B$1:$B$6261,0)),"",INDIRECT("'SorP'!$A$"&MATCH($S113&$J113,[1]SorP!C:C,0)))) -> IE-CW | V113: =IF(C113="",NA(),IF(OR(C113="Smelter not listed",C113="Smelter not yet identified"),MATCH($B113&$D113,'[1]Smelter Look-up'!$J:$J,0),MATCH($B113&$C113,'[1]Smelter Look-up'!$J:$J,0))) -> 521 | X113: =IF(AND(C113="Smelter not listed",OR(LEN(D113)=0,LEN(E113)=0)),1,0) -> 0 | AB113: =B113&C113 -> TinPT Bangka Prima Tin
A114: CID002570 | B114: Tin | C114: CV Ayi Jaya | E114: INDONESIA | F114: CID002570 | G114: RMI | H114: 0 | I114: Sungailiat | J114: Kepulauan Bangka Belitung | R114: CV Ayi Jaya | S114: =IF(B114="","",IF(ISERROR(MATCH($E114,CL,0)),"Unknown",INDIRECT("'C'!$A$"&MATCH($E114,CL,0)+1))) -> ID | T114: =IF(B114="","",IF(ISERROR(MATCH($J114,[1]SorP!$B$1:$B$6261,0)),"",INDIRECT("'SorP'!$A$"&MATCH($S114&$J114,[1]SorP!C:C,0)))) -> IE-CW | V114: =IF(C114="",NA(),IF(OR(C114="Smelter not listed",C114="Smelter not yet identified"),MATCH($B114&$D114,'[1]Smelter Look-up'!$J:$J,0),MATCH($B114&$C114,'[1]Smelter Look-up'!$J:$J,0))) -> 443 | X114: =IF(AND(C114="Smelter not listed",OR(LEN(D114)=0,LEN(E114)=0)),1,0) -> 0 | AB114: =B114&C114 -> TinCV Ayi Jaya
A115: CID000313 | B115: Tin | C115: PT Premium Tin Indonesia | E115: INDONESIA | F115: CID000313 | G115: RMI | H115: 0 | I115: Pangkalan Baru | J115: Kepulauan Bangka Belitung | R115: PT Premium Tin Indonesia | S115: =IF(B115="","",IF(ISERROR(MATCH($E115,CL,0)),"Unknown",INDIRECT("'C'!$A$"&MATCH($E115,CL,0)+1))) -> ID | T115: =IF(B115="","",IF(ISERROR(MATCH($J115,[1]SorP!$B$1:$B$6261,0)),"",INDIRECT("'SorP'!$A$"&MATCH($S115&$J115,[1]SorP!C:C,0)))) -> IE-CW | V115: =IF(C115="",NA(),IF(OR(C115="Smelter not listed",C115="Smelter not yet identified"),MATCH($B115&$D115,'[1]Smelter Look-up'!$J:$J,0),MATCH($B115&$C115,'[1]Smelter Look-up'!$J:$J,0))) -> 526 | X115: =IF(AND(C115="Smelter not listed",OR(LEN(D115)=0,LEN(E115)=0)),1,0) -> 0 | AB115: =B115&C115 -> TinPT Premium Tin Indonesia
A116: CID001458 | B116: Tin | C116: PT Prima Timah Utama | E116: INDONESIA | F116: CID001458 | G116: RMI | H116: 0 | I116: Pangkal Pinang | J116: Kepulauan Bangka Belitung | R116: PT Prima Timah Utama | S116: =IF(B116="","",IF(ISERROR(MATCH($E116,CL,0)),"Unknown",INDIRECT("'C'!$A$"&MATCH($E116,CL,0)+1))) -> ID | T116: =IF(B116="","",IF(ISERROR(MATCH($J116,[1]SorP!$B$1:$B$6261,0)),"",INDIRECT("'SorP'!$A$"&MATCH($S116&$J116,[1]SorP!C:C,0)))) -> IE-CW | V116: =IF(C116="",NA(),IF(OR(C116="Smelter not listed",C116="Smelter not yet identified"),MATCH($B116&$D116,'[1]Smelter Look-up'!$J:$J,0),MATCH($B116&$C116,'[1]Smelter Look-up'!$J:$J,0))) -> 527 | X116: =IF(AND(C116="Smelter not listed",OR(LEN(D116)=0,LEN(E116)=0)),1,0) -> 0 | AB116: =B116&C116 -> TinPT Prima Timah Utama
A117: CID003868 | B117: Tin | C117: PT Putera Sarana Shakti (PT PSS) | E117: INDONESIA | F117: CID003868 | G117: RMI | H117: 0 | I117: Sungailiat | J117: Kepulauan Bangka Belitung | R117: PT Putera Sarana Shakti (PT PSS) | S117: =IF(B117="","",IF(ISERROR(MATCH($E117,CL,0)),"Unknown",INDIRECT("'C'!$A$"&MATCH($E117,CL,0)+1))) -> ID | T117: =IF(B117="","",IF(ISERROR(MATCH($J117,[1]SorP!$B$1:$B$6261,0)),"",INDIRECT("'SorP'!$A$"&MATCH($S117&$J117,[1]SorP!C:C,0)))) -> IE-CW | V117: =IF(C117="",NA(),IF(OR(C117="Smelter not listed",C117="Smelter not yet identified"),MATCH($B117&$D117,'[1]Smelter Look-up'!$J:$J,0),MATCH($B117&$C117,'[1]Smelter Look-up'!$J:$J,0))) -> 528 | X117: =IF(AND(C117="Smelter not listed",OR(LEN(D117)=0,LEN(E117)=0)),1,0) -> 0 | AB117: =B117&C117 -> TinPT Putera Sarana Shakti (PT PSS)
V118: #N/A | X118: 0 | AB118: =B118&C118
V119: #N/A | X119: 0 | AB119: =B119&C119
V120: #N/A | X120: 0 | AB120: =B120&C120
V121: #N/A | X121: 0 | AB121: =B121&C121
V122: #N/A | X122: 0 | AB122: =B122&C122
V123: #N/A | X123: 0 | AB123: =B123&C123
V124: #N/A | X124: 0 | AB124: =B124&C124
V125: #N/A | X125: 0 | AB125: =B125&C125
V126: #N/A | X126: 0 | AB126: =B126&C126
V127: #N/A | X127: 0 | AB127: =B127&C127
V128: #N/A | X128: 0 | AB128: =B128&C128
V129: #N/A | X129: 0 | AB129: =B129&C129
... V290: #N/A | X290: 0 | AB290: =B290&C290
B291: {=IF(LEN(A291)=0,"",INDEX('Smelter Look-up'!$A:$A,MATCH($A291,'Smelter Look-up'!$E:$E,0)))} | C291: {=IF(LEN(A291)=0,"",INDEX('Smelter Look-up'!$C:$C,MATCH($A291,'Smelter Look-up'!$E:$E,0)))} | E291: =IF(ISERROR($V291),"",OFFSET('Smelter Look-up'!$D$4,$V291-4,0)&"") | F291: =IF(ISERROR($V291),"",OFFSET('Smelter Look-up'!$E$4,$V291-4,0)) | G291: =IF(C291=$X$4,IF(ISERROR($V291),"Enter smelter details","RMI"),IF(ISERROR($V291),"",OFFSET('Smelter Look-up'!$F$4,$V291-4,0))) | H291: =IF(ISERROR($V291),"",OFFSET('Smelter Look-up'!$G$4,$V291-4,0)) | I291: =IF(ISERROR($V291),"",OFFSET('Smelter Look-up'!$H$4,$V291-4,0)) | J291: =IF(ISERROR($V291),"",OFFSET('Smelter Look-up'!$I$4,$V291-4,0)) | R291: =IF(ISERROR($V291),"",OFFSET('Smelter Look-up'!$C$4,$V291-4,0)&"") | S291: {=IF(B291="","",IF(ISERROR(MATCH($E291,CL,0)),"Unknown",INDIRECT("'C'!$A$"&MATCH($E291,CL,0)+1)))} | T291: {=IF(B291="","",IF(ISERROR(MATCH($J291,SorP!$B$1:$B$6226,0)),"",INDIRECT("'SorP'!$A$"&MATCH($S291&$J291,SorP!C:C,0))))} | V291: =IF(C291="",NA(),IF(OR(C291="Smelter not listed",C291="Smelter not yet identified"),MATCH($B291&$D291,'Smelter Look-up'!$J:$J,0),MATCH($B291&$C291,'Smelter Look-up'!$J:$J,0))) -> #N/A | X291: =IF(AND(C291="Smelter not listed",OR(LEN(D291)=0,LEN(E291)=0)),1,0) -> 0 | AB291: =B291&C291
B292: {=IF(LEN(A292)=0,"",INDEX('Smelter Look-up'!$A:$A,MATCH($A292,'Smelter Look-up'!$E:$E,0)))} | C292: {=IF(LEN(A292)=0,"",INDEX('Smelter Look-up'!$C:$C,MATCH($A292,'Smelter Look-up'!$E:$E,0)))} | E292: =IF(ISERROR($V292),"",OFFSET('Smelter Look-up'!$D$4,$V292-4,0)&"") | F292: =IF(ISERROR($V292),"",OFFSET('Smelter Look-up'!$E$4,$V292-4,0)) | G292: =IF(C292=$X$4,IF(ISERROR($V292),"Enter smelter details","RMI"),IF(ISERROR($V292),"",OFFSET('Smelter Look-up'!$F$4,$V292-4,0))) | H292: =IF(ISERROR($V292),"",OFFSET('Smelter Look-up'!$G$4,$V292-4,0)) | I292: =IF(ISERROR($V292),"",OFFSET('Smelter Look-up'!$H$4,$V292-4,0)) | J292: =IF(ISERROR($V292),"",OFFSET('Smelter Look-up'!$I$4,$V292-4,0)) | R292: =IF(ISERROR($V292),"",OFFSET('Smelter Look-up'!$C$4,$V292-4,0)&"") | S292: {=IF(B292="","",IF(ISERROR(MATCH($E292,CL,0)),"Unknown",INDIRECT("'C'!$A$"&MATCH($E292,CL,0)+1)))} | T292: {=IF(B292="","",IF(ISERROR(MATCH($J292,SorP!$B$1:$B$6226,0)),"",INDIRECT("'SorP'!$A$"&MATCH($S292&$J292,SorP!C:C,0))))} | V292: =IF(C292="",NA(),IF(OR(C292="Smelter not listed",C292="Smelter not yet identified"),MATCH($B292&$D292,'Smelter Look-up'!$J:$J,0),MATCH($B292&$C292,'Smelter Look-up'!$J:$J,0))) -> #N/A | X292: =IF(AND(C292="Smelter not listed",OR(LEN(D292)=0,LEN(E292)=0)),1,0) -> 0 | AB292: =B292&C292
B293: {=IF(LEN(A293)=0,"",INDEX('Smelter Look-up'!$A:$A,MATCH($A293,'Smelter Look-up'!$E:$E,0)))} | C293: {=IF(LEN(A293)=0,"",INDEX('Smelter Look-up'!$C:$C,MATCH($A293,'Smelter Look-up'!$E:$E,0)))} | E293: =IF(ISERROR($V293),"",OFFSET('Smelter Look-up'!$D$4,$V293-4,0)&"") | F293: =IF(ISERROR($V293),"",OFFSET('Smelter Look-up'!$E$4,$V293-4,0)) | G293: =IF(C293=$X$4,IF(ISERROR($V293),"Enter smelter details","RMI"),IF(ISERROR($V293),"",OFFSET('Smelter Look-up'!$F$4,$V293-4,0))) | H293: =IF(ISERROR($V293),"",OFFSET('Smelter Look-up'!$G$4,$V293-4,0)) | I293: =IF(ISERROR($V293),"",OFFSET('Smelter Look-up'!$H$4,$V293-4,0)) | J293: =IF(ISERROR($V293),"",OFFSET('Smelter Look-up'!$I$4,$V293-4,0)) | R293: =IF(ISERROR($V293),"",OFFSET('Smelter Look-up'!$C$4,$V293-4,0)&"") | S293: {=IF(B293="","",IF(ISERROR(MATCH($E293,CL,0)),"Unknown",INDIRECT("'C'!$A$"&MATCH($E293,CL,0)+1)))} | T293: {=IF(B293="","",IF(ISERROR(MATCH($J293,SorP!$B$1:$B$6226,0)),"",INDIRECT("'SorP'!$A$"&MATCH($S293&$J293,SorP!C:C,0))))} | V293: =IF(C293="",NA(),IF(OR(C293="Smelter not listed",C293="Smelter not yet identified"),MATCH($B293&$D293,'Smelter Look-up'!$J:$J,0),MATCH($B293&$C293,'Smelter Look-up'!$J:$J,0))) -> #N/A | X293: =IF(AND(C293="Smelter not listed",OR(LEN(D293)=0,LEN(E293)=0)),1,0) -> 0 | AB293: =B293&C293
B294: {=IF(LEN(A294)=0,"",INDEX('Smelter Look-up'!$A:$A,MATCH($A294,'Smelter Look-up'!$E:$E,0)))} | C294: {=IF(LEN(A294)=0,"",INDEX('Smelter Look-up'!$C:$C,MATCH($A294,'Smelter Look-up'!$E:$E,0)))} | E294: =IF(ISERROR($V294),"",OFFSET('Smelter Look-up'!$D$4,$V294-4,0)&"") | F294: =IF(ISERROR($V294),"",OFFSET('Smelter Look-up'!$E$4,$V294-4,0)) | G294: =IF(C294=$X$4,IF(ISERROR($V294),"Enter smelter details","RMI"),IF(ISERROR($V294),"",OFFSET('Smelter Look-up'!$F$4,$V294-4,0))) | H294: =IF(ISERROR($V294),"",OFFSET('Smelter Look-up'!$G$4,$V294-4,0)) | I294: =IF(ISERROR($V294),"",OFFSET('Smelter Look-up'!$H$4,$V294-4,0)) | J294: =IF(ISERROR($V294),"",OFFSET('Smelter Look-up'!$I$4,$V294-4,0)) | R294: =IF(ISERROR($V294),"",OFFSET('Smelter Look-up'!$C$4,$V294-4,0)&"") | S294: {=IF(B294="","",IF(ISERROR(MATCH($E294,CL,0)),"Unknown",INDIRECT("'C'!$A$"&MATCH($E294,CL,0)+1)))} | T294: {=IF(B294="","",IF(ISERROR(MATCH($J294,SorP!$B$1:$B$6226,0)),"",INDIRECT("'SorP'!$A$"&MATCH($S294&$J294,SorP!C:C,0))))} | V294: =IF(C294="",NA(),IF(OR(C294="Smelter not listed",C294="Smelter not yet identified"),MATCH($B294&$D294,'Smelter Look-up'!$J:$J,0),MATCH($B294&$C294,'Smelter Look-up'!$J:$J,0))) -> #N/A | X294: =IF(AND(C294="Smelter not listed",OR(LEN(D294)=0,LEN(E294)=0)),1,0) -> 0 | AB294: =B294&C294
B295: {=IF(LEN(A295)=0,"",INDEX('Smelter Look-up'!$A:$A,MATCH($A295,'Smelter Look-up'!$E:$E,0)))} | C295: {=IF(LEN(A295)=0,"",INDEX('Smelter Look-up'!$C:$C,MATCH($A295,'Smelter Look-up'!$E:$E,0)))} | E295: =IF(ISERROR($V295),"",OFFSET('Smelter Look-up'!$D$4,$V295-4,0)&"") | F295: =IF(ISERROR($V295),"",OFFSET('Smelter Look-up'!$E$4,$V295-4,0)) | G295: =IF(C295=$X$4,IF(ISERROR($V295),"Enter smelter details","RMI"),IF(ISERROR($V295),"",OFFSET('Smelter Look-up'!$F$4,$V295-4,0))) | H295: =IF(ISERROR($V295),"",OFFSET('Smelter Look-up'!$G$4,$V295-4,0)) | I295: =IF(ISERROR($V295),"",OFFSET('Smelter Look-up'!$H$4,$V295-4,0)) | J295: =IF(ISERROR($V295),"",OFFSET('Smelter Look-up'!$I$4,$V295-4,0)) | R295: =IF(ISERROR($V295),"",OFFSET('Smelter Look-up'!$C$4,$V295-4,0)&"") | S295: {=IF(B295="","",IF(ISERROR(MATCH($E295,CL,0)),"Unknown",INDIRECT("'C'!$A$"&MATCH($E295,CL,0)+1)))} | T295: {=IF(B295="","",IF(ISERROR(MATCH($J295,SorP!$B$1:$B$6226,0)),"",INDIRECT("'SorP'!$A$"&MATCH($S295&$J295,SorP!C:C,0))))} | V295: =IF(C295="",NA(),IF(OR(C295="Smelter not listed",C295="Smelter not yet identified"),MATCH($B295&$D295,'Smelter Look-up'!$J:$J,0),MATCH($B295&$C295,'Smelter Look-up'!$J:$J,0))) -> #N/A | X295: =IF(AND(C295="Smelter not listed",OR(LEN(D295)=0,LEN(E295)=0)),1,0) -> 0 | AB295: =B295&C295
B296: {=IF(LEN(A296)=0,"",INDEX('Smelter Look-up'!$A:$A,MATCH($A296,'Smelter Look-up'!$E:$E,0)))} | C296: {=IF(LEN(A296)=0,"",INDEX('Smelter Look-up'!$C:$C,MATCH($A296,'Smelter Look-up'!$E:$E,0)))} | E296: =IF(ISERROR($V296),"",OFFSET('Smelter Look-up'!$D$4,$V296-4,0)&"") | F296: =IF(ISERROR($V296),"",OFFSET('Smelter Look-up'!$E$4,$V296-4,0)) | G296: =IF(C296=$X$4,IF(ISERROR($V296),"Enter smelter details","RMI"),IF(ISERROR($V296),"",OFFSET('Smelter Look-up'!$F$4,$V296-4,0))) | H296: =IF(ISERROR($V296),"",OFFSET('Smelter Look-up'!$G$4,$V296-4,0)) | I296: =IF(ISERROR($V296),"",OFFSET('Smelter Look-up'!$H$4,$V296-4,0)) | J296: =IF(ISERROR($V296),"",OFFSET('Smelter Look-up'!$I$4,$V296-4,0)) | R296: =IF(ISERROR($V296),"",OFFSET('Smelter Look-up'!$C$4,$V296-4,0)&"") | S296: {=IF(B296="","",IF(ISERROR(MATCH($E296,CL,0)),"Unknown",INDIRECT("'C'!$A$"&MATCH($E296,CL,0)+1)))} | T296: {=IF(B296="","",IF(ISERROR(MATCH($J296,SorP!$B$1:$B$6226,0)),"",INDIRECT("'SorP'!$A$"&MATCH($S296&$J296,SorP!C:C,0))))} | V296: =IF(C296="",NA(),IF(OR(C296="Smelter not listed",C296="Smelter not yet identified"),MATCH($B296&$D296,'Smelter Look-up'!$J:$J,0),MATCH($B296&$C296,'Smelter Look-up'!$J:$J,0))) -> #N/A | X296: =IF(AND(C296="Smelter not listed",OR(LEN(D296)=0,LEN(E296)=0)),1,0) -> 0 | AB296: =B296&C296
B297: {=IF(LEN(A297)=0,"",INDEX('Smelter Look-up'!$A:$A,MATCH($A297,'Smelter Look-up'!$E:$E,0)))} | C297: {=IF(LEN(A297)=0,"",INDEX('Smelter Look-up'!$C:$C,MATCH($A297,'Smelter Look-up'!$E:$E,0)))} | E297: =IF(ISERROR($V297),"",OFFSET('Smelter Look-up'!$D$4,$V297-4,0)&"") | F297: =IF(ISERROR($V297),"",OFFSET('Smelter Look-up'!$E$4,$V297-4,0)) | G297: =IF(C297=$X$4,IF(ISERROR($V297),"Enter smelter details","RMI"),IF(ISERROR($V297),"",OFFSET('Smelter Look-up'!$F$4,$V297-4,0))) | H297: =IF(ISERROR($V297),"",OFFSET('Smelter Look-up'!$G$4,$V297-4,0)) | I297: =IF(ISERROR($V297),"",OFFSET('Smelter Look-up'!$H$4,$V297-4,0)) | J297: =IF(ISERROR($V297),"",OFFSET('Smelter Look-up'!$I$4,$V297-4,0)) | R297: =IF(ISERROR($V297),"",OFFSET('Smelter Look-up'!$C$4,$V297-4,0)&"") | S297: {=IF(B297="","",IF(ISERROR(MATCH($E297,CL,0)),"Unknown",INDIRECT("'C'!$A$"&MATCH($E297,CL,0)+1)))} | T297: {=IF(B297="","",IF(ISERROR(MATCH($J297,SorP!$B$1:$B$6226,0)),"",INDIRECT("'SorP'!$A$"&MATCH($S297&$J297,SorP!C:C,0))))} | V297: =IF(C297="",NA(),IF(OR(C297="Smelter not listed",C297="Smelter not yet identified"),MATCH($B297&$D297,'Smelter Look-up'!$J:$J,0),MATCH($B297&$C297,'Smelter Look-up'!$J:$J,0))) -> #N/A | X297: =IF(AND(C297="Smelter not listed",OR(LEN(D297)=0,LEN(E297)=0)),1,0) -> 0 | AB297: =B297&C297
B298: {=IF(LEN(A298)=0,"",INDEX('Smelter Look-up'!$A:$A,MATCH($A298,'Smelter Look-up'!$E:$E,0)))} | C298: {=IF(LEN(A298)=0,"",INDEX('Smelter Look-up'!$C:$C,MATCH($A298,'Smelter Look-up'!$E:$E,0)))} | E298: =IF(ISERROR($V298),"",OFFSET('Smelter Look-up'!$D$4,$V298-4,0)&"") | F298: =IF(ISERROR($V298),"",OFFSET('Smelter Look-up'!$E$4,$V298-4,0)) | G298: =IF(C298=$X$4,IF(ISERROR($V298),"Enter smelter details","RMI"),IF(ISERROR($V298),"",OFFSET('Smelter Look-up'!$F$4,$V298-4,0))) | H298: =IF(ISERROR($V298),"",OFFSET('Smelter Look-up'!$G$4,$V298-4,0)) | I298: =IF(ISERROR($V298),"",OFFSET('Smelter Look-up'!$H$4,$V298-4,0)) | J298: =IF(ISERROR($V298),"",OFFSET('Smelter Look-up'!$I$4,$V298-4,0)) | R298: =IF(ISERROR($V298),"",OFFSET('Smelter Look-up'!$C$4,$V298-4,0)&"") | S298: {=IF(B298="","",IF(ISERROR(MATCH($E298,CL,0)),"Unknown",INDIRECT("'C'!$A$"&MATCH($E298,CL,0)+1)))} | T298: {=IF(B298="","",IF(ISERROR(MATCH($J298,SorP!$B$1:$B$6226,0)),"",INDIRECT("'SorP'!$A$"&MATCH($S298&$J298,SorP!C:C,0))))} | V298: =IF(C298="",NA(),IF(OR(C298="Smelter not listed",C298="Smelter not yet identified"),MATCH($B298&$D298,'Smelter Look-up'!$J:$J,0),MATCH($B298&$C298,'Smelter Look-up'!$J:$J,0))) -> #N/A | X298: =IF(AND(C298="Smelter not listed",OR(LEN(D298)=0,LEN(E298)=0)),1,0) -> 0 | AB298: =B298&C298
B299: {=IF(LEN(A299)=0,"",INDEX('Smelter Look-up'!$A:$A,MATCH($A299,'Smelter Look-up'!$E:$E,0)))} | C299: {=IF(LEN(A299)=0,"",INDEX('Smelter Look-up'!$C:$C,MATCH($A299,'Smelter Look-up'!$E:$E,0)))} | E299: =IF(ISERROR($V299),"",OFFSET('Smelter Look-up'!$D$4,$V299-4,0)&"") | F299: =IF(ISERROR($V299),"",OFFSET('Smelter Look-up'!$E$4,$V299-4,0)) | G299: =IF(C299=$X$4,IF(ISERROR($V299),"Enter smelter details","RMI"),IF(ISERROR($V299),"",OFFSET('Smelter Look-up'!$F$4,$V299-4,0))) | H299: =IF(ISERROR($V299),"",OFFSET('Smelter Look-up'!$G$4,$V299-4,0)) | I299: =IF(ISERROR($V299),"",OFFSET('Smelter Look-up'!$H$4,$V299-4,0)) | J299: =IF(ISERROR($V299),"",OFFSET('Smelter Look-up'!$I$4,$V299-4,0)) | R299: =IF(ISERROR($V299),"",OFFSET('Smelter Look-up'!$C$4,$V299-4,0)&"") | S299: {=IF(B299="","",IF(ISERROR(MATCH($E299,CL,0)),"Unknown",INDIRECT("'C'!$A$"&MATCH($E299,CL,0)+1)))} | T299: {=IF(B299="","",IF(ISERROR(MATCH($J299,SorP!$B$1:$B$6226,0)),"",INDIRECT("'SorP'!$A$"&MATCH($S299&$J299,SorP!C:C,0))))} | V299: =IF(C299="",NA(),IF(OR(C299="Smelter not listed",C299="Smelter not yet identified"),MATCH($B299&$D299,'Smelter Look-up'!$J:$J,0),MATCH($B299&$C299,'Smelter Look-up'!$J:$J,0))) -> #N/A | X299: =IF(AND(C299="Smelter not listed",OR(LEN(D299)=0,LEN(E299)=0)),1,0) -> 0 | AB299: =B299&C299
B300: {=IF(LEN(A300)=0,"",INDEX('Smelter Look-up'!$A:$A,MATCH($A300,'Smelter Look-up'!$E:$E,0)))} | C300: {=IF(LEN(A300)=0,"",INDEX('Smelter Look-up'!$C:$C,MATCH($A300,'Smelter Look-up'!$E:$E,0)))} | E300: =IF(ISERROR($V300),"",OFFSET('Smelter Look-up'!$D$4,$V300-4,0)&"") | F300: =IF(ISERROR($V300),"",OFFSET('Smelter Look-up'!$E$4,$V300-4,0)) | G300: =IF(C300=$X$4,IF(ISERROR($V300),"Enter smelter details","RMI"),IF(ISERROR($V300),"",OFFSET('Smelter Look-up'!$F$4,$V300-4,0))) | H300: =IF(ISERROR($V300),"",OFFSET('Smelter Look-up'!$G$4,$V300-4,0)) | I300: =IF(ISERROR($V300),"",OFFSET('Smelter Look-up'!$H$4,$V300-4,0)) | J300: =IF(ISERROR($V300),"",OFFSET('Smelter Look-up'!$I$4,$V300-4,0)) | R300: =IF(ISERROR($V300),"",OFFSET('Smelter Look-up'!$C$4,$V300-4,0)&"") | S300: {=IF(B300="","",IF(ISERROR(MATCH($E300,CL,0)),"Unknown",INDIRECT("'C'!$A$"&MATCH($E300,CL,0)+1)))} | T300: {=IF(B300="","",IF(ISERROR(MATCH($J300,SorP!$B$1:$B$6226,0)),"",INDIRECT("'SorP'!$A$"&MATCH($S300&$J300,SorP!C:C,0))))} | V300: =IF(C300="",NA(),IF(OR(C300="Smelter not listed",C300="Smelter not yet identified"),MATCH($B300&$D300,'Smelter Look-up'!$J:$J,0),MATCH($B300&$C300,'Smelter Look-up'!$J:$J,0))) -> #N/A | X300: =IF(AND(C300="Smelter not listed",OR(LEN(D300)=0,LEN(E300)=0)),1,0) -> 0 | AB300: =B300&C300
B301: {=IF(LEN(A301)=0,"",INDEX('Smelter Look-up'!$A:$A,MATCH($A301,'Smelter Look-up'!$E:$E,0)))} | C301: {=IF(LEN(A301)=0,"",INDEX('Smelter Look-up'!$C:$C,MATCH($A301,'Smelter Look-up'!$E:$E,0)))} | E301: =IF(ISERROR($V301),"",OFFSET('Smelter Look-up'!$D$4,$V301-4,0)&"") | F301: =IF(ISERROR($V301),"",OFFSET('Smelter Look-up'!$E$4,$V301-4,0)) | G301: =IF(C301=$X$4,IF(ISERROR($V301),"Enter smelter details","RMI"),IF(ISERROR($V301),"",OFFSET('Smelter Look-up'!$F$4,$V301-4,0))) | H301: =IF(ISERROR($V301),"",OFFSET('Smelter Look-up'!$G$4,$V301-4,0)) | I301: =IF(ISERROR($V301),"",OFFSET('Smelter Look-up'!$H$4,$V301-4,0)) | J301: =IF(ISERROR($V301),"",OFFSET('Smelter Look-up'!$I$4,$V301-4,0)) | R301: =IF(ISERROR($V301),"",OFFSET('Smelter Look-up'!$C$4,$V301-4,0)&"") | S301: {=IF(B301="","",IF(ISERROR(MATCH($E301,CL,0)),"Unknown",INDIRECT("'C'!$A$"&MATCH($E301,CL,0)+1)))} | T301: {=IF(B301="","",IF(ISERROR(MATCH($J301,SorP!$B$1:$B$6226,0)),"",INDIRECT("'SorP'!$A$"&MATCH($S301&$J301,SorP!C:C,0))))} | V301: =IF(C301="",NA(),IF(OR(C301="Smelter not listed",C301="Smelter not yet identified"),MATCH($B301&$D301,'Smelter Look-up'!$J:$J,0),MATCH($B301&$C301,'Smelter Look-up'!$J:$J,0))) -> #N/A | X301: =IF(AND(C301="Smelter not listed",OR(LEN(D301)=0,LEN(E301)=0)),1,0) -> 0 | AB301: =B301&C301
B302: {=IF(LEN(A302)=0,"",INDEX('Smelter Look-up'!$A:$A,MATCH($A302,'Smelter Look-up'!$E:$E,0)))} | C302: {=IF(LEN(A302)=0,"",INDEX('Smelter Look-up'!$C:$C,MATCH($A302,'Smelter Look-up'!$E:$E,0)))} | E302: =IF(ISERROR($V302),"",OFFSET('Smelter Look-up'!$D$4,$V302-4,0)&"") | F302: =IF(ISERROR($V302),"",OFFSET('Smelter Look-up'!$E$4,$V302-4,0)) | G302: =IF(C302=$X$4,IF(ISERROR($V302),"Enter smelter details","RMI"),IF(ISERROR($V302),"",OFFSET('Smelter Look-up'!$F$4,$V302-4,0))) | H302: =IF(ISERROR($V302),"",OFFSET('Smelter Look-up'!$G$4,$V302-4,0)) | I302: =IF(ISERROR($V302),"",OFFSET('Smelter Look-up'!$H$4,$V302-4,0)) | J302: =IF(ISERROR($V302),"",OFFSET('Smelter Look-up'!$I$4,$V302-4,0)) | R302: =IF(ISERROR($V302),"",OFFSET('Smelter Look-up'!$C$4,$V302-4,0)&"") | S302: {=IF(B302="","",IF(ISERROR(MATCH($E302,CL,0)),"Unknown",INDIRECT("'C'!$A$"&MATCH($E302,CL,0)+1)))} | T302: {=IF(B302="","",IF(ISERROR(MATCH($J302,SorP!$B$1:$B$6226,0)),"",INDIRECT("'SorP'!$A$"&MATCH($S302&$J302,SorP!C:C,0))))} | V302: =IF(C302="",NA(),IF(OR(C302="Smelter not listed",C302="Smelter not yet identified"),MATCH($B302&$D302,'Smelter Look-up'!$J:$J,0),MATCH($B302&$C302,'Smelter Look-up'!$J:$J,0))) -> #N/A | X302: =IF(AND(C302="Smelter not listed",OR(LEN(D302)=0,LEN(E302)=0)),1,0) -> 0 | AB302: =B302&C302
... B2479: {=IF(LEN(A2479)=0,"",INDEX('Smelter Look-up'!$A:$A,MATCH($A2479,'Smelter Look-up'!$E:$E,0)))} | C2479: {=IF(LEN(A2479)=0,"",INDEX('Smelter Look-up'!$C:$C,MATCH($A2479,'Smelter Look-up'!$E:$E,0)))} | E2479: =IF(ISERROR($V2479),"",OFFSET('Smelter Look-up'!$D$4,$V2479-4,0)&"") | F2479: =IF(ISERROR($V2479),"",OFFSET('Smelter Look-up'!$E$4,$V2479-4,0)) | G2479: =IF(C2479=$X$4,IF(ISERROR($V2479),"Enter smelter details","RMI"),IF(ISERROR($V2479),"",OFFSET('Smelter Look-up'!$F$4,$V2479-4,0))) | H2479: =IF(ISERROR($V2479),"",OFFSET('Smelter Look-up'!$G$4,$V2479-4,0)) | I2479: =IF(ISERROR($V2479),"",OFFSET('Smelter Look-up'!$H$4,$V2479-4,0)) | J2479: =IF(ISERROR($V2479),"",OFFSET('Smelter Look-up'!$I$4,$V2479-4,0)) | R2479: =IF(ISERROR($V2479),"",OFFSET('Smelter Look-up'!$C$4,$V2479-4,0)&"") | S2479: {=IF(B2479="","",IF(ISERROR(MATCH($E2479,CL,0)),"Unknown",INDIRECT("'C'!$A$"&MATCH($E2479,CL,0)+1)))} | T2479: {=IF(B2479="","",IF(ISERROR(MATCH($J2479,SorP!$B$1:$B$6226,0)),"",INDIRECT("'SorP'!$A$"&MATCH($S2479&$J2479,SorP!C:C,0))))} | V2479: =IF(C2479="",NA(),IF(OR(C2479="Smelter not listed",C2479="Smelter not yet identified"),MATCH($B2479&$D2479,'Smelter Look-up'!$J:$J,0),MATCH($B2479&$C2479,'Smelter Look-up'!$J:$J,0))) -> #N/A | X2479: =IF(AND(C2479="Smelter not listed",OR(LEN(D2479)=0,LEN(E2479)=0)),1,0) -> 0 | AB2479: =B2479&C2479
B2480: {=IF(LEN(A2480)=0,"",INDEX('Smelter Look-up'!$A:$A,MATCH($A2480,'Smelter Look-up'!$E:$E,0)))} | C2480: {=IF(LEN(A2480)=0,"",INDEX('Smelter Look-up'!$C:$C,MATCH($A2480,'Smelter Look-up'!$E:$E,0)))} | E2480: =IF(ISERROR($V2480),"",OFFSET('Smelter Look-up'!$D$4,$V2480-4,0)&"") | F2480: =IF(ISERROR($V2480),"",OFFSET('Smelter Look-up'!$E$4,$V2480-4,0)) | G2480: =IF(C2480=$X$4,IF(ISERROR($V2480),"Enter smelter details","RMI"),IF(ISERROR($V2480),"",OFFSET('Smelter Look-up'!$F$4,$V2480-4,0))) | H2480: =IF(ISERROR($V2480),"",OFFSET('Smelter Look-up'!$G$4,$V2480-4,0)) | I2480: =IF(ISERROR($V2480),"",OFFSET('Smelter Look-up'!$H$4,$V2480-4,0)) | J2480: =IF(ISERROR($V2480),"",OFFSET('Smelter Look-up'!$I$4,$V2480-4,0)) | R2480: =IF(ISERROR($V2480),"",OFFSET('Smelter Look-up'!$C$4,$V2480-4,0)&"") | S2480: {=IF(B2480="","",IF(ISERROR(MATCH($E2480,CL,0)),"Unknown",INDIRECT("'C'!$A$"&MATCH($E2480,CL,0)+1)))} | T2480: {=IF(B2480="","",IF(ISERROR(MATCH($J2480,SorP!$B$1:$B$6226,0)),"",INDIRECT("'SorP'!$A$"&MATCH($S2480&$J2480,SorP!C:C,0))))} | V2480: =IF(C2480="",NA(),IF(OR(C2480="Smelter not listed",C2480="Smelter not yet identified"),MATCH($B2480&$D2480,'Smelter Look-up'!$J:$J,0),MATCH($B2480&$C2480,'Smelter Look-up'!$J:$J,0))) -> #N/A
B2481: {=IF(LEN(A2481)=0,"",INDEX('Smelter Look-up'!$A:$A,MATCH($A2481,'Smelter Look-up'!$E:$E,0)))} | C2481: {=IF(LEN(A2481)=0,"",INDEX('Smelter Look-up'!$C:$C,MATCH($A2481,'Smelter Look-up'!$E:$E,0)))} | E2481: =IF(ISERROR($V2481),"",OFFSET('Smelter Look-up'!$D$4,$V2481-4,0)&"") | F2481: =IF(ISERROR($V2481),"",OFFSET('Smelter Look-up'!$E$4,$V2481-4,0)) | G2481: =IF(C2481=$X$4,IF(ISERROR($V2481),"Enter smelter details","RMI"),IF(ISERROR($V2481),"",OFFSET('Smelter Look-up'!$F$4,$V2481-4,0))) | H2481: =IF(ISERROR($V2481),"",OFFSET('Smelter Look-up'!$G$4,$V2481-4,0)) | I2481: =IF(ISERROR($V2481),"",OFFSET('Smelter Look-up'!$H$4,$V2481-4,0)) | J2481: =IF(ISERROR($V2481),"",OFFSET('Smelter Look-up'!$I$4,$V2481-4,0)) | R2481: =IF(ISERROR($V2481),"",OFFSET('Smelter Look-up'!$C$4,$V2481-4,0)&"") | S2481: {=IF(B2481="","",IF(ISERROR(MATCH($E2481,CL,0)),"Unknown",INDIRECT("'C'!$A$"&MATCH($E2481,CL,0)+1)))} | T2481: {=IF(B2481="","",IF(ISERROR(MATCH($J2481,SorP!$B$1:$B$6226,0)),"",INDIRECT("'SorP'!$A$"&MATCH($S2481&$J2481,SorP!C:C,0))))} | V2481: =IF(C2481="",NA(),IF(OR(C2481="Smelter not listed",C2481="Smelter not yet identified"),MATCH($B2481&$D2481,'Smelter Look-up'!$J:$J,0),MATCH($B2481&$C2481,'Smelter Look-up'!$J:$J,0))) -> #N/A
B2482: {=IF(LEN(A2482)=0,"",INDEX('Smelter Look-up'!$A:$A,MATCH($A2482,'Smelter Look-up'!$E:$E,0)))} | C2482: {=IF(LEN(A2482)=0,"",INDEX('Smelter Look-up'!$C:$C,MATCH($A2482,'Smelter Look-up'!$E:$E,0)))} | E2482: =IF(ISERROR($V2482),"",OFFSET('Smelter Look-up'!$D$4,$V2482-4,0)&"") | F2482: =IF(ISERROR($V2482),"",OFFSET('Smelter Look-up'!$E$4,$V2482-4,0)) | G2482: =IF(C2482=$X$4,IF(ISERROR($V2482),"Enter smelter details","RMI"),IF(ISERROR($V2482),"",OFFSET('Smelter Look-up'!$F$4,$V2482-4,0))) | H2482: =IF(ISERROR($V2482),"",OFFSET('Smelter Look-up'!$G$4,$V2482-4,0)) | I2482: =IF(ISERROR($V2482),"",OFFSET('Smelter Look-up'!$H$4,$V2482-4,0)) | J2482: =IF(ISERROR($V2482),"",OFFSET('Smelter Look-up'!$I$4,$V2482-4,0)) | R2482: =IF(ISERROR($V2482),"",OFFSET('Smelter Look-up'!$C$4,$V2482-4,0)&"") | S2482: {=IF(B2482="","",IF(ISERROR(MATCH($E2482,CL,0)),"Unknown",INDIRECT("'C'!$A$"&MATCH($E2482,CL,0)+1)))} | T2482: {=IF(B2482="","",IF(ISERROR(MATCH($J2482,SorP!$B$1:$B$6226,0)),"",INDIRECT("'SorP'!$A$"&MATCH($S2482&$J2482,SorP!C:C,0))))} | V2482: =IF(C2482="",NA(),IF(OR(C2482="Smelter not listed",C2482="Smelter not yet identified"),MATCH($B2482&$D2482,'Smelter Look-up'!$J:$J,0),MATCH($B2482&$C2482,'Smelter Look-up'!$J:$J,0))) -> #N/A
B2483: {=IF(LEN(A2483)=0,"",INDEX('Smelter Look-up'!$A:$A,MATCH($A2483,'Smelter Look-up'!$E:$E,0)))} | C2483: {=IF(LEN(A2483)=0,"",INDEX('Smelter Look-up'!$C:$C,MATCH($A2483,'Smelter Look-up'!$E:$E,0)))} | E2483: =IF(ISERROR($V2483),"",OFFSET('Smelter Look-up'!$D$4,$V2483-4,0)&"") | F2483: =IF(ISERROR($V2483),"",OFFSET('Smelter Look-up'!$E$4,$V2483-4,0)) | G2483: =IF(C2483=$X$4,IF(ISERROR($V2483),"Enter smelter details","RMI"),IF(ISERROR($V2483),"",OFFSET('Smelter Look-up'!$F$4,$V2483-4,0))) | H2483: =IF(ISERROR($V2483),"",OFFSET('Smelter Look-up'!$G$4,$V2483-4,0)) | I2483: =IF(ISERROR($V2483),"",OFFSET('Smelter Look-up'!$H$4,$V2483-4,0)) | J2483: =IF(ISERROR($V2483),"",OFFSET('Smelter Look-up'!$I$4,$V2483-4,0)) | R2483: =IF(ISERROR($V2483),"",OFFSET('Smelter Look-up'!$C$4,$V2483-4,0)&"") | S2483: {=IF(B2483="","",IF(ISERROR(MATCH($E2483,CL,0)),"Unknown",INDIRECT("'C'!$A$"&MATCH($E2483,CL,0)+1)))} | T2483: {=IF(B2483="","",IF(ISERROR(MATCH($J2483,SorP!$B$1:$B$6226,0)),"",INDIRECT("'SorP'!$A$"&MATCH($S2483&$J2483,SorP!C:C,0))))} | V2483: =IF(C2483="",NA(),IF(OR(C2483="Smelter not listed",C2483="Smelter not yet identified"),MATCH($B2483&$D2483,'Smelter Look-up'!$J:$J,0),MATCH($B2483&$C2483,'Smelter Look-up'!$J:$J,0))) -> #N/A
B2484: {=IF(LEN(A2484)=0,"",INDEX('Smelter Look-up'!$A:$A,MATCH($A2484,'Smelter Look-up'!$E:$E,0)))} | C2484: {=IF(LEN(A2484)=0,"",INDEX('Smelter Look-up'!$C:$C,MATCH($A2484,'Smelter Look-up'!$E:$E,0)))} | E2484: =IF(ISERROR($V2484),"",OFFSET('Smelter Look-up'!$D$4,$V2484-4,0)&"") | F2484: =IF(ISERROR($V2484),"",OFFSET('Smelter Look-up'!$E$4,$V2484-4,0)) | G2484: =IF(C2484=$X$4,IF(ISERROR($V2484),"Enter smelter details","RMI"),IF(ISERROR($V2484),"",OFFSET('Smelter Look-up'!$F$4,$V2484-4,0))) | H2484: =IF(ISERROR($V2484),"",OFFSET('Smelter Look-up'!$G$4,$V2484-4,0)) | I2484: =IF(ISERROR($V2484),"",OFFSET('Smelter Look-up'!$H$4,$V2484-4,0)) | J2484: =IF(ISERROR($V2484),"",OFFSET('Smelter Look-up'!$I$4,$V2484-4,0)) | R2484: =IF(ISERROR($V2484),"",OFFSET('Smelter Look-up'!$C$4,$V2484-4,0)&"") | S2484: {=IF(B2484="","",IF(ISERROR(MATCH($E2484,CL,0)),"Unknown",INDIRECT("'C'!$A$"&MATCH($E2484,CL,0)+1)))} | T2484: {=IF(B2484="","",IF(ISERROR(MATCH($J2484,SorP!$B$1:$B$6226,0)),"",INDIRECT("'SorP'!$A$"&MATCH($S2484&$J2484,SorP!C:C,0))))} | V2484: =IF(C2484="",NA(),IF(OR(C2484="Smelter not listed",C2484="Smelter not yet identified"),MATCH($B2484&$D2484,'Smelter Look-up'!$J:$J,0),MATCH($B2484&$C2484,'Smelter Look-up'!$J:$J,0))) -> #N/A
B2485: {=IF(LEN(A2485)=0,"",INDEX('Smelter Look-up'!$A:$A,MATCH($A2485,'Smelter Look-up'!$E:$E,0)))} | C2485: {=IF(LEN(A2485)=0,"",INDEX('Smelter Look-up'!$C:$C,MATCH($A2485,'Smelter Look-up'!$E:$E,0)))} | E2485: =IF(ISERROR($V2485),"",OFFSET('Smelter Look-up'!$D$4,$V2485-4,0)&"") | F2485: =IF(ISERROR($V2485),"",OFFSET('Smelter Look-up'!$E$4,$V2485-4,0)) | G2485: =IF(C2485=$X$4,IF(ISERROR($V2485),"Enter smelter details","RMI"),IF(ISERROR($V2485),"",OFFSET('Smelter Look-up'!$F$4,$V2485-4,0))) | H2485: =IF(ISERROR($V2485),"",OFFSET('Smelter Look-up'!$G$4,$V2485-4,0)) | I2485: =IF(ISERROR($V2485),"",OFFSET('Smelter Look-up'!$H$4,$V2485-4,0)) | J2485: =IF(ISERROR($V2485),"",OFFSET('Smelter Look-up'!$I$4,$V2485-4,0)) | R2485: =IF(ISERROR($V2485),"",OFFSET('Smelter Look-up'!$C$4,$V2485-4,0)&"") | S2485: {=IF(B2485="","",IF(ISERROR(MATCH($E2485,CL,0)),"Unknown",INDIRECT("'C'!$A$"&MATCH($E2485,CL,0)+1)))} | T2485: {=IF(B2485="","",IF(ISERROR(MATCH($J2485,SorP!$B$1:$B$6226,0)),"",INDIRECT("'SorP'!$A$"&MATCH($S2485&$J2485,SorP!C:C,0))))} | V2485: =IF(C2485="",NA(),IF(OR(C2485="Smelter not listed",C2485="Smelter not yet identified"),MATCH($B2485&$D2485,'Smelter Look-up'!$J:$J,0),MATCH($B2485&$C2485,'Smelter Look-up'!$J:$J,0))) -> #N/A
B2486: {=IF(LEN(A2486)=0,"",INDEX('Smelter Look-up'!$A:$A,MATCH($A2486,'Smelter Look-up'!$E:$E,0)))} | C2486: {=IF(LEN(A2486)=0,"",INDEX('Smelter Look-up'!$C:$C,MATCH($A2486,'Smelter Look-up'!$E:$E,0)))} | E2486: =IF(ISERROR($V2486),"",OFFSET('Smelter Look-up'!$D$4,$V2486-4,0)&"") | F2486: =IF(ISERROR($V2486),"",OFFSET('Smelter Look-up'!$E$4,$V2486-4,0)) | G2486: =IF(C2486=$X$4,IF(ISERROR($V2486),"Enter smelter details","RMI"),IF(ISERROR($V2486),"",OFFSET('Smelter Look-up'!$F$4,$V2486-4,0))) | H2486: =IF(ISERROR($V2486),"",OFFSET('Smelter Look-up'!$G$4,$V2486-4,0)) | I2486: =IF(ISERROR($V2486),"",OFFSET('Smelter Look-up'!$H$4,$V2486-4,0)) | J2486: =IF(ISERROR($V2486),"",OFFSET('Smelter Look-up'!$I$4,$V2486-4,0)) | R2486: =IF(ISERROR($V2486),"",OFFSET('Smelter Look-up'!$C$4,$V2486-4,0)&"") | S2486: {=IF(B2486="","",IF(ISERROR(MATCH($E2486,CL,0)),"Unknown",INDIRECT("'C'!$A$"&MATCH($E2486,CL,0)+1)))} | T2486: {=IF(B2486="","",IF(ISERROR(MATCH($J2486,SorP!$B$1:$B$6226,0)),"",INDIRECT("'SorP'!$A$"&MATCH($S2486&$J2486,SorP!C:C,0))))} | V2486: =IF(C2486="",NA(),IF(OR(C2486="Smelter not listed",C2486="Smelter not yet identified"),MATCH($B2486&$D2486,'Smelter Look-up'!$J:$J,0),MATCH($B2486&$C2486,'Smelter Look-up'!$J:$J,0))) -> #N/A
B2487: {=IF(LEN(A2487)=0,"",INDEX('Smelter Look-up'!$A:$A,MATCH($A2487,'Smelter Look-up'!$E:$E,0)))} | C2487: {=IF(LEN(A2487)=0,"",INDEX('Smelter Look-up'!$C:$C,MATCH($A2487,'Smelter Look-up'!$E:$E,0)))} | E2487: =IF(ISERROR($V2487),"",OFFSET('Smelter Look-up'!$D$4,$V2487-4,0)&"") | F2487: =IF(ISERROR($V2487),"",OFFSET('Smelter Look-up'!$E$4,$V2487-4,0)) | G2487: =IF(C2487=$X$4,IF(ISERROR($V2487),"Enter smelter details","RMI"),IF(ISERROR($V2487),"",OFFSET('Smelter Look-up'!$F$4,$V2487-4,0))) | H2487: =IF(ISERROR($V2487),"",OFFSET('Smelter Look-up'!$G$4,$V2487-4,0)) | I2487: =IF(ISERROR($V2487),"",OFFSET('Smelter Look-up'!$H$4,$V2487-4,0)) | J2487: =IF(ISERROR($V2487),"",OFFSET('Smelter Look-up'!$I$4,$V2487-4,0)) | R2487: =IF(ISERROR($V2487),"",OFFSET('Smelter Look-up'!$C$4,$V2487-4,0)&"") | S2487: {=IF(B2487="","",IF(ISERROR(MATCH($E2487,CL,0)),"Unknown",INDIRECT("'C'!$A$"&MATCH($E2487,CL,0)+1)))} | T2487: {=IF(B2487="","",IF(ISERROR(MATCH($J2487,SorP!$B$1:$B$6226,0)),"",INDIRECT("'SorP'!$A$"&MATCH($S2487&$J2487,SorP!C:C,0))))} | V2487: =IF(C2487="",NA(),IF(OR(C2487="Smelter not listed",C2487="Smelter not yet identified"),MATCH($B2487&$D2487,'Smelter Look-up'!$J:$J,0),MATCH($B2487&$C2487,'Smelter Look-up'!$J:$J,0))) -> #N/A
B2488: {=IF(LEN(A2488)=0,"",INDEX('Smelter Look-up'!$A:$A,MATCH($A2488,'Smelter Look-up'!$E:$E,0)))} | C2488: {=IF(LEN(A2488)=0,"",INDEX('Smelter Look-up'!$C:$C,MATCH($A2488,'Smelter Look-up'!$E:$E,0)))} | E2488: =IF(ISERROR($V2488),"",OFFSET('Smelter Look-up'!$D$4,$V2488-4,0)&"") | F2488: =IF(ISERROR($V2488),"",OFFSET('Smelter Look-up'!$E$4,$V2488-4,0)) | G2488: =IF(C2488=$X$4,IF(ISERROR($V2488),"Enter smelter details","RMI"),IF(ISERROR($V2488),"",OFFSET('Smelter Look-up'!$F$4,$V2488-4,0))) | H2488: =IF(ISERROR($V2488),"",OFFSET('Smelter Look-up'!$G$4,$V2488-4,0)) | I2488: =IF(ISERROR($V2488),"",OFFSET('Smelter Look-up'!$H$4,$V2488-4,0)) | J2488: =IF(ISERROR($V2488),"",OFFSET('Smelter Look-up'!$I$4,$V2488-4,0)) | R2488: =IF(ISERROR($V2488),"",OFFSET('Smelter Look-up'!$C$4,$V2488-4,0)&"") | S2488: {=IF(B2488="","",IF(ISERROR(MATCH($E2488,CL,0)),"Unknown",INDIRECT("'C'!$A$"&MATCH($E2488,CL,0)+1)))} | T2488: {=IF(B2488="","",IF(ISERROR(MATCH($J2488,SorP!$B$1:$B$6226,0)),"",INDIRECT("'SorP'!$A$"&MATCH($S2488&$J2488,SorP!C:C,0))))} | V2488: =IF(C2488="",NA(),IF(OR(C2488="Smelter not listed",C2488="Smelter not yet identified"),MATCH($B2488&$D2488,'Smelter Look-up'!$J:$J,0),MATCH($B2488&$C2488,'Smelter Look-up'!$J:$J,0))) -> #N/A
B2489: {=IF(LEN(A2489)=0,"",INDEX('Smelter Look-up'!$A:$A,MATCH($A2489,'Smelter Look-up'!$E:$E,0)))} | C2489: {=IF(LEN(A2489)=0,"",INDEX('Smelter Look-up'!$C:$C,MATCH($A2489,'Smelter Look-up'!$E:$E,0)))} | E2489: =IF(ISERROR($V2489),"",OFFSET('Smelter Look-up'!$D$4,$V2489-4,0)&"") | F2489: =IF(ISERROR($V2489),"",OFFSET('Smelter Look-up'!$E$4,$V2489-4,0)) | G2489: =IF(C2489=$X$4,IF(ISERROR($V2489),"Enter smelter details","RMI"),IF(ISERROR($V2489),"",OFFSET('Smelter Look-up'!$F$4,$V2489-4,0))) | H2489: =IF(ISERROR($V2489),"",OFFSET('Smelter Look-up'!$G$4,$V2489-4,0)) | I2489: =IF(ISERROR($V2489),"",OFFSET('Smelter Look-up'!$H$4,$V2489-4,0)) | J2489: =IF(ISERROR($V2489),"",OFFSET('Smelter Look-up'!$I$4,$V2489-4,0)) | R2489: =IF(ISERROR($V2489),"",OFFSET('Smelter Look-up'!$C$4,$V2489-4,0)&"") | S2489: {=IF(B2489="","",IF(ISERROR(MATCH($E2489,CL,0)),"Unknown",INDIRECT("'C'!$A$"&MATCH($E2489,CL,0)+1)))} | T2489: {=IF(B2489="","",IF(ISERROR(MATCH($J2489,SorP!$B$1:$B$6226,0)),"",INDIRECT("'SorP'!$A$"&MATCH($S2489&$J2489,SorP!C:C,0))))} | V2489: =IF(C2489="",NA(),IF(OR(C2489="Smelter not listed",C2489="Smelter not yet identified"),MATCH($B2489&$D2489,'Smelter Look-up'!$J:$J,0),MATCH($B2489&$C2489,'Smelter Look-up'!$J:$J,0))) -> #N/A
B2490: {=IF(LEN(A2490)=0,"",INDEX('Smelter Look-up'!$A:$A,MATCH($A2490,'Smelter Look-up'!$E:$E,0)))} | C2490: {=IF(LEN(A2490)=0,"",INDEX('Smelter Look-up'!$C:$C,MATCH($A2490,'Smelter Look-up'!$E:$E,0)))} | E2490: =IF(ISERROR($V2490),"",OFFSET('Smelter Look-up'!$D$4,$V2490-4,0)&"") | F2490: =IF(ISERROR($V2490),"",OFFSET('Smelter Look-up'!$E$4,$V2490-4,0)) | G2490: =IF(C2490=$X$4,IF(ISERROR($V2490),"Enter smelter details","RMI"),IF(ISERROR($V2490),"",OFFSET('Smelter Look-up'!$F$4,$V2490-4,0))) | H2490: =IF(ISERROR($V2490),"",OFFSET('Smelter Look-up'!$G$4,$V2490-4,0)) | I2490: =IF(ISERROR($V2490),"",OFFSET('Smelter Look-up'!$H$4,$V2490-4,0)) | J2490: =IF(ISERROR($V2490),"",OFFSET('Smelter Look-up'!$I$4,$V2490-4,0)) | R2490: =IF(ISERROR($V2490),"",OFFSET('Smelter Look-up'!$C$4,$V2490-4,0)&"") | S2490: {=IF(B2490="","",IF(ISERROR(MATCH($E2490,CL,0)),"Unknown",INDIRECT("'C'!$A$"&MATCH($E2490,CL,0)+1)))} | T2490: {=IF(B2490="","",IF(ISERROR(MATCH($J2490,SorP!$B$1:$B$6226,0)),"",INDIRECT("'SorP'!$A$"&MATCH($S2490&$J2490,SorP!C:C,0))))} | V2490: =IF(C2490="",NA(),IF(OR(C2490="Smelter not listed",C2490="Smelter not yet identified"),MATCH($B2490&$D2490,'Smelter Look-up'!$J:$J,0),MATCH($B2490&$C2490,'Smelter Look-up'!$J:$J,0))) -> #N/A
B2491: {=IF(LEN(A2491)=0,"",INDEX('Smelter Look-up'!$A:$A,MATCH($A2491,'Smelter Look-up'!$E:$E,0)))} | C2491: {=IF(LEN(A2491)=0,"",INDEX('Smelter Look-up'!$C:$C,MATCH($A2491,'Smelter Look-up'!$E:$E,0)))} | E2491: =IF(ISERROR($V2491),"",OFFSET('Smelter Look-up'!$D$4,$V2491-4,0)&"") | F2491: =IF(ISERROR($V2491),"",OFFSET('Smelter Look-up'!$E$4,$V2491-4,0)) | G2491: =IF(C2491=$X$4,IF(ISERROR($V2491),"Enter smelter details","RMI"),IF(ISERROR($V2491),"",OFFSET('Smelter Look-up'!$F$4,$V2491-4,0))) | H2491: =IF(ISERROR($V2491),"",OFFSET('Smelter Look-up'!$G$4,$V2491-4,0)) | I2491: =IF(ISERROR($V2491),"",OFFSET('Smelter Look-up'!$H$4,$V2491-4,0)) | J2491: =IF(ISERROR($V2491),"",OFFSET('Smelter Look-up'!$I$4,$V2491-4,0)) | R2491: =IF(ISERROR($V2491),"",OFFSET('Smelter Look-up'!$C$4,$V2491-4,0)&"") | S2491: {=IF(B2491="","",IF(ISERROR(MATCH($E2491,CL,0)),"Unknown",INDIRECT("'C'!$A$"&MATCH($E2491,CL,0)+1)))} | T2491: {=IF(B2491="","",IF(ISERROR(MATCH($J2491,SorP!$B$1:$B$6226,0)),"",INDIRECT("'SorP'!$A$"&MATCH($S2491&$J2491,SorP!C:C,0))))} | V2491: =IF(C2491="",NA(),IF(OR(C2491="Smelter not listed",C2491="Smelter not yet identified"),MATCH($B2491&$D2491,'Smelter Look-up'!$J:$J,0),MATCH($B2491&$C2491,'Smelter Look-up'!$J:$J,0))) -> #N/A | X2491: =IF(AND(C2491="Smelter not listed",OR(LEN(D2491)=0,LEN(E2491)=0)),1,0) -> 0 | AB2491: =B2491&C2491

Sheet Checker
A1: =OFFSET(L!$C$1,MATCH("Checker"&ADDRESS(ROW(),COLUMN(),4),L!$A:$A,0)-1,SL,,) -> Afin de s'assurer que tous les champs obligatoires ont été complétés avant de soumettre le document à vos clients, merci de vérifier tous les champs surlignés en rouge | D1: =OFFSET(L!$C$1,MATCH("Checker"&ADDRESS(ROW(),COLUMN(),4),L!$A:$A,0)-1,SL,,) -> Champs obligatoires non complétés
A2: Click here to return to Declaration tab | B2: #gid=1664813480 | C2: #gid=1118206067 | D2: =IF(H70=0,"0",H70) -> 0
A3: =OFFSET(L!$C$1,MATCH("Checker"&ADDRESS(ROW(),COLUMN(),4),L!$A:$A,0)-1,SL,,) -> Champs obligatoires | B3: =OFFSET(L!$C$1,MATCH("Checker"&ADDRESS(ROW(),COLUMN(),4),L!$A:$A,0)-1,SL,,) -> Réponse fournie | C3: =OFFSET(L!$C$1,MATCH("Checker"&ADDRESS(ROW(),COLUMN(),4),L!$A:$A,0)-1,SL,,) -> Remarques | D3: =OFFSET(L!$C$1,MATCH("Checker"&ADDRESS(ROW(),COLUMN(),4),L!$A:$A,0)-1,SL,,) -> Lien au document d'origine | F3: necessary? | G3: complete? | H3: incomplete | I3: comment1 | J3: comment for remaining
A4: =Declaration!B8 -> Nom de l'entreprise (*): | B4: =Declaration!D8 -> Lamineries MATTHEY,Branch of Notz Metall AG | C4: =IF(H4=1,J4,I4) -> Complétez | F4: 1 | G4: =IF(B4=0,1,0) -> 0 | H4: =F4*G4 -> 0 | I4: =OFFSET(L!$C$1,MATCH("Checker"&"Comp",L!$A:$A,0)-1,SL,,) -> Complétez | J4: =OFFSET(L!$C$1,MATCH("Checker"&ADDRESS(ROW(),COLUMN(),4),L!$A:$A,0)-1,SL,,) -> Indiquez le nom de votre entreprise dans la cellule D8 de l'onglet Déclaration
A5: =Declaration!B9 -> Périmètre de la déclaration (*): | B5: =Declaration!D9 -> B. Product (or List of Products) | C5: =IF(H5=1,J5,I5) -> Complétez | F5: 1 | G5: =IF(B5=0,1,0) -> 0 | H5: =F5*G5 -> 0 | I5: =OFFSET(L!$C$1,MATCH("Checker"&"Comp",L!$A:$A,0)-1,SL,,) -> Complétez | J5: =OFFSET(L!$C$1,MATCH("Checker"&ADDRESS(ROW(),COLUMN(),4),L!$A:$A,0)-1,SL,,) -> Sélectionnez le champ d'application de la déclaration dans la cellule D9 de l'onglet Déclaration
A6: =Declaration!B10 -> Allez sur l'onglet "Liste des produits" pour saisir les produits auxquels cette déclaration s'applique | B6: =Declaration!D10 -> 0 | C6: =IF(H6=1,J6,I6) -> Complétez | F6: =IF(OR(B5=Declaration!P9,B5=Declaration!Q9,B5=0),0,1) -> 0 | G6: =IF(B6=0,1,0) -> 1 | H6: =F6*G6 -> 0 | I6: =OFFSET(L!$C$1,MATCH("Checker"&"Comp",L!$A:$A,0)-1,SL,,) -> Complétez | J6: =OFFSET(L!$C$1,MATCH("Checker"&ADDRESS(ROW(),COLUMN(),4),L!$A:$A,0)-1,SL,,) -> Saisissez une description du champ d'application dans la cellule D10 de l'onglet Déclaration
A7: =Declaration!B15 -> Nom du contact (*): | B7: =Declaration!D15 -> Aziz Ibzazene | C7: =IF(H7=1,J7,I7) -> Complétez | F7: 1 | G7: =IF(B7=0,1,0) -> 0 | H7: =F7*G7 -> 0 | I7: =OFFSET(L!$C$1,MATCH("Checker"&"Comp",L!$A:$A,0)-1,SL,,) -> Complétez | J7: =OFFSET(L!$C$1,MATCH("Checker"&ADDRESS(ROW(),COLUMN(),4),L!$A:$A,0)-1,SL,,) -> Saisissez le nom de contact dans la cellule D15 de l'onglet Déclaration
A8: =Declaration!B16 -> Email du contact (*): | B8: =Declaration!D16 -> aziz.ibzazene@matthey.ch | C8: =IF(H8=1,J8,I8) -> Complétez | F8: 1 | G8: =IF(ISNUMBER(SEARCH("@",B8)),0,1) -> 0 | H8: =F8*G8 -> 0 | I8: =OFFSET(L!$C$1,MATCH("Checker"&"Comp",L!$A:$A,0)-1,SL,,) -> Complétez | J8: =OFFSET(L!$C$1,MATCH("Checker"&ADDRESS(ROW(),COLUMN(),4),L!$A:$A,0)-1,SL,,) -> Saisissez une adresse e-mail de contact valide dans la cellule D16 de l’onglet Déclaration
A9: =Declaration!B17 -> Téléphone du contact (*): | B9: =Declaration!D17 -> +41 32 752 32 32 | C9: =IF(H9=1,J9,I9) -> Complétez | F9: 1 | G9: =IF(B9=0,1,0) -> 0 | H9: =F9*G9 -> 0 | I9: =OFFSET(L!$C$1,MATCH("Checker"&"Comp",L!$A:$A,0)-1,SL,,) -> Complétez | J9: =OFFSET(L!$C$1,MATCH("Checker"&ADDRESS(ROW(),COLUMN(),4),L!$A:$A,0)-1,SL,,) -> Saisissez un numéro de téléphone de contact dans la cellule D17 de l'onglet Déclaration
A10: =Declaration!B18 -> Nom de la personne responsable de la déclaration (*): | B10: =Declaration!D18 -> Claude Biselli | C10: =IF(H10=1,J10,I10) -> Complétez | F10: 1 | G10: =IF(B10=0,1,0) -> 0 | H10: =F10*G10 -> 0 | I10: =OFFSET(L!$C$1,MATCH("Checker"&"Comp",L!$A:$A,0)-1,SL,,) -> Complétez | J10: =OFFSET(L!$C$1,MATCH("Checker"&ADDRESS(ROW(),COLUMN(),4),L!$A:$A,0)-1,SL,,) -> Saisissez le nom de contact du représentant agréé de l'entreprise dans la cellule D18 de l'onglet Déclaration
A11: =Declaration!B20 -> Email du représentant légal (*): | B11: =Declaration!D20 -> claude.besili@matthey.ch | C11: =IF(H11=1,J11,I11) -> Complétez | F11: 1 | G11: =IF(ISNUMBER(SEARCH("@",B11)),0,1) -> 0 | H11: =F11*G11 -> 0 | I11: =OFFSET(L!$C$1,MATCH("Checker"&"Comp",L!$A:$A,0)-1,SL,,) -> Complétez | J11: =OFFSET(L!$C$1,MATCH("Checker"&ADDRESS(ROW(),COLUMN(),4),L!$A:$A,0)-1,SL,,) -> Saisissez une adresse e-mail valide du représentant agréé de la société dans la cellule D20 de l’onglet Déclaration
A12: =Declaration!B22 -> Date de la déclaration (*): | B12: =Declaration!D22 -> 46281 | C12: =IF(H12=1,J12,I12) -> Complétez | F12: 1 | G12: =IF(B12=0,1,0) -> 0 | H12: =F12*G12 -> 0 | I12: =OFFSET(L!$C$1,MATCH("Checker"&"Comp",L!$A:$A,0)-1,SL,,) -> Complétez | J12: =OFFSET(L!$C$1,MATCH("Checker"&ADDRESS(ROW(),COLUMN(),4),L!$A:$A,0)-1,SL,,) -> Saisissez la date de remplissage du formulaire dans la cellule D22 de l'onglet Déclaration
A13: =Declaration!B25 -> 1) Des 3TG sont-ils intentionnellement ajoutés ou utilisés dans le(s) produit(s) ou les processus de production ? (*) | H13: =F13*G13 -> 0
A14: =Declaration!B26 -> Tantale | B14: =Declaration!D26 -> No | C14: =IF(H14=1,J14,I14) -> Complétez | F14: 1 | G14: =IF(B14=0,1,0) -> 0 | H14: =F14*G14 -> 0 | I14: =OFFSET(L!$C$1,MATCH("Checker"&"Comp",L!$A:$A,0)-1,SL,,) -> Complétez | J14: =OFFSET(L!$C$1,MATCH("Checker"&ADDRESS(ROW(),COLUMN(),4),L!$A:$A,0)-1,SL,,) -> Déclarez si du tantale est intentionnellement ajouté à vos produits dans la cellule D26 de l'onglet Déclaration
A15: =Declaration!B27 -> Étain | B15: =Declaration!D27 -> No | C15: =IF(H15=1,J15,I15) -> Complétez | F15: 1 | G15: =IF(B15=0,1,0) -> 0 | H15: =F15*G15 -> 0 | I15: =OFFSET(L!$C$1,MATCH("Checker"&"Comp",L!$A:$A,0)-1,SL,,) -> Complétez | J15: =OFFSET(L!$C$1,MATCH("Checker"&ADDRESS(ROW(),COLUMN(),4),L!$A:$A,0)-1,SL,,) -> Déclarez si de l'étain est intentionnellement ajouté à vos produits dans la cellule D27 de l'onglet Déclaration
A16: =Declaration!B28 -> Or | B16: =Declaration!D28 -> No | C16: =IF(H16=1,J16,I16) -> Complétez | F16: 1 | G16: =IF(B16=0,1,0) -> 0 | H16: =F16*G16 -> 0 | I16: =OFFSET(L!$C$1,MATCH("Checker"&"Comp",L!$A:$A,0)-1,SL,,) -> Complétez | J16: =OFFSET(L!$C$1,MATCH("Checker"&ADDRESS(ROW(),COLUMN(),4),L!$A:$A,0)-1,SL,,) -> Déclarez si de l'or est intentionnellement ajouté à vos produits dans la cellule D28 de l'onglet Déclaration
A17: =Declaration!B29 -> Tungstène (*) | B17: =Declaration!D29 -> Yes | C17: =IF(H17=1,J17,I17) -> Complétez | F17: 1 | G17: =IF(B17=0,1,0) -> 0 | H17: =F17*G17 -> 0 | I17: =OFFSET(L!$C$1,MATCH("Checker"&"Comp",L!$A:$A,0)-1,SL,,) -> Complétez | J17: =OFFSET(L!$C$1,MATCH("Checker"&ADDRESS(ROW(),COLUMN(),4),L!$A:$A,0)-1,SL,,) -> Déclarez si du tungstène est intentionnellement ajouté à vos produits dans la cellule D29 de l'onglet Déclaration
A18: =Declaration!B31 -> 2) Reste-t-il des 3TG dans le(s) produit(s) ? (*) (*)
A19: =Declaration!B32 -> Tantale | B19: =IF($B$14="Yes",Declaration!D32,0) -> 0 | C19: =IF(H19=1,J19,I19) -> Complétez | F19: =IF(B$14="No",0,1) -> 0 | G19: =IF(B19=0,1,0) -> 1 | H19: =F19*G19 -> 0 | I19: =OFFSET(L!$C$1,MATCH("Checker"&"Comp",L!$A:$A,0)-1,SL,,) -> Complétez | J19: =OFFSET(L!$C$1,MATCH("Checker"&ADDRESS(ROW(),COLUMN(),4),L!$A:$A,0)-1,SL,,) -> Déclarez si du tantale est nécessaire à la fabrication de vos produits et est contenu dans les produits finis déclarés dans la cellule D32 de l'onglet Déclaration
A20: =Declaration!B33 -> Étain | B20: =IF($B$15="Yes",Declaration!D33,0) -> 0 | C20: =IF(H20=1,J20,I20) -> Complétez | F20: =IF(B$15="No",0,1) -> 0 | G20: =IF(B20=0,1,0) -> 1 | H20: =F20*G20 -> 0 | I20: =OFFSET(L!$C$1,MATCH("Checker"&"Comp",L!$A:$A,0)-1,SL,,) -> Complétez | J20: =OFFSET(L!$C$1,MATCH("Checker"&ADDRESS(ROW(),COLUMN(),4),L!$A:$A,0)-1,SL,,) -> Déclarez si de l'étain est nécessaire à la fabrication de vos produits et est contenu dans les produits finis déclarés dans la cellule D33 de l'onglet Déclaration
A21: =Declaration!B34 -> Or | B21: =IF($B$16="Yes",Declaration!D34,0) -> 0 | C21: =IF(H21=1,J21,I21) -> Complétez | F21: =IF(B$16="No",0,1) -> 0 | G21: =IF(B21=0,1,0) -> 1 | H21: =F21*G21 -> 0 | I21: =OFFSET(L!$C$1,MATCH("Checker"&"Comp",L!$A:$A,0)-1,SL,,) -> Complétez | J21: =OFFSET(L!$C$1,MATCH("Checker"&ADDRESS(ROW(),COLUMN(),4),L!$A:$A,0)-1,SL,,) -> Déclarez si de l'or est nécessaire à la fabrication de vos produits et est contenu dans les produits finis déclarés dans la cellule D34 de l'onglet Déclaration
A22: =Declaration!B35 -> Tungstène (*) | B22: =IF($B$17="Yes",Declaration!D35,0) -> Yes | C22: =IF(H22=1,J22,I22) -> Complétez | F22: =IF(B$17="No",0,1) -> 1 | G22: =IF(B22=0,1,0) -> 0 | H22: =F22*G22 -> 0 | I22: =OFFSET(L!$C$1,MATCH("Checker"&"Comp",L!$A:$A,0)-1,SL,,) -> Complétez | J22: =OFFSET(L!$C$1,MATCH("Checker"&ADDRESS(ROW(),COLUMN(),4),L!$A:$A,0)-1,SL,,) -> Déclarez si du tungstène est nécessaire à la fabrication de vos produits et est contenu dans les produits finis déclarés dans la cellule D35 de l'onglet Déclaration
A23: =Declaration!B37 -> 3) Est-ce qu’une des fonderies de votre chaîne d’approvisionnement s’approvisionne en 3TG à partir des pays couverts ? (terme SEC, consulter l’onglet des définitions) (*)
A24: =Declaration!B38 -> Tantale | B24: =IF(AND($B$14="Yes",$B$19="Yes"),Declaration!D38,0) -> 0 | C24: =IF(H24=1,J24,I24) -> Complétez | F24: =IF(OR(B14="No",B19="No"),0,1) -> 0 | G24: =IF(B24=0,1,0) -> 1 | H24: =F24*G24 -> 0 | I24: =OFFSET(L!$C$1,MATCH("Checker"&"Comp",L!$A:$A,0)-1,SL,,) -> Complétez | J24: =OFFSET(L!$C$1,MATCH("Checker"&ADDRESS(ROW(),COLUMN(),4),L!$A:$A,0)-1,SL,,) -> Déclarez si le tantale utilisé dans le cadre des produits déclarés dans les réponses à cette enquête provient de la RDC ou d'un pays voisin dans la cellule D38 de l'onglet Déclaration
A25: =Declaration!B39 -> Étain | B25: =IF(AND($B$15="Yes",$B$20="Yes"),Declaration!D39,0) -> 0 | C25: =IF(H25=1,J25,I25) -> Complétez | F25: =IF(OR(B15="No",B20="No"),0,1) -> 0 | G25: =IF(B25=0,1,0) -> 1 | H25: =F25*G25 -> 0 | I25: =OFFSET(L!$C$1,MATCH("Checker"&"Comp",L!$A:$A,0)-1,SL,,) -> Complétez | J25: =OFFSET(L!$C$1,MATCH("Checker"&ADDRESS(ROW(),COLUMN(),4),L!$A:$A,0)-1,SL,,) -> Déclarez si l'étain utilisé dans le cadre de produits déclarés dans les réponses à cette enquête est originaire de la RDC ou d'un pays voisin dans la cellule D39 de l'onglet Déclaration
A26: =Declaration!B40 -> Or | B26: =IF(AND($B$16="Yes",$B$21="Yes"),Declaration!D40,0) -> 0 | C26: =IF(H26=1,J26,I26) -> Complétez | F26: =IF(OR(B16="No",B21="No"),0,1) -> 0 | G26: =IF(B26=0,1,0) -> 1 | H26: =F26*G26 -> 0 | I26: =OFFSET(L!$C$1,MATCH("Checker"&"Comp",L!$A:$A,0)-1,SL,,) -> Complétez | J26: =OFFSET(L!$C$1,MATCH("Checker"&ADDRESS(ROW(),COLUMN(),4),L!$A:$A,0)-1,SL,,) -> Déclarez si l'or utilisé dans le cadre des produits déclarés dans les réponses à cette enquête est originaire de la RDC ou d'un pays voisin dans la cellule D40 de l'onglet Déclaration
A27: =Declaration!B41 -> Tungstène (*) | B27: =IF(AND($B$17="Yes",$B$22="Yes"),Declaration!D41,0) -> No | C27: =IF(H27=1,J27,I27) -> Complétez | F27: =IF(OR(B17="No",B22="No"),0,1) -> 1 | G27: =IF(B27=0,1,0) -> 0 | H27: =F27*G27 -> 0 | I27: =OFFSET(L!$C$1,MATCH("Checker"&"Comp",L!$A:$A,0)-1,SL,,) -> Complétez | J27: =OFFSET(L!$C$1,MATCH("Checker"&ADDRESS(ROW(),COLUMN(),4),L!$A:$A,0)-1,SL,,) -> Déclarez si le tungstène utilisé dans le cadre des produits déclarés dans les réponses à cette enquête est originaire de la RDC ou d'un pays voisin dans la cellule D41 de l'onglet Déclaration.
A28: =Declaration!B43 -> 4) L’une des fonderies de votre chaîne d’approvisionnement se fournit-elle en 3TG auprès de zones touchées par des conflits et à haut risque ? (*)
A29: =Declaration!B44 -> Tantale | B29: =IF(AND($B$14="Yes",$B$19="Yes"),Declaration!D44,0) -> 0 | C29: =IF(H29=1,J29,I29) -> Complétez | F29: =F24 -> 0 | G29: =IF(B29=0,1,0) -> 1 | H29: =F29*G29 -> 0 | I29: =OFFSET(L!$C$1,MATCH("Checker"&"Comp",L!$A:$A,0)-1,SL,,) -> Complétez | J29: =OFFSET(L!$C$1,MATCH("Checker"&ADDRESS(ROW(),COLUMN(),4),L!$A:$A,0)-1,SL,,) -> Déclarez si le tantale utilisé dans le champ d’application des produits déclarés dans cette réponse d’enquête provient d’une zone touchée par des conflits et à haut risque dans la cellule D44 de l’onglet Déclaration.
A30: =Declaration!B45 -> Étain | B30: =IF(AND($B$15="Yes",$B$20="Yes"),Declaration!D45,0) -> 0 | C30: =IF(H30=1,J30,I30) -> Complétez | F30: =F25 -> 0 | G30: =IF(B30=0,1,0) -> 1 | H30: =F30*G30 -> 0 | I30: =OFFSET(L!$C$1,MATCH("Checker"&"Comp",L!$A:$A,0)-1,SL,,) -> Complétez | J30: =OFFSET(L!$C$1,MATCH("Checker"&ADDRESS(ROW(),COLUMN(),4),L!$A:$A,0)-1,SL,,) -> Déclarez si l’étain utilisé dans le champ d’application des produits déclarés dans cette réponse d’enquête provient d’une zone touchée par des conflits et à haut risque dans la cellule D45 de l’onglet Déclaration.
A31: =Declaration!B46 -> Or | B31: =IF(AND($B$16="Yes",$B$21="Yes"),Declaration!D46,0) -> 0 | C31: =IF(H31=1,J31,I31) -> Complétez | F31: =F26 -> 0 | G31: =IF(B31=0,1,0) -> 1 | H31: =F31*G31 -> 0 | I31: =OFFSET(L!$C$1,MATCH("Checker"&"Comp",L!$A:$A,0)-1,SL,,) -> Complétez | J31: =OFFSET(L!$C$1,MATCH("Checker"&ADDRESS(ROW(),COLUMN(),4),L!$A:$A,0)-1,SL,,) -> Déclarez si l’or utilisé dans le champ d’application des produits déclarés dans cette réponse d’enquête provient d’une zone touchée par des conflits et à haut risque dans la cellule D46 de l’onglet Déclaration.
A32: =Declaration!B47 -> Tungstène (*) | B32: =IF(AND($B$17="Yes",$B$22="Yes"),Declaration!D47,0) -> No | C32: =IF(H32=1,J32,I32) -> Complétez | F32: =F27 -> 1 | G32: =IF(B32=0,1,0) -> 0 | H32: =F32*G32 -> 0 | I32: =OFFSET(L!$C$1,MATCH("Checker"&"Comp",L!$A:$A,0)-1,SL,,) -> Complétez | J32: =OFFSET(L!$C$1,MATCH("Checker"&ADDRESS(ROW(),COLUMN(),4),L!$A:$A,0)-1,SL,,) -> Déclarez si le tungstène utilisé dans le champ d’application des produits déclarés dans cette réponse d’enquête provient d’une zone touchée par des conflits et à haut risque dans la cellule D47 de l’onglet Déclaration.
A33: =Declaration!B49 -> 5) Est-ce que 100 % des 3TG (nécessaires au fonctionnement ou à la production de vos produits) provient de sources recyclées ? (*)
A34: =Declaration!B50 -> Tantale | B34: =IF(AND($B$14="Yes",$B$19="Yes"),Declaration!D50,0) -> 0 | C34: =IF(H34=1,J34,I34) -> Complétez | F34: =F24 -> 0 | G34: =IF(B34=0,1,0) -> 1 | H34: =F34*G34 -> 0 | I34: =OFFSET(L!$C$1,MATCH("Checker"&"Comp",L!$A:$A,0)-1,SL,,) -> Complétez | J34: =OFFSET(L!$C$1,MATCH("Checker"&ADDRESS(ROW(),COLUMN(),4),L!$A:$A,0)-1,SL,,) -> Déclarez si le tantale utilisé dans le cadre des produits déclarés dans cette réponse à l'enquête provient d'une source entièrement recyclée ou de débris dans la cellule D44 de l'onglet Déclaration
A35: =Declaration!B51 -> Étain | B35: =IF(AND($B$15="Yes",$B$20="Yes"),Declaration!D51,0) -> 0 | C35: =IF(H35=1,J35,I35) -> Complétez | F35: =F25 -> 0 | G35: =IF(B35=0,1,0) -> 1 | H35: =F35*G35 -> 0 | I35: =OFFSET(L!$C$1,MATCH("Checker"&"Comp",L!$A:$A,0)-1,SL,,) -> Complétez | J35: =OFFSET(L!$C$1,MATCH("Checker"&ADDRESS(ROW(),COLUMN(),4),L!$A:$A,0)-1,SL,,) -> Déclarez si l'étain utilisé dans le cadre des produits déclarés dans cette réponse à l'enquête provient d'une source entièrement recyclée ou de débris dans la cellule D45 de l'onglet Déclaration
A36: =Declaration!B52 -> Or | B36: =IF(AND($B$16="Yes",$B$21="Yes"),Declaration!D52,0) -> 0 | C36: =IF(H36=1,J36,I36) -> Complétez | F36: =F26 -> 0 | G36: =IF(B36=0,1,0) -> 1 | H36: =F36*G36 -> 0 | I36: =OFFSET(L!$C$1,MATCH("Checker"&"Comp",L!$A:$A,0)-1,SL,,) -> Complétez | J36: =OFFSET(L!$C$1,MATCH("Checker"&ADDRESS(ROW(),COLUMN(),4),L!$A:$A,0)-1,SL,,) -> Déclarez si l'or utilisé dans le cadre des produits déclarés dans cette réponse à l'enquête provient d'une source entièrement recyclée ou de débris dans la cellule D46 de l'onglet Déclaration
A37: =Declaration!B53 -> Tungstène (*) | B37: =IF(AND($B$17="Yes",$B$22="Yes"),Declaration!D53,0) -> No | C37: =IF(H37=1,J37,I37) -> Complétez | F37: =F27 -> 1 | G37: =IF(B37=0,1,0) -> 0 | H37: =F37*G37 -> 0 | I37: =OFFSET(L!$C$1,MATCH("Checker"&"Comp",L!$A:$A,0)-1,SL,,) -> Complétez | J37: =OFFSET(L!$C$1,MATCH("Checker"&ADDRESS(ROW(),COLUMN(),4),L!$A:$A,0)-1,SL,,) -> Déclarez si le tungstène utilisé dans le cadre de produits déclarés dans de cette réponse à l'enquête provient d'une source entièrement recyclée ou de débris dans la cellule D47 de l'onglet Déclaration
A38: =Declaration!B55 -> 6) Combien de fournisseurs (%) concernés ont répondu à l'enquête sur la chaîne d'approvisionnement ? (*)
A39: =Declaration!B56 -> Tantale | B39: =IF(AND($B$14="Yes",$B$19="Yes"),Declaration!D56,0) -> 0 | C39: =IF(H39=1,J39,I39) -> Complétez | F39: =F24 -> 0 | G39: =IF(B39=0,1,0) -> 1 | H39: =F39*G39 -> 0 | I39: =OFFSET(L!$C$1,MATCH("Checker"&"Comp",L!$A:$A,0)-1,SL,,) -> Complétez | J39: =OFFSET(L!$C$1,MATCH("Checker"&ADDRESS(ROW(),COLUMN(),4),L!$A:$A,0)-1,SL,,) -> Indiquez le pourcentage d'exhaustivité des informations sur la fonderie données par le fournisseur dans la cellule D50 de l'onglet Déclaration
A40: =Declaration!B57 -> Étain | B40: =IF(AND($B$15="Yes",$B$20="Yes"),Declaration!D57,0) -> 0 | C40: =IF(H40=1,J40,I40) -> Complétez | F40: =F25 -> 0 | G40: =IF(B40=0,1,0) -> 1 | H40: =F40*G40 -> 0 | I40: =OFFSET(L!$C$1,MATCH("Checker"&"Comp",L!$A:$A,0)-1,SL,,) -> Complétez | J40: =OFFSET(L!$C$1,MATCH("Checker"&ADDRESS(ROW(),COLUMN(),4),L!$A:$A,0)-1,SL,,) -> Indiquez le pourcentage d'exhaustivité des informations sur la fonderie données par le fournisseur dans la cellule D51 de l'onglet Déclaration
A41: =Declaration!B58 -> Or | B41: =IF(AND($B$16="Yes",$B$21="Yes"),Declaration!D58,0) -> 0 | C41: =IF(H41=1,J41,I41) -> Complétez | F41: =F26 -> 0 | G41: =IF(B41=0,1,0) -> 1 | H41: =F41*G41 -> 0 | I41: =OFFSET(L!$C$1,MATCH("Checker"&"Comp",L!$A:$A,0)-1,SL,,) -> Complétez | J41: =OFFSET(L!$C$1,MATCH("Checker"&ADDRESS(ROW(),COLUMN(),4),L!$A:$A,0)-1,SL,,) -> Indiquez le pourcentage d'exhaustivité des informations sur la fonderie données par le fournisseur dans la cellule D52 de l'onglet Déclaration
A42: =Declaration!B59 -> Tungstène (*) | B42: =IF(AND($B$17="Yes",$B$22="Yes"),Declaration!D59,0) -> 100% | C42: =IF(H42=1,J42,I42) -> Complétez | F42: =F27 -> 1 | G42: =IF(B42=0,1,0) -> 0 | H42: =F42*G42 -> 0 | I42: =OFFSET(L!$C$1,MATCH("Checker"&"Comp",L!$A:$A,0)-1,SL,,) -> Complétez | J42: =OFFSET(L!$C$1,MATCH("Checker"&ADDRESS(ROW(),COLUMN(),4),L!$A:$A,0)-1,SL,,) -> Indiquez le pourcentage d'exhaustivité des informations sur la fonderie données par le fournisseur dans la cellule D53 de l'onglet Déclaration
A43: =Declaration!B61 -> 7) Avez-vous identifié toutes les fonderies qui fournissent les 3TG à votre chaîne d’approvisionnement ? (*)
A44: =Declaration!B62 -> Tantale | B44: =IF(AND($B$14="Yes",$B$19="Yes"),Declaration!D62,0) -> 0 | C44: =IF(H44=1,J44,I44) -> Complétez | F44: =F24 -> 0 | G44: =IF(B44=0,1,0) -> 1 | H44: =F44*G44 -> 0 | I44: =OFFSET(L!$C$1,MATCH("Checker"&"Comp",L!$A:$A,0)-1,SL,,) -> Complétez | J44: =OFFSET(L!$C$1,MATCH("Checker"&ADDRESS(ROW(),COLUMN(),4),L!$A:$A,0)-1,SL,,) -> Déclarez si tous les noms de la fonderie ont été fournis dans cette réponse à l'enquête dans le cadre du champ d'application des produits déclarés dans la cellule D56 de l'onglet Déclaration
A45: =Declaration!B63 -> Étain | B45: =IF(AND($B$15="Yes",$B$20="Yes"),Declaration!D63,0) -> 0 | C45: =IF(H45=1,J45,I45) -> Complétez | F45: =F25 -> 0 | G45: =IF(B45=0,1,0) -> 1 | H45: =F45*G45 -> 0 | I45: =OFFSET(L!$C$1,MATCH("Checker"&"Comp",L!$A:$A,0)-1,SL,,) -> Complétez | J45: =OFFSET(L!$C$1,MATCH("Checker"&ADDRESS(ROW(),COLUMN(),4),L!$A:$A,0)-1,SL,,) -> Déclarez si tous les noms de la fonderie ont été fournis dans cette réponse à l'enquête dans le cadre du champ d'application des produits déclarés dans la cellule D57 de l'onglet Déclaration
A46: =Declaration!B64 -> Or | B46: =IF(AND($B$16="Yes",$B$21="Yes"),Declaration!D64,0) -> 0 | C46: =IF(H46=1,J46,I46) -> Complétez | F46: =F26 -> 0 | G46: =IF(B46=0,1,0) -> 1 | H46: =F46*G46 -> 0 | I46: =OFFSET(L!$C$1,MATCH("Checker"&"Comp",L!$A:$A,0)-1,SL,,) -> Complétez | J46: =OFFSET(L!$C$1,MATCH("Checker"&ADDRESS(ROW(),COLUMN(),4),L!$A:$A,0)-1,SL,,) -> Déclarez si tous les noms de la fonderie ont été fournis dans cette réponse à l'enquête dans le cadre du champ d'application des produits déclarés dans la cellule D58 de l'onglet Déclaration
A47: =Declaration!B65 -> Tungstène (*) | B47: =IF(AND($B$17="Yes",$B$22="Yes"),Declaration!D65,0) -> No | C47: =IF(H47=1,J47,I47) -> Complétez | F47: =F27 -> 1 | G47: =IF(B47=0,1,0) -> 0 | H47: =F47*G47 -> 0 | I47: =OFFSET(L!$C$1,MATCH("Checker"&"Comp",L!$A:$A,0)-1,SL,,) -> Complétez | J47: =OFFSET(L!$C$1,MATCH("Checker"&ADDRESS(ROW(),COLUMN(),4),L!$A:$A,0)-1,SL,,) -> Déclarez si tous les noms de fonderie ont été fournis dans cette réponse à l'enquête avec le champ d'application des produits déclarés dans la cellule D59 de l'onglet Déclaration
A48: =Declaration!B67 -> 8) Est-ce que toutes les informations pertinentes reçues des fonderies par votre société ont été mentionnées dans cette déclaration ? (*)
A49: =Declaration!B68 -> Tantale | B49: =IF(AND($B$14="Yes",$B$19="Yes"),Declaration!D68,0) -> 0 | C49: =IF(H49=1,J49,I49) -> Complétez | F49: =F24 -> 0 | G49: =IF(B49=0,1,0) -> 1 | H49: =F49*G49 -> 0 | I49: =OFFSET(L!$C$1,MATCH("Checker"&"Comp",L!$A:$A,0)-1,SL,,) -> Complétez | J49: =OFFSET(L!$C$1,MATCH("Checker"&ADDRESS(ROW(),COLUMN(),4),L!$A:$A,0)-1,SL,,) -> Déclarez si toutes les informations applicables sur la fonderie de tantale ont été fournies dans la cellule D62 de l'onglet Déclaration
A50: =Declaration!B69 -> Étain | B50: =IF(AND($B$15="Yes",$B$20="Yes"),Declaration!D69,0) -> 0 | C50: =IF(H50=1,J50,I50) -> Complétez | F50: =F25 -> 0 | G50: =IF(B50=0,1,0) -> 1 | H50: =F50*G50 -> 0 | I50: =OFFSET(L!$C$1,MATCH("Checker"&"Comp",L!$A:$A,0)-1,SL,,) -> Complétez | J50: =OFFSET(L!$C$1,MATCH("Checker"&ADDRESS(ROW(),COLUMN(),4),L!$A:$A,0)-1,SL,,) -> Déclarez si toutes les informations applicables sur la fonderie d'étain ont été fournies dans la cellule D63 de l'onglet Déclaration
A51: =Declaration!B70 -> Or | B51: =IF(AND($B$16="Yes",$B$21="Yes"),Declaration!D70,0) -> 0 | C51: =IF(H51=1,J51,I51) -> Complétez | F51: =F26 -> 0 | G51: =IF(B51=0,1,0) -> 1 | H51: =F51*G51 -> 0 | I51: =OFFSET(L!$C$1,MATCH("Checker"&"Comp",L!$A:$A,0)-1,SL,,) -> Complétez | J51: =OFFSET(L!$C$1,MATCH("Checker"&ADDRESS(ROW(),COLUMN(),4),L!$A:$A,0)-1,SL,,) -> Déclarez si toutes les informations applicables sur la fonderie d'or ont été fournies dans la cellule D64 de l'onglet Déclaration
A52: =Declaration!B71 -> Tungstène (*) | B52: =IF(AND($B$17="Yes",$B$22="Yes"),Declaration!D71,0) -> Yes | C52: =IF(H52=1,J52,I52) -> Complétez | F52: =F27 -> 1 | G52: =IF(B52=0,1,0) -> 0 | H52: =F52*G52 -> 0 | I52: =OFFSET(L!$C$1,MATCH("Checker"&"Comp",L!$A:$A,0)-1,SL,,) -> Complétez | J52: =OFFSET(L!$C$1,MATCH("Checker"&ADDRESS(ROW(),COLUMN(),4),L!$A:$A,0)-1,SL,,) -> Déclarez si toutes les informations applicables sur la fonderie de tungstène ont été fournies dans la cellule D65 de l'onglet Déclaration
A53: =Declaration!B74 -> Question
A54: =Declaration!B75 -> A. Avez-vous mis en place une politique d’approvisionnement en minerais responsable ? (*) | B54: =Declaration!D75 -> No | C54: =IF(H54=1,J54,I54) -> Complétez | F54: =IF(SUM(F$24:F$27)=0,0,1) -> 1 | G54: =IF(B54=0,1,0) -> 0 | H54: =F54*G54 -> 0 | I54: =OFFSET(L!$C$1,MATCH("Checker"&"Comp",L!$A:$A,0)-1,SL,,) -> Complétez | J54: =OFFSET(L!$C$1,MATCH("Checker"&ADDRESS(ROW(),COLUMN(),4),L!$A:$A,0)-1,SL,,) -> Répondez dans la cellule D75 de l’onglet Déclaration si votre entreprise est dotée d’une politique d’approvisionnement en minerais responsable.
A55: =Declaration!B77 -> B. La politique d’approvisionnement en minerais responsable est-elle disponible publiquement sur votre site Web ? (Remarque – Si la réponse est « oui », l’utilisateur doit indiquer l’URL dans le champ des commentaires). (*) | B55: =Declaration!D77 -> No | C55: =IF(H55=1,J55,I55) -> Complétez | F55: =F$54 -> 1 | G55: =IF(B55=0,1,0) -> 0 | H55: =F55*G55 -> 0 | I55: =OFFSET(L!$C$1,MATCH("Checker"&"Comp",L!$A:$A,0)-1,SL,,) -> Complétez | J55: =OFFSET(L!$C$1,MATCH("Checker"&ADDRESS(ROW(),COLUMN(),4),L!$A:$A,0)-1,SL,,) -> Répondez dans la cellule D77 de l’onglet Déclaration si votre entreprise a rendu publiquement disponible sur son site Web sa politique d’approvisionnement en minerais responsable.
A56: The URL in the comment field | B56: =Declaration!G77 -> 0 | C56: =IF(H56=1,J56,I56) -> Complétez | F56: =IF(AND(F55=1,B55="Yes"),1,0) -> 0 | G56: =IF(LEN(B56)>1,0,1) -> 1 | H56: =F56*G56 -> 0 | I56: =OFFSET(L!$C$1,MATCH("Checker"&"Comp",L!$A:$A,0)-1,SL,,) -> Complétez | J56: =OFFSET(L!$C$1,MATCH("Checker"&ADDRESS(ROW(),COLUMN(),4),L!$A:$A,0)-1,SL,,) -> Saisissez l'URL dans la cellule D77 de l'onglet Déclaration si vous répondez par « Oui » à la question B. Le format de l'URL doit être : www.nomdelentreprise.com
A57: =Declaration!B79 -> C. Est-ce que vous imposez à vos fournisseurs directs de s’approvisionner en 3TG auprès de fonderie dont les pratiques de diligence raisonnable ont été validées par un programme d’audit externe indépendant ? (*) | B57: =Declaration!D79 -> Yes | C57: =IF(H57=1,J57,I57) -> Complétez | F57: =F$54 -> 1 | G57: =IF(B57=0,1,0) -> 0 | H57: =F57*G57 -> 0 | I57: =OFFSET(L!$C$1,MATCH("Checker"&"Comp",L!$A:$A,0)-1,SL,,) -> Complétez | J57: =OFFSET(L!$C$1,MATCH("Checker"&ADDRESS(ROW(),COLUMN(),4),L!$A:$A,0)-1,SL,,) -> Répondez dans la cellule D79 de l’onglet Déclaration si vous exigez que vos fournisseurs directs s’approvisionnent auprès de fonderies dont les pratiques de diligence raisonnable ont été validées par un programme d’audit externe indépendant, tel que le Processus d’Assurance des Minerais Responsables.
A58: =Declaration!B81 -> D. Avez-vous mis en œuvre des mesures de diligence raisonnable pour un approvisionnement responsable ? (*) | B58: =Declaration!D81 -> Yes | C58: =IF(H58=1,J58,I58) -> Complétez | F58: =F$54 -> 1 | G58: =IF(B58=0,1,0) -> 0 | H58: =F58*G58 -> 0 | I58: =OFFSET(L!$C$1,MATCH("Checker"&"Comp",L!$A:$A,0)-1,SL,,) -> Complétez | J58: =OFFSET(L!$C$1,MATCH("Checker"&ADDRESS(ROW(),COLUMN(),4),L!$A:$A,0)-1,SL,,) -> Répondez dans la cellule D81 de l’onglet Déclaration si vous avez mis en œuvre des mesures de diligence raisonnable relatives à l’approvisionnement responsable.
A59: =Declaration!B83 -> E. Votre société mène-t-elle des enquêtes sur les minerais de conflit auprès du/des fournisseur(s) concerné(s) ? (*) | B59: =Declaration!D83 -> Yes, in conformance with IPC1755 (e.g., CMRT) | C59: =IF(H59=1,J59,I59) -> Complétez | F59: =F$54 -> 1 | G59: =IF(B59=0,1,0) -> 0 | H59: =F59*G59 -> 0 | I59: =OFFSET(L!$C$1,MATCH("Checker"&"Comp",L!$A:$A,0)-1,SL,,) -> Complétez | J59: =OFFSET(L!$C$1,MATCH("Checker"&ADDRESS(ROW(),COLUMN(),4),L!$A:$A,0)-1,SL,,) -> Répondez dans la cellule D83 de l'onglet Déclaration si vous demandez à vos fournisseurs de remplir ce modèle de rapport sur les minéraux en conflit
A60: =Declaration!B85 -> F. Vérifiez-vous les informations de devoir de diligence reçues de vos fournisseurs par rapport aux attentes de votre entreprise? (*) | B60: =Declaration!D85 -> Yes | C60: =IF(H60=1,J60,I60) -> Complétez | F60: =F$54 -> 1 | G60: =IF(B60=0,1,0) -> 0 | H60: =F60*G60 -> 0 | I60: =OFFSET(L!$C$1,MATCH("Checker"&"Comp",L!$A:$A,0)-1,SL,,) -> Complétez | J60: =OFFSET(L!$C$1,MATCH("Checker"&ADDRESS(ROW(),COLUMN(),4),L!$A:$A,0)-1,SL,,) -> Répondez dans la cellule D85 de l'onglet Déclaration si vous validez les réponses de vos fournisseurs par rapport aux attentes de votre entreprise
A62: =Declaration!B87 -> G. Votre processus de vérification inclut-il la gestion des actions correctives ? (*) | B62: =Declaration!D87 -> Yes | C62: =IF(H62=1,J62,I62) -> Complétez | F62: =F$54 -> 1 | G62: =IF(B62=0,1,0) -> 0 | H62: =F62*G62 -> 0 | I62: =OFFSET(L!$C$1,MATCH("Checker"&"Comp",L!$A:$A,0)-1,SL,,) -> Complétez | J62: =OFFSET(L!$C$1,MATCH("Checker"&ADDRESS(ROW(),COLUMN(),4),L!$A:$A,0)-1,SL,,) -> Répondez dans la cellule D87 de l'onglet Déclaration si votre processus de validation comprend des actions correctives de la part de la direction
A63: =Declaration!B89 -> H. Votre société est-elle tenue de fournir une déclaration annuelle sur les minerais de conflit ? (*) | B63: =Declaration!D89 -> No | C63: =IF(H63=1,J63,I63) -> Complétez | F63: =F$54 -> 1 | G63: =IF(B63=0,1,0) -> 0 | H63: =F63*G63 -> 0 | I63: =OFFSET(L!$C$1,MATCH("Checker"&"Comp",L!$A:$A,0)-1,SL,,) -> Complétez | J63: =OFFSET(L!$C$1,MATCH("Checker"&ADDRESS(ROW(),COLUMN(),4),L!$A:$A,0)-1,SL,,) -> Répondez dans la cellule D89 de l’onglet Déclaration si vous êtes soumis aux exigences de divulgation de la SEC, de la réglementation de l’UE ou des deux.
A64: Product List | B64: =IF(G64=1,"No products or item numbers listed","One or more product / item numbers have been provided") -> One or more product / item numbers have been provided | C64: =IF(H64=1,J64,I64) -> Complétez | F64: =IF(B5=Declaration!Q9,1,0) -> 1 | G64: {=IF(INDIRECT("'Product List'!B6")="",1,0)} -> 0 | H64: =F64*G64 -> 0 | I64: =OFFSET(L!$C$1,MATCH("Checker"&"Comp",L!$A:$A,0)-1,SL,,) -> Complétez | J64: =OFFSET(L!$C$1,MATCH("Checker"&ADDRESS(ROW(),COLUMN(),4),L!$A:$A,0)-1,SL,,) -> Le cas échéant, fournissez un ou plusieurs numéros de produits ou d'articles auxquels cette déclaration s'applique. Dans l'onglet Déclaration, sélectionnez le lien hypertexte de la cellule 6H1 pour ouvrir l'onglet Liste de produits
A65: Smelter List - Tantalum | C65: =IF(H65=1,J65,I65) -> Complétez | F65: =F24 -> 0 | G65: =IF(AND(COUNTIF(SmelterIdetifiedForMetal,"Tantalum")>0,COUNTIF('Smelter List'!AB$5:AB$2491,"Tantalum?*")>0),0,1) -> 0 | H65: =F65*G65 -> 0 | I65: =OFFSET(L!$C$1,MATCH("Checker"&"Comp",L!$A:$A,0)-1,SL,,) -> Complétez | J65: =OFFSET(L!$C$1,MATCH("Checker"&ADDRESS(ROW(),COLUMN(),4),L!$A:$A,0)-1,SL,,) -> Saisissez la liste de fondeurs de tantale qui contribuent de manière importante à la chaîne d'approvisionnement sur l'onglet Liste de fondeurs. | K65: =IF(H14+H19>0,1,0) -> 0 | L65: =OFFSET(L!$C$1,MATCH("Checker"&ADDRESS(ROW(),COLUMN(),4),L!$A:$A,0)-1,SL,,) -> #N/A
A66: Smelter List - Tin | C66: =IF(H66=1,J66,I66) -> Complétez | F66: =F25 -> 0 | G66: =IF(AND(COUNTIF(SmelterIdetifiedForMetal,"Tin")>0,COUNTIF('Smelter List'!AB$5:AB$2491,"Tin?*")>0),0,1) -> 0 | H66: =F66*G66 -> 0 | I66: =OFFSET(L!$C$1,MATCH("Checker"&"Comp",L!$A:$A,0)-1,SL,,) -> Complétez | J66: =OFFSET(L!$C$1,MATCH("Checker"&ADDRESS(ROW(),COLUMN(),4),L!$A:$A,0)-1,SL,,) -> Saisissez la liste de fondeurs d'étain qui contribuent de manière importante à la chaîne d'approvisionnement sur l'onglet Liste de fondeurs. | K66: =IF(H15+H20>0,1,0) -> 0 | L66: =OFFSET(L!$C$1,MATCH("Checker"&ADDRESS(ROW(),COLUMN(),4),L!$A:$A,0)-1,SL,,) -> #N/A
A67: Smelter List - Gold | C67: =IF(H67=1,J67,I67) -> Complétez | F67: =F26 -> 0 | G67: =IF(AND(COUNTIF(SmelterIdetifiedForMetal,"Gold")>0,COUNTIF('Smelter List'!AB$5:AB$2491,"Gold?*")>0),0,1) -> 0 | H67: =F67*G67 -> 0 | I67: =OFFSET(L!$C$1,MATCH("Checker"&"Comp",L!$A:$A,0)-1,SL,,) -> Complétez | J67: =OFFSET(L!$C$1,MATCH("Checker"&ADDRESS(ROW(),COLUMN(),4),L!$A:$A,0)-1,SL,,) -> Saisissez la liste de fondeurs d'or qui contribuent de manière importante à la chaîne d'approvisionnement sur l'onglet Liste de fondeurs. | K67: =IF(H16+H21>0,1,0) -> 0 | L67: =OFFSET(L!$C$1,MATCH("Checker"&ADDRESS(ROW(),COLUMN(),4),L!$A:$A,0)-1,SL,,) -> #N/A
A68: Smelter List - Tungsten | C68: =IF(H68=1,J68,I68) -> Complétez | F68: =F27 -> 1 | G68: =IF(AND(COUNTIF(SmelterIdetifiedForMetal,"Tungsten")>0,COUNTIF('Smelter List'!AB$5:AB$2491,"Tungsten?*")>0),0,1) -> 0 | H68: =F68*G68 -> 0 | I68: =OFFSET(L!$C$1,MATCH("Checker"&"Comp",L!$A:$A,0)-1,SL,,) -> Complétez | J68: =OFFSET(L!$C$1,MATCH("Checker"&ADDRESS(ROW(),COLUMN(),4),L!$A:$A,0)-1,SL,,) -> Saisissez une liste de fondeurs de tungstène qui contribuent de manière importante à la chaîne d'approvisionnement sur l'onglet Liste de fondeurs. | K68: =IF(H17+H22>0,1,0) -> 0 | L68: =OFFSET(L!$C$1,MATCH("Checker"&ADDRESS(ROW(),COLUMN(),4),L!$A:$A,0)-1,SL,,) -> #N/A
A69: All rows with "Smelter not listed" selected, have a name and country listed | C69: =IF(F69=0,J69,IF(G69=0,I69,L69)) -> N/A | F69: =IF(COUNTIF('Smelter List'!$C:$C,"Smelter not listed")=0,0,1) -> 0 | G69: {=IF(OR(SUMPRODUCT(('Smelter List'!$C:$C="Smelter not listed")*('Smelter List'!$D:$D=""))>0,SUMPRODUCT(('Smelter List'!$C:$C="Smelter not listed")*('Smelter List'!$E:$E=""))>0),1,0)} -> 0 | H69: =F69*G69 -> 0 | I69: =OFFSET(L!$C$1,MATCH("Checker"&"Comp",L!$A:$A,0)-1,SL,,) -> Complétez | J69: N/A | L69: Please complete columns D & E on Smelter List for all rows "Smelter Not Listed" selected in column C
H70: =SUM(H4:H69) -> 0

Sheet Product List
A1: =OFFSET(L!$C$1,MATCH("Product List"&ADDRESS(ROW(),COLUMN(),4),L!$A:$A,0)-1,SL,,) -> Champ à compléter uniquement si le périmètre "Produit (ou liste de produits)" a été sélectionné dans la feuille 'Déclaration'
B4: Click here to return to Declaration tab
B5: =OFFSET(L!$C$1,MATCH("Product List"&ADDRESS(ROW(),COLUMN(),4),L!$A:$A,0)-1,SL,,) -> Référence du produit du répondant (*) | C5: =OFFSET(L!$C$1,MATCH("Product List"&ADDRESS(ROW(),COLUMN(),4),L!$A:$A,0)-1,SL,,) -> Nom du produit du répondant | D5: =OFFSET(L!$C$1,MATCH("Product List"&ADDRESS(ROW(),COLUMN(),4),L!$A:$A,0)-1,SL,,) -> Commentaires
B6: Various | C6: CuBe2 A100/A150/A170 ,Cube2 alloy 25 /alloy 190 /alloy 290 CW101C/CW110C/C17200/ | D6: Copper Beryllium Alloys including Alloy 10, 10X, M25, 25, 165, 190, 290, 390, 390E, 17200, 17410 and 17460 ( Contains no Conflict Minerals )
B7: Various | C7: B330 CuSn3Zn9 - (Bz 902) / CW454K / ~ C42500 | D7: Copper, Nickel, Tin Alloy (Contains Conflict Minerals)
B8: Various | C8: B860/ B865/ CuNi15Sn8 - ToughMet 3 / C72900 | D8: Copper, Nickel, Tin Alloy (Contains Conflict Minerals)
B9: Various | C9: Maraging steels: F135/ Duratherm® 600 / 2.4781 | D9: Duratherm® 600 / 2.4781 / W (Contains Conflict Minerals)
B10: Various | C10: B620/ NiMo16Cr15W - (Hastelloy) All. C-276 / 2.4819 / N10276 | D10: NiMo16Cr15W - (Hastelloy) All. C-276 / 2.4819 / N10276 / W (Contains Conflict Minerals)
B11: Various | C11: B645/NiMo29Cr2Fe2 Hastelloy B-3 /N10675 / 2.4600 | D11: NiMo29Cr2Fe2 Hastelloy B-3 / N10675 / 2.4600 / W (Contains Conflict Minerals)
B12: Various | C12: D320-1.4404 - Stainless steel / X2CrNiMo17-12-2 / ~ AISI 316L / ~ AISI 316 / | D12: Stainless Steel 316L 1.4404 (Contains Conflict Minerals)
B13: Various | C13: CuNi2Be A520/A300/A350A/C17460/ C17510/ CuCo0,5Be A500 C17410/ 800 /N03360 | D13: Copper Beryllium Alloys including Alloy3/alloy174 /Alloy 36088( Contains no Conflict Minerals)
B2006: =OFFSET(L!$C$1,MATCH("General"&"Cpy",L!$A:$A,0)-1,SL,,) -> © 2025 Responsible Minerals Initiative. All rights reserved.

Sheet Smelter Look-up
A1: =OFFSET(L!$C$1,MATCH("Smelter Look-up"&ADDRESS(ROW(),COLUMN(),4),L!$A:$A,0)-1,SL,,) -> La liste suivante représente les dernières informations de la RMI relatives au nom/pseudonyme de la fonderie au moment de la publication de ce modèle. Cette liste est mise à jour régulièrement et la version la plus à jour peut être consultée sur le site Web de la RMI à l’adresse http://www.responsiblemineralsinitiative.org/responsible-minerals-assurance-process/exports/cmrt-export/. La présence d’une fonderie sur cette liste ne garantit PAS que celle-ci est actuellement active ou conforme au Processus d'Assurance Responsable des Minéraux (Responsible Minerals Assurance Process, RMAP). Veuillez consulter le site Web de la RMI, www.responsiblemineralsinitiative.org, pour obtenir la liste actualisée et précise de noms des fonderies standard qui sont actives ou conformes. Les noms figurant dans la colonne B représentent des noms de sociétés généralement reconnues et déclarées par la chaîne d’approvisionnement pour une fonderie particulière. Ces noms peuvent comprendre d’anciens noms de sociétés, d’autres noms, des abréviations ou d’autres variantes. Bien que les noms ne soient pas forcément des noms de fonderies standard de la RMI, les noms de référence peuvent permettre d'identifier la fonderie dans la colonne C de la Recherche de fonderie. La colonne C correspond à la liste des noms standard officiels des fonderies, dans le jeu de caractères de la norme ASCII. La plupart des fonderies auront la même entrée pour les deux colonnes ; toutefois, si le nom courant est différent du nom standard, la variation est indiquée dans la colonne B.
A4: =OFFSET(L!$C$1,MATCH("Smelter Look-up"&ADDRESS(ROW(),COLUMN(),4),L!$A:$A,0)-1,SL,,) -> Métal | B4: =OFFSET(L!$C$1,MATCH("Smelter Look-up"&ADDRESS(ROW(),COLUMN(),4),L!$A:$A,0)-1,SL,,) -> Recherche de fonderie (*) | C4: =OFFSET(L!$C$1,MATCH("Smelter Look-up"&ADDRESS(ROW(),COLUMN(),4),L!$A:$A,0)-1,SL,,) -> Noms standard des fonderies | D4: =OFFSET(L!$C$1,MATCH("Smelter Look-up"&ADDRESS(ROW(),COLUMN(),4),L!$A:$A,0)-1,SL,,) -> Localisation de la fonderie : pays | E4: =OFFSET(L!$C$1,MATCH("Smelter Look-up"&ADDRESS(ROW(),COLUMN(),4),L!$A:$A,0)-1,SL,,) -> Identifiant fonderie | F4: =OFFSET(L!$C$1,MATCH("Smelter Look-up"&ADDRESS(ROW(),COLUMN(),4),L!$A:$A,0)-1,SL,,) -> Type de l'identifiant de la fonderie | G4: =OFFSET(L!$C$1,MATCH("Smelter Look-up"&ADDRESS(ROW(),COLUMN(),4),L!$A:$A,0)-1,SL,,) -> Localisation de la fonderie : Rue et Numéro | H4: =OFFSET(L!$C$1,MATCH("Smelter Look-up"&ADDRESS(ROW(),COLUMN(),4),L!$A:$A,0)-1,SL,,) -> Localisation de la fonderie : Ville | I4: =OFFSET(L!$C$1,MATCH("Smelter Look-up"&ADDRESS(ROW(),COLUMN(),4),L!$A:$A,0)-1,SL,,) -> Localisation de la fonderie : Etat / Province | J4: METAL+Alias | K4: METAL+Alias
A5: Gold | B5: 8853 S.p.A. | C5: 8853 S.p.A. | D5: ITALY | E5: CID002763 | F5: RMI | H5: Pero | I5: Lombardia | J5: =A5&B5 -> Gold8853 S.p.A. | K5: =A5&B5 -> Gold8853 S.p.A.
A6: Gold | B6: ABC Refinery Pty Ltd. | C6: ABC Refinery Pty Ltd. | D6: AUSTRALIA | E6: CID002920 | F6: RMI | H6: Marrickville | I6: New South Wales | J6: =A6&B6 -> GoldABC Refinery Pty Ltd. | K6: =A6&B6 -> GoldABC Refinery Pty Ltd.
A7: Gold | B7: Abington Reldan Metals, LLC | C7: Abington Reldan Metals, LLC | D7: UNITED STATES OF AMERICA | E7: CID002708 | F7: RMI | H7: Fairless Hills | I7: Pennsylvania | J7: =A7&B7 -> GoldAbington Reldan Metals, LLC | K7: =A7&B7 -> GoldAbington Reldan Metals, LLC
A8: Gold | B8: Advanced Chemical Company | C8: Advanced Chemical Company | D8: UNITED STATES OF AMERICA | E8: CID000015 | F8: RMI | H8: Warwick | I8: Rhode Island | J8: =A8&B8 -> GoldAdvanced Chemical Company | K8: =A8&B8 -> GoldAdvanced Chemical Company
A9: Gold | B9: African Gold Refinery | C9: African Gold Refinery | D9: UGANDA | E9: CID003185 | F9: RMI | H9: Entebbe | I9: Wakiso | J9: =A9&B9 -> GoldAfrican Gold Refinery | K9: =A9&B9 -> GoldAfrican Gold Refinery
A10: Gold | B10: Agosi AG | C10: Agosi AG | D10: GERMANY | E10: CID000035 | F10: RMI | H10: Pforzheim | I10: Baden-Württemberg | J10: =A10&B10 -> GoldAgosi AG | K10: =A10&B10 -> GoldAgosi AG
A11: Gold | B11: AGR (Perth Mint Australia) | C11: Western Australian Mint (T/a The Perth Mint) | D11: AUSTRALIA | E11: CID002030 | F11: RMI | H11: Newburn | I11: Western Australia | J11: =A11&B11 -> GoldAGR (Perth Mint Australia) | K11: =A11&B11 -> GoldAGR (Perth Mint Australia)
A12: Gold | B12: AGR Mathey | C12: Western Australian Mint (T/a The Perth Mint) | D12: AUSTRALIA | E12: CID002030 | F12: RMI | H12: Newburn | I12: Western Australia | J12: =A12&B12 -> GoldAGR Mathey | K12: =A12&B12 -> GoldAGR Mathey
A13: Gold | B13: Aida Chemical Industries Co., Ltd. | C13: Aida Chemical Industries Co., Ltd. | D13: JAPAN | E13: CID000019 | F13: RMI | H13: Fuchu | I13: Tokyo | J13: =A13&B13 -> GoldAida Chemical Industries Co., Ltd. | K13: =A13&B13 -> GoldAida Chemical Industries Co., Ltd.
A14: Gold | B14: AKITA Seiren | C14: Dowa | D14: JAPAN | E14: CID000401 | F14: RMI | H14: Kosaka | I14: Akita | J14: =A14&B14 -> GoldAKITA Seiren | K14: =A14&B14 -> GoldAKITA Seiren
A15: Gold | B15: Al Etihad Gold LLC | C15: Al Etihad Gold Refinery DMCC | D15: UNITED ARAB EMIRATES | E15: CID002560 | F15: RMI | H15: Dubai | I15: Dubayy | J15: =A15&B15 -> GoldAl Etihad Gold LLC | K15: =A15&B15 -> GoldAl Etihad Gold LLC
A16: Gold | B16: Al Etihad Gold Refinery DMCC | C16: Al Etihad Gold Refinery DMCC | D16: UNITED ARAB EMIRATES | E16: CID002560 | F16: RMI | H16: Dubai | I16: Dubayy | J16: =A16&B16 -> GoldAl Etihad Gold Refinery DMCC | K16: =A16&B16 -> GoldAl Etihad Gold Refinery DMCC
... A328: Gold | B328: Zijin Mining Industry Corporation | C328: Gold Refinery of Zijin Mining Group Co., Ltd. | D328: CHINA | E328: CID002243 | F328: RMI | H328: Shanghang | I328: Fujian Sheng | J328: =A328&B328 -> GoldZijin Mining Industry Corporation | K328: =A328&B328 -> GoldZijin Mining Industry Corporation
A329: Gold | B329: Smelter not listed | J329: =A329&B329 -> GoldSmelter not listed | K329: =A329&B329 -> GoldSmelter not listed
A330: Gold | B330: Smelter not yet identified | C330: Unknown | D330: Unknown | J330: =A330&B330 -> GoldSmelter not yet identified | K330: =A330&B330 -> GoldSmelter not yet identified
A331: Tantalum | B331: 5D Production OU | C331: 5D Production OU | D331: ESTONIA | E331: CID003926 | F331: RMI | H331: Tallinn | I331: Tallinn | J331: =A331&B331 -> Tantalum5D Production OU | K331: =A331&B331 -> Tantalum5D Production OU
A332: Tantalum | B332: 5D Production OÜ | C332: 5D Production OU | D332: ESTONIA | E332: CID003926 | F332: RMI | H332: Tallinn | I332: Tallinn | J332: =A332&B332 -> Tantalum5D Production OÜ | K332: =A332&B332 -> Tantalum5D Production OÜ
A333: Tantalum | B333: AMG Brasil | C333: AMG Brasil | D333: BRAZIL | E333: CID001076 | F333: RMI | H333: São João del Rei | I333: Minas Gerais | J333: =A333&B333 -> TantalumAMG Brasil | K333: =A333&B333 -> TantalumAMG Brasil
A334: Tantalum | B334: Conghua Tantalum and Niobium Smeltry | C334: Guangdong Rising Rare Metals-EO Materials Ltd. | D334: CHINA | E334: CID000291 | F334: RMI | H334: Yingde | I334: Guangdong Sheng | J334: =A334&B334 -> TantalumConghua Tantalum and Niobium Smeltry | K334: =A334&B334 -> TantalumConghua Tantalum and Niobium Smeltry
A335: Tantalum | B335: D Block Metals, LLC | C335: D Block Metals, LLC | D335: UNITED STATES OF AMERICA | E335: CID002504 | F335: RMI | H335: Lincolnton | I335: North Carolina | J335: =A335&B335 -> TantalumD Block Metals, LLC | K335: =A335&B335 -> TantalumD Block Metals, LLC
A336: Tantalum | B336: F & X | C336: F&X Electro-Materials Ltd. | D336: CHINA | E336: CID000460 | F336: RMI | H336: Jiangmen | I336: Guangdong Sheng | J336: =A336&B336 -> TantalumF & X | K336: =A336&B336 -> TantalumF & X
A337: Tantalum | B337: F&X Electro-Materials Ltd. | C337: F&X Electro-Materials Ltd. | D337: CHINA | E337: CID000460 | F337: RMI | H337: Jiangmen | I337: Guangdong Sheng | J337: =A337&B337 -> TantalumF&X Electro-Materials Ltd. | K337: =A337&B337 -> TantalumF&X Electro-Materials Ltd.
A338: Tantalum | B338: FIR Metals & Resource Ltd. | C338: FIR Metals & Resource Ltd. | D338: CHINA | E338: CID002505 | F338: RMI | H338: Zhuzhou | I338: Hunan Sheng | J338: =A338&B338 -> TantalumFIR Metals & Resource Ltd. | K338: =A338&B338 -> TantalumFIR Metals & Resource Ltd.
A339: Tantalum | B339: Global Advanced Metals Aizu | C339: Global Advanced Metals Aizu | D339: JAPAN | E339: CID002558 | F339: RMI | H339: Aizuwakamatsu | I339: Fukushima | J339: =A339&B339 -> TantalumGlobal Advanced Metals Aizu | K339: =A339&B339 -> TantalumGlobal Advanced Metals Aizu
A340: Tantalum | B340: Global Advanced Metals Boyertown | C340: Global Advanced Metals Boyertown | D340: UNITED STATES OF AMERICA | E340: CID002557 | F340: RMI | H340: Boyertown | I340: Pennsylvania | J340: =A340&B340 -> TantalumGlobal Advanced Metals Boyertown | K340: =A340&B340 -> TantalumGlobal Advanced Metals Boyertown
A341: Tantalum | B341: Guangdong Rising Rare Metals-EO Materials Ltd. | C341: Guangdong Rising Rare Metals-EO Materials Ltd. | D341: CHINA | E341: CID000291 | F341: RMI | H341: Yingde | I341: Guangdong Sheng | J341: =A341&B341 -> TantalumGuangdong Rising Rare Metals-EO Materials Ltd. | K341: =A341&B341 -> TantalumGuangdong Rising Rare Metals-EO Materials Ltd.
A342: Tantalum | B342: Guangdong Zhiyuan New Material Co., Ltd. | C342: XIMEI RESOURCES (GUANGDONG) LIMITED | D342: CHINA | E342: CID000616 | F342: RMI | H342: Yingde | I342: Guangdong Sheng | J342: =A342&B342 -> TantalumGuangdong Zhiyuan New Material Co., Ltd. | K342: =A342&B342 -> TantalumGuangdong Zhiyuan New Material Co., Ltd.
... A395: Tantalum | B395: タニオビス・ジャパン株式会社 | C395: TANIOBIS Japan Co., Ltd. | D395: JAPAN | E395: CID002549 | F395: RMI | H395: Hitachi Ohmiya-shi | I395: Ibaraki | J395: =A395&B395 -> Tantalumタニオビス・ジャパン株式会社 | K395: =A395&B395 -> Tantalumタニオビス・ジャパン株式会社
A396: Tantalum | B396: Smelter not listed | J396: =A396&B396 -> TantalumSmelter not listed | K396: =A396&B396 -> TantalumSmelter not listed
A397: Tantalum | B397: Smelter not yet identified | C397: Unknown | D397: Unknown | J397: =A397&B397 -> TantalumSmelter not yet identified | K397: =A397&B397 -> TantalumSmelter not yet identified
A398: Tin | B398: Alent plc | C398: Alpha Assembly Solutions Inc | D398: UNITED STATES OF AMERICA | E398: CID000292 | F398: RMI | H398: Altoona | I398: Pennsylvania | J398: =A398&B398 -> TinAlent plc | K398: =A398&B398 -> TinAlent plc
A399: Tin | B399: Alpha Assembly Solutions Inc | C399: Alpha Assembly Solutions Inc | D399: UNITED STATES OF AMERICA | E399: CID000292 | F399: RMI | H399: Altoona | I399: Pennsylvania | J399: =A399&B399 -> TinAlpha Assembly Solutions Inc | K399: =A399&B399 -> TinAlpha Assembly Solutions Inc
A400: Tin | B400: Alpha Metals | C400: Alpha Assembly Solutions Inc | D400: UNITED STATES OF AMERICA | E400: CID000292 | F400: RMI | H400: Altoona | I400: Pennsylvania | J400: =A400&B400 -> TinAlpha Metals | K400: =A400&B400 -> TinAlpha Metals
A401: Tin | B401: Alpha Metals Korea Ltd. | C401: Alpha Assembly Solutions Inc | D401: UNITED STATES OF AMERICA | E401: CID000292 | F401: RMI | H401: Altoona | I401: Pennsylvania | J401: =A401&B401 -> TinAlpha Metals Korea Ltd. | K401: =A401&B401 -> TinAlpha Metals Korea Ltd.
A402: Tin | B402: Alpha Metals Taiwan | C402: Alpha Assembly Solutions Inc | D402: UNITED STATES OF AMERICA | E402: CID000292 | F402: RMI | H402: Altoona | I402: Pennsylvania | J402: =A402&B402 -> TinAlpha Metals Taiwan | K402: =A402&B402 -> TinAlpha Metals Taiwan
A403: Tin | B403: An Vinh Joint Stock Mineral Processing Company | C403: An Vinh Joint Stock Mineral Processing Company | D403: VIET NAM | E403: CID002703 | F403: RMI | H403: Quy Hop | I403: Nghệ An | J403: =A403&B403 -> TinAn Vinh Joint Stock Mineral Processing Company | K403: =A403&B403 -> TinAn Vinh Joint Stock Mineral Processing Company
A404: Tin | B404: Aurubis Beerse | C404: Aurubis Beerse | D404: BELGIUM | E404: CID002773 | F404: RMI | H404: Beerse | I404: Antwerpen | J404: =A404&B404 -> TinAurubis Beerse | K404: =A404&B404 -> TinAurubis Beerse
A405: Tin | B405: Aurubis Berango | C405: Aurubis Berango | D405: SPAIN | E405: CID002774 | F405: RMI | H405: Berango | I405: Bizkaia | J405: =A405&B405 -> TinAurubis Berango | K405: =A405&B405 -> TinAurubis Berango
A406: Tin | B406: Chengfeng Metals Co Pte Ltd | C406: Yunnan Chengfeng Non-ferrous Metals Co., Ltd. | D406: CHINA | E406: CID002158 | F406: RMI | H406: Gejiu | I406: Yunnan Sheng | J406: =A406&B406 -> TinChengfeng Metals Co Pte Ltd | K406: =A406&B406 -> TinChengfeng Metals Co Pte Ltd
A407: Tin | B407: Chenzhou Yun Xiang mining limited liability company | C407: Chenzhou Yunxiang Mining and Metallurgy Co., Ltd. | D407: CHINA | E407: CID000228 | F407: RMI | H407: Chenzhou | I407: Hunan Sheng | J407: =A407&B407 -> TinChenzhou Yun Xiang mining limited liability company | K407: =A407&B407 -> TinChenzhou Yun Xiang mining limited liability company
A408: Tin | B408: Chenzhou Yunxiang Mining and Metallurgy Co., Ltd. | C408: Chenzhou Yunxiang Mining and Metallurgy Co., Ltd. | D408: CHINA | E408: CID000228 | F408: RMI | H408: Chenzhou | I408: Hunan Sheng | J408: =A408&B408 -> TinChenzhou Yunxiang Mining and Metallurgy Co., Ltd. | K408: =A408&B408 -> TinChenzhou Yunxiang Mining and Metallurgy Co., Ltd.
A409: Tin | B409: Chifeng Dajingzi Tin Industry Co., Ltd. | C409: Chifeng Dajingzi Tin Industry Co., Ltd. | D409: CHINA | E409: CID003190 | F409: RMI | H409: Chifeng | I409: Nei Mongol Zizhiqu | J409: =A409&B409 -> TinChifeng Dajingzi Tin Industry Co., Ltd. | K409: =A409&B409 -> TinChifeng Dajingzi Tin Industry Co., Ltd.
... A550: Tin | B550: 云南锡业股份有限公司锡业分公司 | C550: Tin Smelting Branch of Yunnan Tin Co., Ltd. | D550: CHINA | E550: CID002180 | F550: RMI | H550: Gejiu | I550: Yunnan Sheng | J550: =A550&B550 -> Tin云南锡业股份有限公司锡业分公司 | K550: =A550&B550 -> Tin云南锡业股份有限公司锡业分公司
A551: Tin | B551: Smelter not listed | J551: =A551&B551 -> TinSmelter not listed | K551: =A551&B551 -> TinSmelter not listed
A552: Tin | B552: Smelter not yet identified | C552: Unknown | D552: Unknown | J552: =A552&B552 -> TinSmelter not yet identified | K552: =A552&B552 -> TinSmelter not yet identified
A553: Tungsten | B553: A.L.M.T. Corp. | C553: A.L.M.T. Corp. | D553: JAPAN | E553: CID000004 | F553: RMI | H553: Toyama City | I553: Toyama | J553: =A553&B553 -> TungstenA.L.M.T. Corp. | K553: =A553&B553 -> TungstenA.L.M.T. Corp.
A554: Tungsten | B554: A.L.M.T. TUNGSTEN Corp. | C554: A.L.M.T. Corp. | D554: JAPAN | E554: CID000004 | F554: RMI | H554: Toyama City | I554: Toyama | J554: =A554&B554 -> TungstenA.L.M.T. TUNGSTEN Corp. | K554: =A554&B554 -> TungstenA.L.M.T. TUNGSTEN Corp.
A555: Tungsten | B555: ACL Metais Eireli | C555: ACL Metais Eireli | D555: BRAZIL | E555: CID002833 | F555: RMI | H555: Araçariguama | I555: São Paulo | J555: =A555&B555 -> TungstenACL Metais Eireli | K555: =A555&B555 -> TungstenACL Metais Eireli
A556: Tungsten | B556: Albasteel Industria e Comercio de Ligas Para Fundicao Ltd. | C556: Albasteel Industria e Comercio de Ligas Para Fundicao Ltd. | D556: BRAZIL | E556: CID003427 | F556: RMI | H556: Sao Paulo | I556: São Paulo | J556: =A556&B556 -> TungstenAlbasteel Industria e Comercio de Ligas Para Fundicao Ltd. | K556: =A556&B556 -> TungstenAlbasteel Industria e Comercio de Ligas Para Fundicao Ltd.
A557: Tungsten | B557: Allied Material Corporation | C557: A.L.M.T. Corp. | D557: JAPAN | E557: CID000004 | F557: RMI | H557: Toyama City | I557: Toyama | J557: =A557&B557 -> TungstenAllied Material Corporation | K557: =A557&B557 -> TungstenAllied Material Corporation
A558: Tungsten | B558: ALMT Corp | C558: A.L.M.T. Corp. | D558: JAPAN | E558: CID000004 | F558: RMI | H558: Toyama City | I558: Toyama | J558: =A558&B558 -> TungstenALMT Corp | K558: =A558&B558 -> TungstenALMT Corp
A559: Tungsten | B559: ALMT Sumitomo Group | C559: A.L.M.T. Corp. | D559: JAPAN | E559: CID000004 | F559: RMI | H559: Toyama City | I559: Toyama | J559: =A559&B559 -> TungstenALMT Sumitomo Group | K559: =A559&B559 -> TungstenALMT Sumitomo Group
A560: Tungsten | B560: Artek LLC | C560: Artek LLC | D560: RUSSIAN FEDERATION | E560: CID003553 | F560: RMI | H560: Moscow | I560: Moskva | J560: =A560&B560 -> TungstenArtek LLC | K560: =A560&B560 -> TungstenArtek LLC
A561: Tungsten | B561: Asia Tungsten Products Vietnam Ltd. | C561: Asia Tungsten Products Vietnam Ltd. | D561: VIET NAM | E561: CID002502 | F561: RMI | H561: Vinh Bao District | I561: Hai Phong | J561: =A561&B561 -> TungstenAsia Tungsten Products Vietnam Ltd. | K561: =A561&B561 -> TungstenAsia Tungsten Products Vietnam Ltd.
A562: Tungsten | B562: ATI Metalworking Products | C562: Kennametal Huntsville | D562: UNITED STATES OF AMERICA | E562: CID000105 | F562: RMI | H562: Huntsville | I562: Alabama | J562: =A562&B562 -> TungstenATI Metalworking Products | K562: =A562&B562 -> TungstenATI Metalworking Products
A563: Tungsten | B563: ATI Tungsten Materials | C563: Kennametal Huntsville | D563: UNITED STATES OF AMERICA | E563: CID000105 | F563: RMI | H563: Huntsville | I563: Alabama | J563: =A563&B563 -> TungstenATI Tungsten Materials | K563: =A563&B563 -> TungstenATI Tungsten Materials
A564: Tungsten | B564: Chaozhou Xianglu Tungsten Industry Co., Ltd. | C564: Guangdong Xianglu Tungsten Co., Ltd. | D564: CHINA | E564: CID000218 | F564: RMI | H564: Chaozhou | I564: Guangdong Sheng | J564: =A564&B564 -> TungstenChaozhou Xianglu Tungsten Industry Co., Ltd. | K564: =A564&B564 -> TungstenChaozhou Xianglu Tungsten Industry Co., Ltd.
... A639: Tungsten | B639: 洛阳栾川钼业集团钨业有限公司 | C639: China Molybdenum Tungsten Co., Ltd. | D639: CHINA | E639: CID002641 | F639: RMI | H639: Luoyang | I639: Henan Sheng | J639: =A639&B639 -> Tungsten洛阳栾川钼业集团钨业有限公司 | K639: =A639&B639 -> Tungsten洛阳栾川钼业集团钨业有限公司
A640: Tungsten | B640: Smelter not listed | J640: =A640&B640 -> TungstenSmelter not listed | K640: =A640&B640 -> TungstenSmelter not listed
A641: Tungsten | B641: Smelter not yet identified | C641: Unknown | J641: =A641&B641 -> TungstenSmelter not yet identified | K641: =A641&B641 -> TungstenSmelter not yet identified

Sheet L
B1: Sheets | C1: Cells | D1: English | E1: 中文 Chinese | F1: 日本語 Japanese | G1: 한국어 Korean | H1: Français | I1: Português | J1: Deutsch | K1: Español | L1: Italiano | M1: Türkçe
A2: =B2&C2 -> InstructionsA1 | B2: Instructions | C2: A1 | D2: RMI website: (www.responsiblemineralsinitiative.org) Training and guidance, template, Responsible Minerals Assurance Process conformant smelter list. | E2: RMI 网址：(www.responsiblemineralsinitiative.org) 培训和指导、模板、负责任矿物审验流程合规冶炼厂列表。 | F2: RMIウェブサイト： (www.responsiblemineralsinitiative.org) トレーニング、ガイダンス、報告テンプレート、責任ある鉱物保証プロセスプログラム適合製錬業者リスト | G2: RMI 웹사이트: (www.responsiblemineralsinitiative.org) 교육, 안내 지침, 템플릿, 책임 있는 광물 보증 프로세스(Responsible Minerals Assurance Process)를 준수하는 제련소 리스트를 확인할 수 있습니다. | H2: Site Internet du RMI: (www.responsiblemineralsinitiative.org) Formations, recommandations, modèles, liste des fonderies conformes au programme fonderie sans conflit | I2: Website do RMI: (www.responsiblemineralsinitiative.org) Formação e guias de orientação, modelos, lista de fundições cumpridoras com a lista do Responsible Minerals Assurance Process. | J2: RMI Website: (www.responsiblemineralsinitiative.org) Schulung und Beratung, Vorlagen, Responsible Minerals Assurance Process, konforme Schmelzhütten Liste | K2: Website de RMI: (www.responsiblemineralsinitiative.org) entrenamiento y guía, plantilla, proceso de aseguramiento de minerales responsables lista de fundidores en cumplimiento. | L2: Estratti dal sito internet: (www.responsiblemineralsinitiative.org) Formazione, modelli, Domande Frequenti (FAQs), lista delle fonderie conformi al Responsible Minerals Assurance Process (RMAP - fonderie che certificano l'origine e la tracciabilità dei metalli provenienti da zone di conflitto o ad alto rischio) | M2: RMI web sitesi: (www.responsiblemineralsinitiative.org) Eğitim ve kılavuzluk, şablon, İhtilafsız İzabe Tesisi Programı uyumlu izabe tesislerinin listesi
A3: =B3&C3 -> InstructionsA2 | B3: Instructions | C3: A2 | D3: Introduction | E3: 介绍 | F3: 始めに | G3: 소개 | H3: Introduction | I3: Introdução | J3: Einführung | K3: Introducción | L3: Introduzione | M3: Giriş
A4: =B4&C4 -> InstructionsA3 | B4: Instructions | C4: A3 | D4: This Conflict Minerals Reporting Template (Template) is a free, standardized reporting template created by the Responsible Minerals Initiative (RMI). The Template facilitates the transfer of information through the supply chain regarding mineral country of origin and smelters and refiners being utilized and supports compliance to legislation*. The template also facilitates the identification of new smelters and refiners to potentially undergo an audit via the Responsible Minerals Assurance Process**. The CMRT was designed for downstream companies to disclose information about their supply chains up to but not including the smelter. If you are a 3TG smelter or refiner, in accordance with the RMAP protocols, we recommend you enter your own name in the smelter list tab. When filling out the form, none of the cell entries should start will "=" or "#." | E4: 此冲突矿产报告模板（CMRT 模板）是由负责任矿物计划 (RMI) 创建的免费标准报告模板。该模板促进了通过关于矿产原产国、所用冶炼厂和精炼厂的供应链来进行信息传输，并且支持法律合规性*。该模板还促进识别新的冶炼厂和精炼厂，以通过负责任矿物审验流程，对这些厂家进行潜在审核**。 CMRT 旨在让下游企业披露其供应链有关的信息（准确来讲，不包括冶炼厂）。如果贵公司是 3TG 冶炼厂或精炼厂，根据 RMAP 协议，我们建议您在冶炼厂列表选项卡中输入贵公司的名称。 填写表格时，单元格条目不应以“=”或“#”开头。 | F4: この紛争鉱物報告テンプレート（テンプレート）は、責任ある鉱物イニシアチブ（RMI）が作成した、無料の標準報告テンプレートです。このテンプレートは鉱物の原産国と、使用される製錬・精製業者に関しサプライチェーンを通して情報を収集することを円滑にし、法律のコンプライアンスを支援します*。このテンプレートは、責任ある鉱物保証プロセスの監査を受けることにつながる可能性のある、新たな製錬・精製業者の特定もサポートします**。 CMRTは、下流企業が（精錬業者までの）サプライチェーンに関する情報を開示するために、こうした企業向けに考案されたものです。3TG精錬業者または精製業者の場合は、RMAPプロトコルに従い精製業者リストタブに貴社名を記入することをお勧めします。 同書に記入する際、セルへの記入内容が「=」または「#」で始まることはできません。 | G4: 본 분쟁 광물 보고 템플릿(템플릿)은 책임 있는 광물 이니셔티브(Responsible Minerals Initiative (RMI))가 만든 표준화된 무료 보고 템플릿입니다. 템플릿은 광물 원산국 및 사용하는 제련소 및 정제소와 관련된 공급망을 통해 정보의 빠른 전달을 촉진하고 법규 준수*에도 도움이 됩니다. 또한 템플릿은 책임 있는 광물 보증 프로세스**를 통해 잠재적으로 감사를 받게 될 신규 제련소 및 정제소를 식별하는 데 편리함을 제공합니다. CMRT는 다운스트림 회사가 제련소를 배제한 상태에서 최대한으로 회사의 공급망에 대한 정보를 공개하도록 설계되었습니다. 귀사가 RMAP 규약에 따라 3TG 제련소나 정제소에 해당하는 경우, 제련소 목록 탭에 귀사의 이름을 입력하길 권장합니다. 양식에 기입할 때, 어떤 셀에도 "=" 또는 "#"으로 시작하는 내용이 없어야 합니다. | H4: Ce modèle de rapport sur les minerais de conflit (le modèle) est un modèle de rapport standardisé gratuit créé par la Responsible Business Alliance® (RBA®). Ce modèle facilite le transfert d’informations à travers la chaîne d’approvisionnement sur le pays d’origine du minerai et les fonderies et affineries utilisées, et soutient la conformité à la législation*. Ce modèle facilite également l’identification de nouvelles fonderies et affineries susceptibles de faire l’objet d’un audit via le programme des fonderies hors conflits (Responsible Minerals Assurance Process)**. Le CMRT a été conçu pour que les sociétés en aval divulguent des informations sur leurs chaînes d’approvisionnement jusqu’à la fonderie, sans toutefois inclure cette dernière. Si vous exploitez une fonderie ou une affinerie 3TG, conformément aux protocoles RMAP, nous vous recommandons de saisir votre propre nom à l’onglet de la liste des fonderies. Lorsque vous remplirez le formulaire, veillez à ce qu’aucune des entrées dans les cellules ne commence par « = » ou « #. » | I4: Este Modelo de relatório de minerais de conflito (Modelo) é um modelo gratuito e padronizado de relatório, criado pela Responsible Minerals Initiative (RMI). O Modelo facilita a transferência de informações ao longo da cadeia de suprimentos sobre o país de origem de minerais, as fundições e refinarias que são utilizadas e cumprem com a legislação*. Além disso, o Modelo facilita a identificação de novas fundições e refinarias para que possam passar por uma auditoria no âmbito do Programa de fundições livres de conflito (Responsible Minerals Assurance Process, RMAP)**. O CMRT foi desenvolvido para que empresas de extração divulguem informações sobre suas cadeias de suprimento, mas sem incluir a fundição. Se você for uma fundição ou refinaria de minerais de conflito, de acordo com os protocolos do RMAP, recomendamos que insira seu nome na guia da lista de fundições. Ao preencher o formulário, nenhuma das células deve ser iniciada com “=” ou “#”. | J4: Diese Vorlage für den Konfliktmineralien-Bericht (Vorlage) ist eine kostenlose, standardisierte Berichtsvorlage, die durch die Responsible Minerals Initiative (RMI) erstellt wurde. Die Vorlage erleichtert die Übertragung von Informationen über die Versorgungskette in Bezug auf das Mineral, Ursprungsland sowie Schmelzhütten und Raffinerien, die verwendet werden, und unterstützt die Einhaltung der Gesetzgebung*. Die Vorlage vereinfacht die Feststellung von neuen Schmelzhütten und Raffinerien, die über den Responsible Minerals Assurance Process** möglicherweise einer Prüfung unterzogen werden. Das CMRT wurde für nachgelagerte Unternehmen konzipiert, um Informationen über ihre Versorgungsketten bis hin zur (aber nicht einschließlich) Schmelzhütte offenzulegen. Wenn Sie eine 3TG-Schmelzhütte oder eine Raffinerie in Übereinstimmung mit den RMAP-Protokollen sind, empfehlen wir Ihnen, Ihren eigenen Namen in den Schmelzhüttenliste-Tab einzutragen. Beim Ausfüllen des Formulars, sollte keine der Zeilen mit „=“ oder „#“ beginnen. | K4: Esta plantilla de informe de minerales en conflicto (la Plantilla) es un formato de reporte estandarizado y gratuito creado por Iniciativa de minerales responsables (Responsible Minerals Initiative, RMI). La Plantilla facilita la transferencia de información a través de la cadena de suministro con respecto al país de origen del mineral y las fundidoras y refinerías que se utilizan y apoyen el cumplimiento con la legislación*. La plantilla también facilita la identificación de nuevas fundidoras y refinerías que se someterían potencialmente a una auditoría por medio del Responsible Minerals Assurance Process (Programa de aseguramiento de minerales responsables) **. El CMRT fue diseñado por empresas comercializadoras para revelar información sobre sus cadenas de suministro hacia arriba, pero sin incluir a la fundidora. Si usted es una fundidora o refinadora de 3TG, de acuerdo con los protocolos de RMAP, le recomendamos que ingrese su propio nombre en la pestaña de la lista de fundidoras. Al llenar el formulario, ninguno de los datos de las celdas debe empezar con "=" o "#". | L4: Il presente Modello per la segnalazione dei materiali di conflitto (Conflict Minerals Reporting, CMRT), in seguito “Modello”, è un documento standard e gratuito creato da Responsible Minerals Initiative ® (RMI®). Il Modello semplifica il trasferimento di informazioni della catena di fornitura relative al Paese d’origine del minerale e alle fonderie e raffinerie utilizzate, sostenendo la conformità alle normative*. Il Modello, inoltre, rende più semplice l’individuazione delle nuove fonderie e raffinerie potenzialmente soggette a verifica ai sensi del Responsible Minerals Assurance Process**. Il CMRT è stato concepito per guidare le aziende nella comunicazione delle informazioni relative alle proprie filiere, fino alla fase che precede la fonderia. Se la vostra azienda è una fonderia o raffineria di metalli di conflitto, in base ai protocolli RMAP, vi consigliamo di inserire il vostro nome nel foglio con l’elenco delle fonderie. Nel compilare il Modulo, non inserire mai i caratteri “=” o “#” all’inizio del testo di qualsiasi cella. | M4: Bu İhtilaf Konusu Madenler Raporlama Şablonu (Şablon), Sorumlu Maden Girişimi (RMI) tarafından geliştirilen ücretsiz, standardize bir raporlama şablonudur. Şablon, maden menşe ülkesi ve kullanılmakta olan izabe tesisleri ve rafinericilere ilişkin tedarik zinciri yoluyla bilginin transferini kolaylaştırır ve mevzuata* uyumu destekler. Şablon aynı zamanda Sorumlu Maden Güvence Prosesi** kapsamında denetime tâbi olma olasılığı bulunan yeni izabe tesisleri ve rafinerilerin tanımlanmasını da kolaylaştırmaktadır**. CMRT, izabe tesisini içermeyen satış şirketlerinin tedarik zincirleri hakkındaki bilgileri açıklamaları için satış şirketlerine yönelik olarak tasarlanmıştır. RMAP protokolleri doğrultusunda bir 3TG izabe tesisi veya rafinerici iseniz, izabe tesisi listesi sekmesine kendi adınızı girmenizi öneriyoruz. Form doldurulduğunda, hücre girişlerinin hiçbiri "=" veya "#" ile başlamamalıdır.
A5: =B5&C5 -> InstructionsA4 | B5: Instructions | C5: A4 | D5: * In 2010, the U.S. Dodd-Frank Wall Street Reform and Consumer Protection Act was passed concerning “conflict minerals” originating from the Democratic Republic of the Congo (DRC) or adjoining countries. The SEC published final rules associated with the disclosure of the source of conflict minerals by U.S. publicly traded companies (see the rules at http://www.sec.gov/rules/final/2012/34-67716.pdf). The rules reference the OECD Due Diligence Guidance for Responsible Supply Chains of Minerals from Conflict-Affected and High-Risk Areas, (http://www.oecd.org/daf/inv/mne/GuidanceEdition2.pdf), which guides suppliers to establish policies, due diligence frameworks and management systems. In 2017, Regulation (EU) 2017/821 of the European Parliament and of the European Council of 17 May 2017 was passed concerning supply chain due diligence obligations for Union importers of tin, tantalum and tungsten, their ores, and gold originating from conflict-affected and high-risk areas (see regulation at https://eur-lex.europa.eu/legal-content/EN/TXT/PDF/?uri=OJ:L:2017:130:FULL&from=EN) ** See information on the Responsible Minerals Initiative (www.responsiblemineralsinitiative.org). | E5: * 在 2010年，关注来源于刚果民主共和国 (DRC) 或毗邻国家或地区“冲突矿产”的《多德-弗兰克华尔街金融改革与消费者保护法》(U.S. Dodd-Frank Wall Street Reform and Consumer Protection Act) 正式通过。SEC 公布了最终规则，要求所有美国上市公司披露冲突矿产来源（有关规则，请访问 http://www.sec.gov/rules/final/2012/34-67716.pdf）。该规则参考了“经济合作与发展组织关于来自冲突影响和高风险区域之矿石的负责任供应链尽职调查指南”(http://www.oecd.org/dataoecd/62/30/46740847.pdf)，明确了供应商如何制定政策、尽职框架和管理体系。 ** 有关信息，请参见“负责任矿物计划”(www.responsiblemineralsinitiative.org)。 2017 年，欧洲议会和理事会 2017 年 5 月 17 日第 2017/821 号条例（欧盟）通过，该条例规定了进口源自受 冲突影响和高风险地区的锡、钽和钨及其矿石以及黄金的欧盟进口商的供应链尽职调查义务（请参见 https://eur-lex.europa.eu/legal-content/EN/TXT/PDF/?uri=OJ:L:2017:130:FULL&from=EN） | F5: *2010年に、コンゴ民主共和国(DRC)又は隣接国原産の「紛争鉱物」に関する条項が含まれる、ドッド・フランクウォール街改革及び消費者保護に関する法が可決されました。これを受けて、米国証券取引委員会(SEC)は、米国の株式公開企業を対象とした、紛争鉱物調達先に関する開示規則を発行しました。 （http://www.sec.gov/rules/final/2012/34-67716.pdfの規則を参照してください）この規則は、サプライヤーに方針、デュー・デリジェンスの枠組み及び管理システムの構築に関して指導する「OECD紛争地域及び高リスク地域からの鉱物の責任あるサプライチェーンのためのデュー・デリジェンス・ガイダンス(OECD Due Diligence Guidance for Responsible Supply Chains of Minerals from Conflict-Affected and High-Risk Areas)」（http://www.oecd.org/dataoecd/62/30/46740847.pdf）を参照しています。 2017年に、紛争地域及び高リスク地域を原産とする錫、タンタル、タングステン、それらの鉱石、および金のEU輸入者のサプライチェーンデュー・デリジェンスの義務に関する欧州議会及び欧州理事会規則（EU）2017/821が2017年5月17日付けで可決されました。（規則についてはhttps://eur-lex.europa.eu/legal-content/EN/TXT/PDF/?uri=OJ:L:2017:130:FULL&from=ENを参照してください） ** 責任ある鉱物イニシアチブ（www.responsiblemineralsinitiative.org）の情報を参照してください。 | G5: * 2010년에 콩고 민주공화국(DRC) 또는 인접 국가에서 조달하는 “분쟁 광물”과 관련하여 미국 도드 프랭크 금융개혁 및 소비자 보호법이 통과되었습니다. SEC는 미국 상장 기업이 분쟁 광물 출처를 공개하는 것과 관련된 최종 규칙을 발표하였습니다(http://www.sec.gov/rules/final/2012/34-67716.pdf에 나와 있는 규칙 참고). 이 규칙은 분쟁 및 고위험 지역으로부터의 책임 있는 광물 공급망을 위한 OECD 실사 지침(http://www.oecd.org/daf/inv/mne/GuidanceEdition2.pdf)을 참조하며 이 지침은 공급업체들이 정책, 실사 체계 및 관리 시스템을 확립하도록 안내합니다. 2017년에는 분쟁 및 고위험 지역에서 조달하는 주석, 탄탈륨 및 텅스텐, 이에 해당하는 광석, 금을 수입하는 업체들에 대한 공급망 실사 의무와 관련하여 유럽 의회 및 유럽 이사회 규정(EU) 2017/821(2017년 5월 17일)이 통과되었습니다(https://eur-lex.europa.eu/legal-content/EN/TXT/PDF/?uri=OJ:L:2017:130:FULL&from=EN에 나와 있는 규정 참고). ** Responsible Minerals Initiative(www.responsiblemineralsinitiative.org)에 나와 있는 정보를 참고하십시오. | H5: * En 2010, la loi américaine Dodd-Frank sur la réforme de Wall Street et la protection des consommateurs a été adoptée concernant les « minerais issus de conflits » provenant de la République Démocratique du Congo (RDC) ou des pays voisins. La SEC a publié les règles finales associées à la divulgation de l’origine des minerais issus de conflits par des entreprises américaines cotées en bourse (voir les règles sur le site http://www.sec.gov/rules/final/2012/34-67716.pdf). Les règles font référence aux directives de diligence raisonnable de l’OCDE pour un approvisionnement responsable en minéraux dans les zones touchées par des conflits et à haut risque, (http://www.oecd.org/daf/inv/mne/GuidanceEdition2.pdf), qui guident les fournisseurs pour l’établissement des politiques, des cadres de diligence raisonnable et des systèmes de gestion. En 2017, le Règlement (UE) 2017/821 du Parlement européen et du Conseil européen du 17 mai 2017 a été adopté concernant les obligations de diligence raisonnable de la chaîne d’approvisionnement pour les importateurs d’étain, de tantale et de tungstène de l’Union, de leurs minéraux et de l’or, en provenance des zones touchées par des conflits et à haut risque (voir la réglementation à l’adresse https://eur-lex.europa.eu/legal-content/EN/TXT/PDF/?uri=OJ:L:2017:130:FULL&from=EN) ** Voir les informations sur la Responsible Minerals Initiative (Initiative pour les minerais responsables) (www.responsiblemineralsinitiative.org). | I5: * Em 2010, a Lei Dodd-Frank de Reforma do Mercado Financeiro e Proteção ao Consumidor (Dodd-Frank Wall Street Reform and Consumer Protection Act), dos EUA, foi aprovada em relação a “minerais oriundos de regiões em conflito” da República Democrática do Congo (RDC) ou países adjacentes. A SEC publicou as regras finais associadas à divulgação da fonte de minerais de conflito por empresas de capital aberto dos EUA (consulte as regras em http://www.sec.gov/rules/final/2012/34-67716.pdf). As regras fazem referência à Orientação de Diligência Devida da OCDE para Cadeias de Fornecimento Responsável de Minerais das Áreas Afetadas por Conflitos e de Alto Risco (http://www.oecd.org/daf/inv/mne/GuidanceEdition2.pdf), que orienta os fornecedores a estabelecer políticas, estruturas de diligência devida e sistemas de gestão. Em 2017, a Regulamentação (UE) 2017/821 do Parlamento Europeu e do Conselho Europeu, de 17 de maio de 2017, foi aprovada em relação às obrigações de diligência devida na cadeia de suprimentos para importadores, na UE, de estanho, tântalo e tungstênio, seus minérios e ouro, originários de áreas afetadas por conflitos e de alto risco (consulte a regulamentação em https://eur-lex.europa.eu/legal-content/EN/TXT/PDF/?uri=OJ:L:2017:130:FULL&from=EN) ** Consulte as informações sobre a Iniciativa para Minerais Responsáveis (www.responsiblemineralsinitiative.org). | J5: * 2010 trat das US-amerikanische Dodd-Frank-Gesetz zur Reform der Wall Street und zum Schutz der Verbraucher in Kraft, das Bestimmungen zu „Konfliktmineralien“ enthält, die aus der Demokratischen Republik Kongo (DR Kongo) oder angrenzenden Ländern stammen. Die SEC hat endgültige Regelungen in Bezug auf die Offenlegung der Quellen von Konfliktmineralien durch börsennotierte US-Unternehmen erlassen (siehe diese Regeln unter http://www.sec.gov/rules/final/2012/34-67716.pdf). Die Regeln zitieren die OECD-Leitsätze für die Erfüllung der Sorgfaltspflicht zu verantwortlichen Lieferketten von Mineralien aus von Konflikten betroffenen Gebieten und Hochrisiko-Regionen (http://www.oecd.org/daf/inv/mne/GuidanceEdition2.pdf), die Lieferanten bei der Erarbeitung von Grundsätzen, Rahmenwerken zur Sorgfaltspflicht und Managementsystemen anleiten. 2017 wurde die Verordnung (EU) 2017/821 des Europäischen Parlaments und des Rates vom 17. Mai 2017 bezüglich der Sorgfaltspflicht von Union-Importeuren für Zinn, Tantal und Wolfram, deren Erzen sowie Gold aus von Konflikten betroffenen und risikoreichen Gebieten verabschiedet (s. die Regelung unter https://eur-lex.europa.eu/legal-content/EN/TXT/PDF/?uri=OJ:L:2017:130:FULL&from=EN) ** Siehe die Informationen zur Initiative Responsible Minerals (www.responsiblemineralsinitiative.org). | K5: * En 2010, se aprobó la Ley Dodd-Frank de Reforma de Wall Street y Protección al Consumidor de los EE. UU. sobre “minerales conflictivos” provenientes de la República Democrática del Congo (RDC) o sus países limítrofes. La SEC publicó las reglas finales sobre la divulgación de la fuente de obtención de minerales conflictivos por parte de compañías que cotizan en bolsa de los EE. UU. (consulte las normas en http://www.sec.gov/rules/final/2012/34-67716.pdf). Las reglas hacen referencia a la Guía de Debida Diligencia de la OCDE para Cadenas de Suministro Responsables de Minerales en las Áreas de Conflicto o de Alto Riesgo (http://www.oecd.org/daf/inv/mne/GuidanceEdition2.pdf), que orienta a los proveedores para establecer políticas, marcos de diligencia debida y sistemas de gestión. En 2017, se aprobó el Reglamento (UE) 2017/821 del Parlamento Europeo y del Consejo Europeo del 17 de mayo de 2017 respecto de las obligaciones de diligencia debida en la cadena de suministros para importadores en la UE de estaño, tantalio y tungsteno, sus menas y oro provenientes de áreas afectadas por conflictos y de alto riesgo (consulte la reglamentación en https://eur-lex.europa.eu/legal-content/EN/TXT/PDF/?uri=OJ:L:2017:130:FULL&from=EN) ** Consulte la información en el sitio de Responsible Minerals Initiative (Iniciativa de Minería Responsable) (www.responsiblemineralsinitiative.org). | L5: * Nel 2010, il Dodd-Frank Wall Street Reform and Consumer Protection Act degli Stati Uniti è stato approvato per quanto riguarda i “minerali di conflitto” provenienti dalla Repubblica Democratica del Congo (RDC) o dai Paesi adiacenti. La SEC ha pubblicato le normative finali associate alla divulgazione della provenienza dei minerali di conflitto da parte delle società quotate in borsa degli Stati Uniti (consultare le normative all’indirizzo http://www.sec.gov/rules/final/2012/34-67716.pdf). Le normative fanno riferimento alle Linee guida dell’OCSE sul dovere di diligenza (due diligence) per una catena di approvvigionamento responsabile dei minerali provenienti da zone di conflitto ad alto rischio (http://www.oecd.org/daf/inv/mne/GuidanceEdition2.pdf), che guidano i fornitori nel definire politiche, quadri di due diligence e sistemi di gestione. Nel 2017, il Regolamento (UE) 2017/821 del Parlamento europeo e del Consiglio europeo del 17 maggio 2017 è stato approvato in relazione agli obblighi in materia di dovere di diligenza (due diligence) nella catena di approvvigionamento per gli importatori dell’Unione di stagno, tantalio e tungsteno, dei loro minerali, e di oro, originari di zone di conflitto o ad alto rischio (vedere la normativa su https://eur-lex.europa.eu/legal-content/EN/TXT/PDF/?uri=OJ:L:2017:130:FULL&from=EN) ** Consultare le informazioni sulla Responsible Minerals Initiative (Iniziativa sui materiali responsabili) su www.responsiblemineralsinitiative.org. | M5: * 2010 yılında, Demokratik Kongo Cumhuriyeti (DKC) veya komşu ülkeler kaynaklı “ihtilaf konusu madenler” ile ilgili ABD Dodd-Frank Wall Street Reformu ve Tüketiciyi Koruma Yasası çıkarıldı. SEC, ABD'de halka açık şirketler tarafından ihtilaf konusu madenlerin kaynağının açıklanmasıyla ilgili son kuralları yayınladı (http://www.sec.gov/rules/final/2012/34-67716.pdf adresindeki kurallara bakın). Kurallar, tedarikçilere politikalar, ayrıntılı inceleme çerçeveleri ve yönetim sistemleri oluşturma konusunda rehberlik eden Çatışmadan Etkilenen ve Yüksek Riskli Bölgelerden gelen Madenlerin Sorumlu Tedarik Zincirleri için OECD Ayrıntılı İnceleme Kılavuzu’nu, (http://www.oecd.org/daf/inv/mne/GuidanceEdition2.pdf), kaynak göstermektedir. 2017 yılında, Avrupa Parlamentosu ve Avrupa Konseyi, Birlik ithalatçıları için çatışmadan etkilenen ve yüksek riskli bölgelerden gelen kalay, tantal ve volfram ithalatçılarına, onların cevherlerine ve altınlarına yönelik tedarik zinciri durum ayrıntılı inceleme 17 Mayıs 2017 tarihli (AB) 2017/821 Yönetmeliği’ni geçirdi (bkz. https://eur-lex.europa.eu/legal-content/EN/TXT/PDF/?uri=OJ:L:2017:130:FULL&from=EN) ** Responsible Minerals Initiative (www.responsiblemineralsinitiative.org) ile ilgili bilgilere bakınız.
A6: =B6&C6 -> InstructionsA6 | B6: Instructions | C6: A6 | D6: Instructions for completing Company Information questions (rows 8 - 22). Provide comments in ENGLISH only | E6: 公司信息的填写说明（第 8 至 22 行）。 请仅以英文作答 | F6: 会社情報の記入（8～22行）に関する解説。回答は英語(半角)で入力してください。 | G6: 기업 정보 입력 안내서(8~18줄). 답변은 반드시 영어로 기입해야 합니다. | H6: Instructions pour compléter les informations relatives à votre entreprise (lignes 8 - 22). Merci de répondre en anglais uniquement. | I6: Instruções para completar as questões relativas às informações da Empresa (linhas 8-22). Favor fornecer comentários apenas em Inglês. | J6: Anleitung zum Ausfüllen von Informationen zu Unternehmen (Zeilen 8 - 22). Die Kommentare nur in englischer Sprache. | K6: Instrucciones para completar las preguntas de la información de la compañía (renglones 8-22). Provea comentarios en INGLES solamente. | L6: Istruzioni per il completamento della sezione INFORMAZIONI SULL'AZIENDA (righe 8-22). Siete pregati di rispondere unicamente in Inglese. | M6: Şirket Bilgi sorularının yanıtlanması için talimatlar (8 ila 22 arası satırlar). Açıklamaları yalnızca İNGİLİZCE olarak yapın
A7: =B7&C7 -> InstructionsA7 | B7: Instructions | C7: A7 | D7: Note: Entries with (*) are mandatory fields. | E7: 注：带星号 (*) 的字段为必填。 | F7: 注：(*)のある欄は回答必須項目です。 | G7: *표는 반드시 입력하여야 합니다. | H7: Remarque : les astérisques (*) marquent des champs obligatoires | I7: Nota: Campos sinalizados com *, são campos de preenchimento obrigatório. | J7: Hinweis: Eingaben mit (*) sind Pflichtfelder | K7: Nota: Datos con (*) son campos obligatorios. | L7: Note: i campi con asterisco (*) sono a risposta obbligatoria | M7: Not: (*) ile işaretlenmiş alanların doldurulması zorunludur.
A8: =B8&C8 -> InstructionsA8 | B8: Instructions | C8: A8 | D8: 1. Insert your company's Legal Name. Please do not use abbreviations. In this field you have the option to add other commercial names, DBAs, etc. | E8: 1. 插入贵公司的法定名称。请勿使用缩写。在此字段中，您可以选择添加其他商业名称、营业名称等。 | F8: 1. 貴社の正式名称を記入してください。省略形は使わないでください。このフィールドでは、他の社名やDBAなどを追加することができます。 | G8: 1. 귀사의 법적인 공식 명칭을 기입하십시오. 축약된 명칭을 기입하면 안됩니다. 이 필드에는 다른 상업명, DBA 등을 추가할 수 있는 옵션이 있습니다. | H8: 1. Insérez la dénomination sociale de votre société. Merci de ne pas utiliser d’abréviations. Dans ce champ, vous avez la possibilité d’ajouter d’autres noms commerciaux, raisons sociales, etc. | I8: 1. Insira a razão/denominação social da empresa. Não use abreviaturas. Neste campo você tem a opção de adicionar outros nomes comerciais, DBAs, etc. | J8: 1. Geben Sie hier den rechtmäßigen Firmennamen Ihres Unternehmens ein. Bitte verwenden Sie keine Abkürzungen. In diesem Feld haben Sie die Möglichkeit, weitere Geschäftsnamen, DBAs usw. hinzuzufügen. | K8: 1. Ingrese la razón social de su compañía. No utilice abreviaturas. En este campo tiene la opción de agregar otros nombres comerciales, nombres alternos, etc. | L8: 1. Inserire la denominazione legale dell’Azienda. Si prega di non utilizzare abbreviazioni. In questo campo è possibile aggiungere altri nomi commerciali, DBA, ecc. | M8: 1. Şirketinizin Yasal Adını girin. Lütfen kısaltma kullanmayın. Bu alanda diğer ticari adları, DBA’ları, vb. ekleme seçeneğine sahip olacaksınız.
